Workbook
Name ChK_Tol: InpR!$F$117

Sheet Cover
A1: =RIGHT(CELL("filename", $A$1), LEN(CELL("filename", $A$1)) - SEARCH("]", CELL("filename", $A$1))) -> Cover
A3: Workbook title: | B3: RPI-CPIH wedge true up
A4: Version: | B4: 5
A5: Filename: | B5: RPI-CPIH-wedge-true-up-model-Dec-2020-v5.xlsx
A6: Date: | B6: 44167
A7: Author: | B7: Ofwat
A8: Author contact information: | B8: OfwatPandO@ofwat.gov.uk
A11: Summary of workbook: | B11: This model performs the true up for differences between actual and forecast RPI-CPIH wedge.
B12: It isolates the effect of variances in the wedge, calculates adjustments to correct for the variance in the wedge, converts the adjustments from nominal to real terms and applies the time
B13: value of money adjustment to the revenue adjustment.
A15: Known limitations:
A17: Instructions:
A19: Amendments:
A20: Changes since February 2020 version
A21: Calc | B21: K calculations removed. Linked 'Actual nominal revenue' to 'Total Forecast revenue to company' on row 53.
A22: InpC, InpR, Calcs, Adjustments, Style Guide, ToC, Checks | B22: Flattened the structure of the workbook. Included separate calculation sheets for each price control. Added adjustments for each price control to 'Adjustments' sheet. Moved items from 'InpC' sheet to 'InpR' sheet. Removed 'InpC' and 'Track' sheets. Updated 'Cover', 'Style Guide', 'ToC' and 'Checks' sheets.
A24: Changes since March 2018 version
A25: 'InpR' Rows 9 to 67 | B25: New input lines for RPI, CPIH index values, financing cost index and Real CPIH based WACC.
A26: 'InpR' Rows 71 to 94 | B26: Removed items made redundant by new input lines and the new 'Index' sheet.
A27: 'Index' | B27: New sheet to calculate indexation factors.
A28: 'Calcs' | B28: Relinked to new 'Index' sheet where previously linked to items removed from 'InpR'.
A29: 'Calcs' Rows 189 to 245 | B29: Include calculations to express values in real terms and apply time value of money adjustment on the revenue adjustments for run-off and return.
A31: Changes since December 2017 version
A32: 'InpC' 34 & 36 | B32: Actual and True up nominal RCV inputs have been amended to be formula driven to equal Forecast nominal RCV.
A33: 'Calc' 118 | B33: Label has been amended from 'Actual RCV balance' to 'Actual average RCV balance'.
A34: 'Calc' 51 | B34: Forecast nominal return calculation has been amended to only calculate during the forecast period
A35: 'Calc' 124 | B35: Nominal return company should have received calculation has been amended to only calculate during the forecast period
A36: 'Calc' 179 | B36: True up nominal return calculation has been amended to only calculate during the forecast period
A39: References:
B40: Forecast RPI and CPIH index values included in the final determination
B41: Actual RPI and CPIH index values published by ONS
B42: Opening RPI-indexed RCV as at 1 April 2020 expressed in forecast nominal terms in the final determination
B43: RCV run-off rate included in final determination
B44: Real RPI based WACC for wholesale included in final determination
B45: Real CPIH based WACC for wholesale included in final determination
A48: Error Checks: | C48: RAG status / Variance
B49: Error check status | C49: =Checks!$F$9 -> 0
A51: END OF SHEET

Sheet Style Guide
A1: =RIGHT(CELL("filename", $A$1), LEN(CELL("filename", $A$1)) - SEARCH("]", CELL("filename", $A$1))) -> Style Guide
A4: SHEET TABS
E6: Light Yellow | G6: Input sheets
E8: No colour (default Excel tab colour) | G8: Calculation and documentation sheets
E10: Pale Blue | G10: Key output sheets
E12: Turquoise | G12: Quality control sheets
E14: Yellow | G14: To be completed, temporary, restructured, or deleted
A17: COLOUR
B19: Font colour only
E20: Blue font | G20: Imported from another sheet
E22: Red font | G22: Exported to another sheet (except from Input sheets)
E24: Black font | G24: Within sheet link or calculation
B26: Font + shade combinations
E27: Black font + Light Yellow shade | G27: Inputs
E29: Black font + Light Grey shade on entire row | G29: Within-worksheet counter-flow
E31: Blue font + Light Grey shade on entire row | G31: Between-worksheet counter-flow
E33: Empty Cell with Light Grey shade | G33: Empty cells being deliberately referenced
B35: Other
E36: Black font + Pale Blue shade on entire row | G36: Section separator
E38: Light Turquoise shade | G38: Stored/dead/hard coded outputs
E40: Tan shade | G40: Pre-model time line actuals
E42: Yellow shade | G42: Work in progress / temporary
E44: Lime shade | G44: Values or logic to be reviewed
B46: Error checks & alerts
E47: Green shade | G47: OK
E49: Red shade | G49: Error
E51: Gold shade | G51: Alert
A54: ABBREVIATIONS
E56: chks | G56: Checks
E57: £ | G57: Great Britain Pound
E58: IRE | G58: Infrastructure renewal expenditure
E59: incl | G59: Including
E60: m | G60: Million
E61: WACC | G61: Weighted average cost of capital
A64: END

Sheet ToC
A1: =RIGHT(CELL("filename", $A$1), LEN(CELL("filename", $A$1)) - SEARCH("]", CELL("filename", $A$1))) -> ToC
B3: ASSUMPTIONS | D3: CALCULATIONS | F3: OUTPUTS | H3: Quality Control
B5: =Cover!$A$1 -> Cover | D5: =Time!A$1 -> Time | F5: =Adjustments!$A$1 -> Adjustments | H5: =Checks!$A$1 -> Checks
B6: Model documentation sheet | D6: Flags, part period factors (PPFs) and dates | F6: Key outputs | H6: Checks
B8: ='Style Guide'!$A$1 -> Style Guide | D8: =Index!$A$1 -> Index
B9: Explanation of different formatting types | D9: RPI and CPIH indexation
B11: =$A$1 -> ToC | D11: ='Calcs-WR'!$A$1 -> Calcs-WR
B12: Table of contents | D12: Calculation of true up - Water Resources
B14: =InpR!$A$1 -> InpR | D14: ='Calcs-WN'!$A$1 -> Calcs-WN
B15: Inputs - row format | D15: Calculation of true up - Water Network
D17: ='Calcs-WWN'!$A$1 -> Calcs-WWN
D18: Calculation of true up - Wastewater Network
D20: ='Calcs-BR'!$A$1 -> Calcs-BR
D21: Calculation of true up - Bio Resources
D23: ='Calcs-DMMY'!$A$1 -> Calcs-DMMY
D24: Calculation of true up - Dummy Control
A29: END

Sheet InpR
A1: =RIGHT(CELL("filename", $A$1), LEN(CELL("filename", $A$1)) - SEARCH("]", CELL("filename", $A$1))) -> InpR
E2: =Time!E$22 -> Model Period BEG | F2: =Checks!$F$9 -> 0 | G2: Error chks | J2: =Time!J$22 -> 42826 | K2: =Time!K$22 -> 43191 | L2: =Time!L$22 -> 43556 | M2: =Time!M$22 -> 43922 | N2: =Time!N$22 -> 44287 | O2: =Time!O$22 -> 44652 | P2: =Time!P$22 -> 45017 | Q2: =Time!Q$22 -> 45383 | R2: =Time!R$22 -> 45748
E3: =Time!E$23 -> Model Period END | J3: =Time!J$23 -> 43190 | K3: =Time!K$23 -> 43555 | L3: =Time!L$23 -> 43921 | M3: =Time!M$23 -> 44286 | N3: =Time!N$23 -> 44651 | O3: =Time!O$23 -> 45016 | P3: =Time!P$23 -> 45382 | Q3: =Time!Q$23 -> 45747 | R3: =Time!R$23 -> 46112
J4: =Time!J$59 -> Pre Fcst | K4: =Time!K$59 -> Pre Fcst | L4: =Time!L$59 -> Pre Fcst | M4: =Time!M$59 -> Forecast | N4: =Time!N$59 -> Forecast | O4: =Time!O$59 -> Forecast | P4: =Time!P$59 -> Forecast | Q4: =Time!Q$59 -> Forecast | R4: =Time!R$59 -> Post-Fcst
E5: =Time!E$86 -> Financial Year Ending | J5: =Time!J$86 -> 2018 | K5: =Time!K$86 -> 2019 | L5: =Time!L$86 -> 2020 | M5: =Time!M$86 -> 2021 | N5: =Time!N$86 -> 2022 | O5: =Time!O$86 -> 2023 | P5: =Time!P$86 -> 2024 | Q5: =Time!Q$86 -> 2025 | R5: =Time!R$86 -> 2026
E6: =Time!E$11 -> Model column counter | J6: =Time!J$11 -> 1 | K6: =Time!K$11 -> 2 | L6: =Time!L$11 -> 3 | M6: =Time!M$11 -> 4 | N6: =Time!N$11 -> 5 | O6: =Time!O$11 -> 6 | P6: =Time!P$11 -> 7 | Q6: =Time!Q$11 -> 8 | R6: =Time!R$11 -> 9
F7: Constant | G7: Unit | H7: Total | I7: Data sourced from:
A9: TIME
E11: First date of time ruler | F11: 42826 | G11: date
E13: Last Pre Forecast Date | F13: 43921 | G13: date
E15: Acquisition date (midnight) | F15: 43921 | G15: date
E16: Length of forecast period | F16: 5 | G16: years
E17: Last forecast date | F17: =DATE(YEAR(F15)+F16,MONTH(F15),DAY(F15)) -> 45747 | G17: date
E20: Operation Start Date (midnight) | F20: 44286 | G20: date
E21: Operation Finish Date (midnight) | F21: 45747 | G21: date
E22: First Modelling Column Financial Year Number | F22: 2018 | G22: year
E23: Financial Year End Month Number | F23: 3 | G23: month #
A25: FINAL DETERMINATION ASSUMPTIONS
B26: RPI - final determination
E27: RPI: April - index - final determination | G27: index | I27: PR19 Financial model, 'Index' sheet row 131 | K27: 279.7 | L27: 288.2 | M27: 296.81994 | N27: 305.32865 | O27: 314.69193 | P27: 324.76208 | Q27: 335.15446 | R27: 345.2091
E28: RPI: May - index - final determination | G28: index | I28: PR19 Financial model, 'Index' sheet row 132 | K28: 280.7 | L28: 289.2 | M28: 297.50379 | N28: 306.08168 | O28: 315.51905 | P28: 325.61566 | Q28: 336.03536 | R28: 346.11642
E29: RPI: June - index - final determination | G29: index | I29: PR19 Financial model, 'Index' sheet row 133 | K29: 281.5 | L29: 289.6 | M29: 298.18921 | N29: 306.83656 | O29: 316.34834 | P29: 326.47149 | Q29: 336.91858 | R29: 347.02613
E30: RPI: July - index - final determination | G30: index | I30: PR19 Financial model, 'Index' sheet row 134 | K30: 281.7 | L30: 289.5 | M30: 298.87622 | N30: 307.5933 | O30: 317.17981 | P30: 327.32957 | Q30: 337.80411 | R30: 347.93823
E31: RPI: August - index - final determination | G31: index | I31: PR19 Financial model, 'Index' sheet row 135 | K31: 284.2 | L31: 291.5 | M31: 299.5648 | N31: 308.35191 | O31: 318.01347 | P31: 328.1899 | Q31: 338.69197 | R31: 348.85273
E32: RPI: September - index - final determination | G32: index | I32: PR19 Financial model, 'Index' sheet row 136 | K32: 284.1 | L32: 292.1479 | M32: 300.25497 | N32: 309.11239 | O32: 318.84931 | P32: 329.05249 | Q32: 339.58217 | R32: 349.76964
E33: RPI: October - index - final determination | G33: index | I33: PR19 Financial model, 'Index' sheet row 137 | K33: 284.5 | L33: 292.79723 | M33: 300.94673 | N33: 309.87474 | O33: 319.68736 | P33: 329.91735 | Q33: 340.47471 | R33: 350.68895
E34: RPI: November - index - final determination | G34: index | I34: PR19 Financial model, 'Index' sheet row 138 | K34: 284.6 | L34: 293.44801 | M34: 301.64009 | N34: 310.63897 | O34: 320.5276 | P34: 330.78449 | Q34: 341.36959 | R34: 351.61068
E35: RPI: December - index - final determination | G35: index | I35: PR19 Financial model, 'Index' sheet row 139 | K35: 285.6 | L35: 294.10024 | M35: 302.33504 | N35: 311.40509 | O35: 321.37006 | P35: 331.6539 | Q35: 342.26682 | R35: 352.53483
E36: RPI: January - index - final determination | G36: index | I36: PR19 Financial model, 'Index' sheet row 140 | K36: 283 | L36: 294.77782 | M36: 303.08068 | N36: 312.22357 | O36: 322.21473 | P36: 332.5256 | Q36: 343.16642 | R36: 353.46141
E37: RPI: February - index - final determination | G37: index | I37: PR19 Financial model, 'Index' sheet row 141 | K37: 285 | L37: 295.45696 | M37: 303.82816 | N37: 313.0442 | O37: 323.06162 | P37: 333.39959 | Q37: 344.06837 | R37: 354.39042
E38: RPI: March - index - final determination | G38: index | I38: PR19 Financial model, 'Index' sheet row 142 | K38: 285.1 | L38: 296.13767 | M38: 304.57748 | N38: 313.86699 | O38: 323.91073 | P38: 334.27587 | Q38: 344.9727 | R38: 355.32188
B40: CPI(H) - final determination
E41: CPI(H): April - index - final determination | G41: index | I41: PR19 Financial model, 'Index' sheet F59 and 'Index' sheet row 10 | J41: 103.2 | K41: 105.5 | L41: 107.6 | M41: 109.70335 | N41: 111.89742 | O41: 114.17266 | P41: 116.57028 | Q41: 119.01826 | R41: 121.39862
E42: CPI(H): May - index - final determination | G42: index | I42: PR19 Financial model, 'Index' sheet F60 and 'Index' sheet row 11 | J42: 103.5 | K42: 105.9 | L42: 107.9 | M42: 109.88454 | N42: 112.08223 | O42: 114.37056 | P42: 116.77234 | Q42: 119.22456 | R42: 121.60905
E43: CPI(H): June - index - final determination | G43: index | I43: PR19 Financial model, 'Index' sheet F61 and 'Index' sheet row 12 | J43: 103.5 | K43: 105.9 | L43: 107.9 | M43: 110.06602 | N43: 112.26734 | O43: 114.56881 | P43: 116.97475 | Q43: 119.43122 | R43: 121.81985
E44: CPI(H): July - index - final determination | G44: index | I44: PR19 Financial model, 'Index' sheet F62 and 'Index' sheet row 13 | J44: 103.5 | K44: 105.9 | L44: 108 | M44: 110.2478 | N44: 112.45276 | O44: 114.7674 | P44: 117.17752 | Q44: 119.63824 | R44: 122.03101
E45: CPI(H): August - index - final determination | G45: index | I45: PR19 Financial model, 'Index' sheet F63 and 'Index' sheet row 14 | J45: 104 | K45: 106.5 | L45: 108.3 | M45: 110.42989 | N45: 112.63849 | O45: 114.96634 | P45: 117.38063 | Q45: 119.84562 | R45: 122.24253
E46: CPI(H): September - index - final determination | G46: index | I46: PR19 Financial model, 'Index' sheet F64 and 'Index' sheet row 15 | J46: 104.3 | K46: 106.6 | L46: 108.47 | M46: 110.61227 | N46: 112.82452 | O46: 115.16562 | P46: 117.58409 | Q46: 120.05336 | R46: 122.45443
E47: CPI(H): October - index - final determination | G47: index | I47: PR19 Financial model, 'Index' sheet F65 and 'Index' sheet row 16 | J47: 104.4 | K47: 106.7 | L47: 108.64027 | M47: 110.79496 | N47: 113.01086 | O47: 115.36524 | P47: 117.78791 | Q47: 120.26146 | R47: 122.66669
E48: CPI(H): November - index - final determination | G48: index | I48: PR19 Financial model, 'Index' sheet F66 and 'Index' sheet row 17 | J48: 104.7 | K48: 106.9 | L48: 108.8108 | M48: 110.97794 | N48: 113.1975 | O48: 115.56521 | P48: 117.99208 | Q48: 120.46992 | R48: 122.87931
E49: CPI(H): December - index - final determination | G49: index | I49: PR19 Financial model, 'Index' sheet F67 and 'Index' sheet row 18 | J49: 105 | K49: 107.1 | L49: 108.9816 | M49: 111.16123 | N49: 113.38446 | O49: 115.76553 | P49: 118.19661 | Q49: 120.67874 | R49: 123.09231
E50: CPI(H): January - index - final determination | G50: index | I50: PR19 Financial model, 'Index' sheet F68 and 'Index' sheet row 19 | J50: 104.5 | K50: 106.4 | L50: 109.16159 | M50: 111.34483 | N50: 113.581 | O50: 115.9662 | P50: 118.40149 | Q50: 120.88792 | R50: 123.30568
E51: CPI(H): February - index - final determination | G51: index | I51: PR19 Financial model, 'Index' sheet F69 and 'Index' sheet row 20 | J51: 104.9 | K51: 106.8 | L51: 109.34188 | M51: 111.52872 | N51: 113.77788 | O51: 116.16721 | P51: 118.60672 | Q51: 121.09746 | R51: 123.51941
E52: CPI(H): March - index - final determination | G52: index | I52: PR19 Financial model, 'Index' sheet F70 and 'Index' sheet row 21 | J52: 105.1 | K52: 107 | L52: 109.52247 | M52: 111.71292 | N52: 113.9751 | O52: 116.36857 | P52: 118.81231 | Q52: 121.30737 | R52: 123.73352
A54: OUTTURN INFLATION
B55: RPI - outturn
E56: RPI: April - index - actual (including forecast) | G56: index | I56: ONS, RPI All Items Index: Jan 1987=100 | K56: =K27 -> 279.7 | L56: 288.2 | M56: 292.6
E57: RPI: May - index - actual (including forecast) | G57: index | I57: ONS, RPI All Items Index: Jan 1987=100 | K57: =K28 -> 280.7 | L57: 289.2 | M57: 292.2
E58: RPI: June - index - actual (including forecast) | G58: index | I58: ONS, RPI All Items Index: Jan 1987=100 | K58: =K29 -> 281.5 | L58: 289.6 | M58: 292.7
E59: RPI: July - index - actual (including forecast) | G59: index | I59: ONS, RPI All Items Index: Jan 1987=100 | K59: =K30 -> 281.7 | L59: 289.5 | M59: 294.2
E60: RPI: August - index - actual (including forecast) | G60: index | I60: ONS, RPI All Items Index: Jan 1987=100 | K60: =K31 -> 284.2 | L60: 291.7 | M60: 293.3
E61: RPI: September - index - actual (including forecast) | G61: index | I61: ONS, RPI All Items Index: Jan 1987=100 | K61: =K32 -> 284.1 | L61: 291 | M61: 294.3
E62: RPI: October - index - actual (including forecast) | G62: index | I62: ONS, RPI All Items Index: Jan 1987=100 | K62: =K33 -> 284.5 | L62: 290.4 | M62: 294.3
E63: RPI: November - index - actual (including forecast) | G63: index | I63: ONS, RPI All Items Index: Jan 1987=100 | K63: =K34 -> 284.6 | L63: 291
E64: RPI: December - index - actual (including forecast) | G64: index | I64: ONS, RPI All Items Index: Jan 1987=100 | K64: =K35 -> 285.6 | L64: 291.9
E65: RPI: January - index - actual (including forecast) | G65: index | I65: ONS, RPI All Items Index: Jan 1987=100 | K65: =K36 -> 283 | L65: 290.6
E66: RPI: February - index - actual (including forecast) | G66: index | I66: ONS, RPI All Items Index: Jan 1987=100 | K66: =K37 -> 285 | L66: 292
E67: RPI: March - index - actual (including forecast) | G67: index | I67: ONS, RPI All Items Index: Jan 1987=100 | K67: =K38 -> 285.1 | L67: 292.6
B69: CPI(H) - outturn
E70: CPI(H): April - index - actual (including forecast) | G70: index | I70: ONS, CPIH INDEX 00: ALL ITEMS 2015=100 | J70: =J41 -> 103.2 | K70: =K41 -> 105.5 | L70: 107.6 | M70: 108.6
E71: CPI(H): May - index - actual (including forecast) | G71: index | I71: ONS, CPIH INDEX 00: ALL ITEMS 2015=100 | J71: =J42 -> 103.5 | K71: =K42 -> 105.9 | L71: 107.9 | M71: 108.6
E72: CPI(H): June - index - actual (including forecast) | G72: index | I72: ONS, CPIH INDEX 00: ALL ITEMS 2015=100 | J72: =J43 -> 103.5 | K72: =K43 -> 105.9 | L72: 107.9 | M72: 108.8
E73: CPI(H): July - index - actual (including forecast) | G73: index | I73: ONS, CPIH INDEX 00: ALL ITEMS 2015=100 | J73: =J44 -> 103.5 | K73: =K44 -> 105.9 | L73: 108 | M73: 109.2
E74: CPI(H): August - index - actual (including forecast) | G74: index | I74: ONS, CPIH INDEX 00: ALL ITEMS 2015=100 | J74: =J45 -> 104 | K74: =K45 -> 106.5 | L74: 108.3 | M74: 108.8
E75: CPI(H): September - index - actual (including forecast) | G75: index | I75: ONS, CPIH INDEX 00: ALL ITEMS 2015=100 | J75: =J46 -> 104.3 | K75: =K46 -> 106.6 | L75: 108.4 | M75: 109.2
E76: CPI(H): October - index - actual (including forecast) | G76: index | I76: ONS, CPIH INDEX 00: ALL ITEMS 2015=100 | J76: =J47 -> 104.4 | K76: =K47 -> 106.7 | L76: 108.3 | M76: 109.2
E77: CPI(H): November - index - actual (including forecast) | G77: index | I77: ONS, CPIH INDEX 00: ALL ITEMS 2015=100 | J77: =J48 -> 104.7 | K77: =K48 -> 106.9 | L77: 108.5
E78: CPI(H): December - index - actual (including forecast) | G78: index | I78: ONS, CPIH INDEX 00: ALL ITEMS 2015=100 | J78: =J49 -> 105 | K78: =K49 -> 107.1 | L78: 108.5
E79: CPI(H): January - index - actual (including forecast) | G79: index | I79: ONS, CPIH INDEX 00: ALL ITEMS 2015=100 | J79: =J50 -> 104.5 | K79: =K50 -> 106.4 | L79: 108.3
E80: CPI(H): February - index - actual (including forecast) | G80: index | I80: ONS, CPIH INDEX 00: ALL ITEMS 2015=100 | J80: =J51 -> 104.9 | K80: =K51 -> 106.8 | L80: 108.6
E81: CPI(H): March - index - actual (including forecast) | G81: index | I81: ONS, CPIH INDEX 00: ALL ITEMS 2015=100 | J81: =J52 -> 105.1 | K81: =K52 -> 107 | L81: 108.6
E83: Financing cost index | G83: index | M83: 4 | N83: 3 | O83: 2 | P83: 1 | Q83: 0
A85: COMPANY-SPECIFIC INPUTS
B86: 2020 RCV RPI inflated - initial balance - nominal
E87: RCV - CPI(H) + RPI wedge initial balance - nominal - WR | G87: £m | I87: PR19 Financial model, 'RCV balance summary' sheet cell K23
E88: RCV - CPI(H) + RPI wedge initial balance - nominal - WN | G88: £m | I88: PR19 Financial model, 'RCV balance summary' sheet cell K93
E89: RCV - CPI(H) + RPI wedge initial balance - nominal - WWN | G89: £m | I89: PR19 Financial model, 'RCV balance summary' sheet cell K163
E90: RCV - CPI(H) + RPI wedge initial balance - nominal - BR | G90: £m | I90: PR19 Financial model, 'RCV balance summary' sheet cell K233
E91: RCV - CPI(H) + RPI wedge initial balance - nominal - DMMY | G91: £m | I91: PR19 Financial model, 'RCV balance summary' sheet cell K303
B93: 2020 RCV RPI inflated - run-off rate
E94: Run-off rate - CPI(H) + RPI wedge - active - WR | G94: % | I94: PR19 Financial model, 'F_OutputsMaster' sheet row 953, PR19FM2090POST
E95: Run-off rate - CPI(H) + RPI wedge - active - WN | G95: % | I95: PR19 Financial model, 'F_OutputsMaster' sheet row 956, PR19FM2093POST
E96: Run-off rate - CPI(H) + RPI wedge - active - WWN | G96: % | I96: PR19 Financial model, 'F_OutputsMaster' sheet row 959, PR19FM2096POST
E97: Run-off rate - CPI(H) + RPI wedge - active - BR | G97: % | I97: PR19 Financial model, 'F_OutputsMaster' sheet row 962, PR19FM2099POST
E98: Run-off rate - CPI(H) + RPI wedge - active - DMMY | G98: % | I98: PR19 Financial model, 'F_OutputsMaster' sheet row 966, PR19FM2103POST
B100: Real RPI based wholesale WACC
E101: WACC on RCV - CPI(H) + RPI wedge bf and additions - WR | G101: % | I101: PR19 Financial model, 'Water Resources' sheet row 980 | T101: 0.029195764 | U101: 0.029195764 | V101: 0.029195764 | W101: 0.029195764 | X101: 0.029195764 | Y101: 0.029195764 | Z101: 0.029195764
E102: WACC on RCV - CPI(H) + RPI wedge bf and additions - WN | G102: % | I102: PR19 Financial model, 'Water Network' sheet row 980
E103: WACC on RCV - CPI(H) + RPI wedge bf and additions - WWN | G103: % | I103: PR19 Financial model, 'Wastewater Network' sheet row 980
E104: WACC on RCV - CPI(H) + RPI wedge bf and additions - BR | G104: % | I104: PR19 Financial model, 'Bio Resources' sheet row 980
E105: WACC on RCV - CPI(H) + RPI wedge bf and additions - DMMY | G105: % | I105: PR19 Financial model, 'Dummy Control' sheet row 980
B107: Real CPIH based wholesale WACC
E108: WACC real on RCV - CPI(H) bf and additions - WR | G108: % | I108: PR19 Financial model, 'Water Resources' sheet row 860 | T108: 0.029195764 | U108: 0.029195764 | V108: 0.029195764 | W108: 0.029195764 | X108: 0.029195764 | Y108: 0.029195764 | Z108: 0.029195764
E109: WACC real on RCV - CPI(H) bf and additions - WN | G109: % | I109: PR19 Financial model, 'Water Network' sheet row 860
E110: WACC real on RCV - CPI(H) bf and additions - WWN | G110: % | I110: PR19 Financial model, 'Wastewater Network' sheet row 860
E111: WACC real on RCV - CPI(H) bf and additions - BR | G111: % | I111: PR19 Financial model, 'Bio Resources' sheet row 860
E112: WACC real on RCV - CPI(H) bf and additions - DMMY | G112: % | I112: PR19 Financial model, 'Dummy Control' sheet row 860
A114: NON CHANGEABLE INPUTS
B116: Model Tolerance
E117: Model Check Tolerance Level | F117: 0.001 | G117: tolerance
...

Sheet Time
A1: =RIGHT(CELL("filename", $A$1), LEN(CELL("filename", $A$1)) - SEARCH("]", CELL("filename", $A$1))) -> Time
E2: =Time!E$23 -> Model Period END | F2: =Checks!$F$9 -> 0 | G2: Error chks | J2: =Time!J$23 -> 43190 | K2: =Time!K$23 -> 43555 | L2: =Time!L$23 -> 43921 | M2: =Time!M$23 -> 44286 | N2: =Time!N$23 -> 44651 | O2: =Time!O$23 -> 45016 | P2: =Time!P$23 -> 45382 | Q2: =Time!Q$23 -> 45747 | R2: =Time!R$23 -> 46112
E3: =Time!E$59 -> Pre Forecast vs Forecast | J3: =Time!J$59 -> Pre Fcst | K3: =Time!K$59 -> Pre Fcst | L3: =Time!L$59 -> Pre Fcst | M3: =Time!M$59 -> Forecast | N3: =Time!N$59 -> Forecast | O3: =Time!O$59 -> Forecast | P3: =Time!P$59 -> Forecast | Q3: =Time!Q$59 -> Forecast | R3: =Time!R$59 -> Post-Fcst
J4: =Time!J$86 -> 2018 | K4: =Time!K$86 -> 2019 | L4: =Time!L$86 -> 2020 | M4: =Time!M$86 -> 2021 | N4: =Time!N$86 -> 2022 | O4: =Time!O$86 -> 2023 | P4: =Time!P$86 -> 2024 | Q4: =Time!Q$86 -> 2025 | R4: =Time!R$86 -> 2026
E6: =Time!E$11 -> Model column counter | F6: Constant | G6: Unit | H6: Total | J6: =Time!J$11 -> 1 | K6: =Time!K$11 -> 2 | L6: =Time!L$11 -> 3 | M6: =Time!M$11 -> 4 | N6: =Time!N$11 -> 5 | O6: =Time!O$11 -> 6 | P6: =Time!P$11 -> 7 | Q6: =Time!Q$11 -> 8 | R6: =Time!R$11 -> 9
A8: MODEL PERIOD
B10: Model Column Counter
E11: Model column counter | G11: counter | J11: =I11 + 1 -> 1 | K11: =J11 + 1 -> 2 | L11: =K11 + 1 -> 3 | M11: =L11 + 1 -> 4 | N11: =M11 + 1 -> 5 | O11: =N11 + 1 -> 6 | P11: =O11 + 1 -> 7 | Q11: =P11 + 1 -> 8 | R11: =Q11 + 1 -> 9
E12: Model Column Total | F12: =MAX(J11:BZ11) -> 9 | G12: column
E14: =E$11 -> Model column counter | F14: =F$11 -> 0 | G14: =G$11 -> counter | H14: =H$11 -> 0 | I14: =I$11 -> 0 | J14: =J$11 -> 1 | K14: =K$11 -> 2 | L14: =L$11 -> 3 | ... R14: =R$11 -> 9
E15: First model column flag | G15: flag | H15: =SUM(J15:BZ15) -> 1 | J15: =IF( J14 = 1, 1, 0) -> 1 | K15: =IF( K14 = 1, 1, 0) -> 0 | L15: =IF( L14 = 1, 1, 0) -> 0 | M15: =IF( M14 = 1, 1, 0) -> 0 | N15: =IF( N14 = 1, 1, 0) -> 0 | O15: =IF( O14 = 1, 1, 0) -> 0 | P15: =IF( P14 = 1, 1, 0) -> 0 | Q15: =IF( Q14 = 1, 1, 0) -> 0 | R15: =IF( R14 = 1, 1, 0) -> 0
E17: =InpR!E$11 -> First date of time ruler | F17: =InpR!F$11 -> 42826 | G17: =InpR!G$11 -> date
E18: First model period BEG | F18: =DATE(YEAR(F17), MONTH(F17), 1) -> 42826 | G18: month
E20: =E$18 -> First model period BEG | F20: =F$18 -> 42826 | G20: =G$18 -> month
E21: =E$15 -> First model column flag | F21: =F$15 -> 0 | G21: =G$15 -> flag | H21: =H$15 -> 1 | I21: =I$15 -> 0 | J21: =J$15 -> 1 | K21: =K$15 -> 0 | L21: =L$15 -> 0 | ... R21: =R$15 -> 0
E22: Model Period BEG | G22: date | J22: =IF( J21 = 1, $F20, I23 + 1) -> 42826 | K22: =IF( K21 = 1, $F20, J23 + 1) -> 43191 | L22: =IF( L21 = 1, $F20, K23 + 1) -> 43556 | M22: =IF( M21 = 1, $F20, L23 + 1) -> 43922 | N22: =IF( N21 = 1, $F20, M23 + 1) -> 44287 | O22: =IF( O21 = 1, $F20, N23 + 1) -> 44652 | P22: =IF( P21 = 1, $F20, O23 + 1) -> 45017 | Q22: =IF( Q21 = 1, $F20, P23 + 1) -> 45383 | R22: =IF( R21 = 1, $F20, Q23 + 1) -> 45748
E23: Model Period END | G23: date | J23: =DATE(YEAR(J22), MONTH(J22) + 12, DAY(1) - 1) -> 43190 | K23: =DATE(YEAR(K22), MONTH(K22) + 12, DAY(1) - 1) -> 43555 | L23: =DATE(YEAR(L22), MONTH(L22) + 12, DAY(1) - 1) -> 43921 | M23: =DATE(YEAR(M22), MONTH(M22) + 12, DAY(1) - 1) -> 44286 | N23: =DATE(YEAR(N22), MONTH(N22) + 12, DAY(1) - 1) -> 44651 | O23: =DATE(YEAR(O22), MONTH(O22) + 12, DAY(1) - 1) -> 45016 | P23: =DATE(YEAR(P22), MONTH(P22) + 12, DAY(1) - 1) -> 45382 | Q23: =DATE(YEAR(Q22), MONTH(Q22) + 12, DAY(1) - 1) -> 45747 | R23: =DATE(YEAR(R22), MONTH(R22) + 12, DAY(1) - 1) -> 46112
E25: =E$23 -> Model Period END | F25: =F$23 -> 0 | G25: =G$23 -> date | H25: =H$23 -> 0 | I25: =I$23 -> 0 | J25: =J$23 -> 43190 | K25: =K$23 -> 43555 | L25: =L$23 -> 43921 | ... R25: =R$23 -> 46112
D26: less | E26: =E$22 -> Model Period BEG | F26: =F$22 -> 0 | G26: =G$22 -> date | H26: =H$22 -> 0 | I26: =I$22 -> 0 | J26: =J$22 -> 42826 | K26: =K$22 -> 43191 | L26: =L$22 -> 43556 | ... R26: =R$22 -> 45748
E27: Days in Model Period | G27: days | H27: =SUM(J27:BZ27) -> 3287 | J27: =J25 - J26 + 1 -> 365 | K27: =K25 - K26 + 1 -> 365 | L27: =L25 - L26 + 1 -> 366 | M27: =M25 - M26 + 1 -> 365 | N27: =N25 - N26 + 1 -> 365 | O27: =O25 - O26 + 1 -> 365 | P27: =P25 - P26 + 1 -> 366 | Q27: =Q25 - Q26 + 1 -> 365 | R27: =R25 - R26 + 1 -> 365
A30: PRE FORECAST PERIOD
E32: =InpR!E$13 -> Last Pre Forecast Date | F32: =InpR!F$13 -> 43921 | G32: =InpR!G$13 -> date
E33: =E$23 -> Model Period END | F33: =F$23 -> 0 | G33: =G$23 -> date | H33: =H$23 -> 0 | I33: =I$23 -> 0 | J33: =J$23 -> 43190 | K33: =K$23 -> 43555 | L33: =L$23 -> 43921 | ... R33: =R$23 -> 46112
E34: Last Pre Forecast Flag | G34: flag | H34: =SUM(J34:BZ34) -> 1 | J34: =IF(J33 = $F32, 1, 0) -> 0 | K34: =IF(K33 = $F32, 1, 0) -> 0 | L34: =IF(L33 = $F32, 1, 0) -> 1 | M34: =IF(M33 = $F32, 1, 0) -> 0 | N34: =IF(N33 = $F32, 1, 0) -> 0 | O34: =IF(O33 = $F32, 1, 0) -> 0 | P34: =IF(P33 = $F32, 1, 0) -> 0 | Q34: =IF(Q33 = $F32, 1, 0) -> 0 | R34: =IF(R33 = $F32, 1, 0) -> 0
E35: Pre Forecast Period Flag | G35: flag | H35: =SUM(J35:BZ35) -> 3 | J35: =IF($F32 >= J33, 1, 0) -> 1 | K35: =IF($F32 >= K33, 1, 0) -> 1 | L35: =IF($F32 >= L33, 1, 0) -> 1 | M35: =IF($F32 >= M33, 1, 0) -> 0 | N35: =IF($F32 >= N33, 1, 0) -> 0 | O35: =IF($F32 >= O33, 1, 0) -> 0 | P35: =IF($F32 >= P33, 1, 0) -> 0 | Q35: =IF($F32 >= Q33, 1, 0) -> 0 | R35: =IF($F32 >= R33, 1, 0) -> 0
E36: Pre Forecast Period Total | F36: =SUM(J35:BZ35) -> 3 | G36: columns
E38: =InpR!E$15 -> Acquisition date (midnight) | F38: =InpR!F$15 -> 43921 | G38: =InpR!G$15 -> date
E39: =E$23 -> Model Period END | F39: =F$23 -> 0 | G39: =G$23 -> date | H39: =H$23 -> 0 | I39: =I$23 -> 0 | J39: =J$23 -> 43190 | K39: =K$23 -> 43555 | L39: =L$23 -> 43921 | ... R39: =R$23 -> 46112
E40: Acquisition / initial balance date flag | G40: flag | H40: =SUM(J40:BZ40) -> 1 | J40: =IF(J39 = $F38, 1, 0) -> 0 | K40: =IF(K39 = $F38, 1, 0) -> 0 | L40: =IF(L39 = $F38, 1, 0) -> 1 | M40: =IF(M39 = $F38, 1, 0) -> 0 | N40: =IF(N39 = $F38, 1, 0) -> 0 | O40: =IF(O39 = $F38, 1, 0) -> 0 | P40: =IF(P39 = $F38, 1, 0) -> 0 | Q40: =IF(Q39 = $F38, 1, 0) -> 0 | R40: =IF(R39 = $F38, 1, 0) -> 0
A43: FORECAST PERIOD
E45: =E$34 -> Last Pre Forecast Flag | F45: =F$34 -> 0 | G45: =G$34 -> flag | H45: =H$34 -> 1 | I45: =I$34 -> 0 | J45: =J$34 -> 0 | K45: =K$34 -> 0 | L45: =L$34 -> 1 | ... R45: =R$34 -> 0
E46: 1st Forecast Period Flag | G46: flag | H46: =SUM(J46:BZ46) -> 1 | J46: =I45 -> 0 | K46: =J45 -> 0 | L46: =K45 -> 0 | M46: =L45 -> 1 | N46: =M45 -> 0 | O46: =N45 -> 0 | P46: =O45 -> 0 | Q46: =P45 -> 0 | R46: =Q45 -> 0
E48: =InpR!E$17 -> Last forecast date | F48: =InpR!F$17 -> 45747 | G48: =InpR!G$17 -> date
E49: =E$23 -> Model Period END | F49: =F$23 -> 0 | G49: =G$23 -> date | H49: =H$23 -> 0 | I49: =I$23 -> 0 | J49: =J$23 -> 43190 | K49: =K$23 -> 43555 | L49: =L$23 -> 43921 | ... R49: =R$23 -> 46112
E50: Last Forecast Period Flag | G50: flag | H50: =SUM(J50:BZ50) -> 1 | J50: =IF(AND($F48 > I49, $F48 <= J49), 1, 0) -> 0 | K50: =IF(AND($F48 > J49, $F48 <= K49), 1, 0) -> 0 | L50: =IF(AND($F48 > K49, $F48 <= L49), 1, 0) -> 0 | M50: =IF(AND($F48 > L49, $F48 <= M49), 1, 0) -> 0 | N50: =IF(AND($F48 > M49, $F48 <= N49), 1, 0) -> 0 | O50: =IF(AND($F48 > N49, $F48 <= O49), 1, 0) -> 0 | P50: =IF(AND($F48 > O49, $F48 <= P49), 1, 0) -> 0 | Q50: =IF(AND($F48 > P49, $F48 <= Q49), 1, 0) -> 1 | R50: =IF(AND($F48 > Q49, $F48 <= R49), 1, 0) -> 0
E52: =E$46 -> 1st Forecast Period Flag | F52: =F$46 -> 0 | G52: =G$46 -> flag | H52: =H$46 -> 1 | I52: =I$46 -> 0 | J52: =J$46 -> 0 | K52: =K$46 -> 0 | L52: =L$46 -> 0 | ... R52: =R$46 -> 0
E53: =E$50 -> Last Forecast Period Flag | F53: =F$50 -> 0 | G53: =G$50 -> flag | H53: =H$50 -> 1 | I53: =I$50 -> 0 | J53: =J$50 -> 0 | K53: =K$50 -> 0 | L53: =L$50 -> 0 | ... R53: =R$50 -> 0
E54: Forecast Period Flag | G54: flag | H54: =SUM(J54:BZ54) -> 5 | J54: =J52 - I53 + I54 -> 0 | K54: =K52 - J53 + J54 -> 0 | L54: =L52 - K53 + K54 -> 0 | M54: =M52 - L53 + L54 -> 1 | N54: =N52 - M53 + M54 -> 1 | O54: =O52 - N53 + N54 -> 1 | P54: =P52 - O53 + O54 -> 1 | Q54: =Q52 - P53 + P54 -> 1 | R54: =R52 - Q53 + Q54 -> 0
E55: Forecast Period Total | F55: =SUM(J54:BZ54) -> 5 | G55: columns
E57: =E$35 -> Pre Forecast Period Flag | F57: =F$35 -> 0 | G57: =G$35 -> flag | H57: =H$35 -> 3 | I57: =I$35 -> 0 | J57: =J$35 -> 1 | K57: =K$35 -> 1 | L57: =L$35 -> 1 | ... R57: =R$35 -> 0
E58: =E$54 -> Forecast Period Flag | F58: =F$54 -> 0 | G58: =G$54 -> flag | H58: =H$54 -> 5 | I58: =I$54 -> 0 | J58: =J$54 -> 0 | K58: =K$54 -> 0 | L58: =L$54 -> 0 | ... R58: =R$54 -> 0
E59: Pre Forecast vs Forecast | G59: flag | J59: =IF(J57 = 1, "Pre Fcst", IF(J58 = 1, "Forecast", "Post-Fcst")) -> Pre Fcst | K59: =IF(K57 = 1, "Pre Fcst", IF(K58 = 1, "Forecast", "Post-Fcst")) -> Pre Fcst | L59: =IF(L57 = 1, "Pre Fcst", IF(L58 = 1, "Forecast", "Post-Fcst")) -> Pre Fcst | M59: =IF(M57 = 1, "Pre Fcst", IF(M58 = 1, "Forecast", "Post-Fcst")) -> Forecast | N59: =IF(N57 = 1, "Pre Fcst", IF(N58 = 1, "Forecast", "Post-Fcst")) -> Forecast | O59: =IF(O57 = 1, "Pre Fcst", IF(O58 = 1, "Forecast", "Post-Fcst")) -> Forecast | P59: =IF(P57 = 1, "Pre Fcst", IF(P58 = 1, "Forecast", "Post-Fcst")) -> Forecast | Q59: =IF(Q57 = 1, "Pre Fcst", IF(Q58 = 1, "Forecast", "Post-Fcst")) -> Forecast | R59: =IF(R57 = 1, "Pre Fcst", IF(R58 = 1, "Forecast", "Post-Fcst")) -> Post-Fcst
A62: POST FORECAST PERIOD
E64: =E$50 -> Last Forecast Period Flag | F64: =F$50 -> 0 | G64: =G$50 -> flag | H64: =H$50 -> 1 | I64: =I$50 -> 0 | J64: =J$50 -> 0 | K64: =K$50 -> 0 | L64: =L$50 -> 0 | ... R64: =R$50 -> 0
E65: 1st Post Last Forecast Period Flag | G65: flag | H65: =SUM(J65:BZ65) -> 1 | J65: =I64 -> 0 | K65: =J64 -> 0 | L65: =K64 -> 0 | M65: =L64 -> 0 | N65: =M64 -> 0 | O65: =N64 -> 0 | P65: =O64 -> 0 | Q65: =P64 -> 0 | R65: =Q64 -> 1
E67: =E$65 -> 1st Post Last Forecast Period Flag | F67: =F$65 -> 0 | G67: =G$65 -> flag | H67: =H$65 -> 1 | I67: =I$65 -> 0 | J67: =J$65 -> 0 | K67: =K$65 -> 0 | L67: =L$65 -> 0 | ... R67: =R$65 -> 1
E68: Post Forecast Period Flag | G68: flag | H68: =SUM(J68:BZ68) -> 1 | J68: =I68 + J67 -> 0 | K68: =J68 + K67 -> 0 | L68: =K68 + L67 -> 0 | M68: =L68 + M67 -> 0 | N68: =M68 + N67 -> 0 | O68: =N68 + O67 -> 0 | P68: =O68 + P67 -> 0 | Q68: =P68 + Q67 -> 0 | R68: =Q68 + R67 -> 1
E69: Post Forecast Period Total | F69: =SUM(J68:BZ68) -> 1 | G69: columns
A72: MODELLING PERIOD CHECK
E74: =E$12 -> Model Column Total | F74: =F$12 -> 9 | G74: =G$12 -> column
D75: less | E75: =E$36 -> Pre Forecast Period Total | F75: =F$36 -> 3 | G75: =G$36 -> columns
D76: less | E76: =E$55 -> Forecast Period Total | F76: =F$55 -> 5 | G76: =G$55 -> columns
D77: less | E77: =E$69 -> Post Forecast Period Total | F77: =F$69 -> 1 | G77: =G$69 -> columns
E78: Modelling Period Check | F78: =IF(F74 - SUM(F75:F77) <> 0, 1, 0) -> 0 | G78: check
A80: FINANCIAL YEAR
E82: =InpR!E$22 -> First Modelling Column Financial Year Number | F82: =InpR!F$22 -> 2018 | G82: =InpR!G$22 -> year
E83: =InpR!E$23 -> Financial Year End Month Number | F83: =InpR!F$23 -> 3 | G83: =InpR!G$23 -> month #
E84: =E$23 -> Model Period END | F84: =F$23 -> 0 | G84: =G$23 -> date | H84: =H$23 -> 0 | I84: =I$23 -> 0 | J84: =J$23 -> 43190 | K84: =K$23 -> 43555 | L84: =L$23 -> 43921 | ... R84: =R$23 -> 46112
E85: =E$15 -> First model column flag | F85: =F$15 -> 0 | G85: =G$15 -> flag | H85: =H$15 -> 1 | I85: =I$15 -> 0 | J85: =J$15 -> 1 | K85: =K$15 -> 0 | L85: =L$15 -> 0 | ... R85: =R$15 -> 0
E86: Financial Year Ending | G86: year # | J86: =IF(J85 = 1, $F82, IF(J84 > (DATE(I86, $F83 + 1, 1) - 1), I86 + 1, I86)) -> 2018 | K86: =IF(K85 = 1, $F82, IF(K84 > (DATE(J86, $F83 + 1, 1) - 1), J86 + 1, J86)) -> 2019 | L86: =IF(L85 = 1, $F82, IF(L84 > (DATE(K86, $F83 + 1, 1) - 1), K86 + 1, K86)) -> 2020 | M86: =IF(M85 = 1, $F82, IF(M84 > (DATE(L86, $F83 + 1, 1) - 1), L86 + 1, L86)) -> 2021 | N86: =IF(N85 = 1, $F82, IF(N84 > (DATE(M86, $F83 + 1, 1) - 1), M86 + 1, M86)) -> 2022 | O86: =IF(O85 = 1, $F82, IF(O84 > (DATE(N86, $F83 + 1, 1) - 1), N86 + 1, N86)) -> 2023 | P86: =IF(P85 = 1, $F82, IF(P84 > (DATE(O86, $F83 + 1, 1) - 1), O86 + 1, O86)) -> 2024 | Q86: =IF(Q85 = 1, $F82, IF(Q84 > (DATE(P86, $F83 + 1, 1) - 1), P86 + 1, P86)) -> 2025 | R86: =IF(R85 = 1, $F82, IF(R84 > (DATE(Q86, $F83 + 1, 1) - 1), Q86 + 1, Q86)) -> 2026
A89: END

Sheet Index
A1: =RIGHT(CELL("filename", $A$1), LEN(CELL("filename", $A$1)) - SEARCH("]", CELL("filename", $A$1))) -> Index
E2: =Time!E$23 -> Model Period END | F2: =Checks!$F$9 -> 0 | G2: Error chks | J2: =Time!J$23 -> 43190 | K2: =Time!K$23 -> 43555 | L2: =Time!L$23 -> 43921 | M2: =Time!M$23 -> 44286 | N2: =Time!N$23 -> 44651 | O2: =Time!O$23 -> 45016 | P2: =Time!P$23 -> 45382 | Q2: =Time!Q$23 -> 45747 | R2: =Time!R$23 -> 46112
E3: =Time!E$59 -> Pre Forecast vs Forecast | J3: =Time!J$59 -> Pre Fcst | K3: =Time!K$59 -> Pre Fcst | L3: =Time!L$59 -> Pre Fcst | M3: =Time!M$59 -> Forecast | N3: =Time!N$59 -> Forecast | O3: =Time!O$59 -> Forecast | P3: =Time!P$59 -> Forecast | Q3: =Time!Q$59 -> Forecast | R3: =Time!R$59 -> Post-Fcst
J4: =Time!J$86 -> 2018 | K4: =Time!K$86 -> 2019 | L4: =Time!L$86 -> 2020 | M4: =Time!M$86 -> 2021 | N4: =Time!N$86 -> 2022 | O4: =Time!O$86 -> 2023 | P4: =Time!P$86 -> 2024 | Q4: =Time!Q$86 -> 2025 | R4: =Time!R$86 -> 2026
E6: =Time!E$11 -> Model column counter | F6: Constant | G6: Unit | H6: Total | J6: =Time!J$11 -> 1 | K6: =Time!K$11 -> 2 | L6: =Time!L$11 -> 3 | M6: =Time!M$11 -> 4 | N6: =Time!N$11 -> 5 | O6: =Time!O$11 -> 6 | P6: =Time!P$11 -> 7 | Q6: =Time!Q$11 -> 8 | R6: =Time!R$11 -> 9
A9: FINAL DETERMINATION ASSUMPTIONS
B10: RPI - final determination
E11: =InpR!E$27 -> RPI: April - index - final determination | G11: =InpR!G$27 -> index | H11: =InpR!I$27 -> PR19 Financial model, 'Index' sheet row 131 | I11: =InpR!#REF! -> #REF! | J11: =InpR!J$27 -> 0 | K11: =InpR!K$27 -> 279.7 | L11: =InpR!L$27 -> 288.2 | M11: =InpR!M$27 -> 296.81994 | N11: =InpR!N$27 -> 305.32865 | O11: =InpR!O$27 -> 314.69193 | P11: =InpR!P$27 -> 324.76208 | Q11: =InpR!Q$27 -> 335.15446 | R11: =InpR!R$27 -> 345.2091
E12: =InpR!E$28 -> RPI: May - index - final determination | G12: =InpR!G$28 -> index | H12: =InpR!I$28 -> PR19 Financial model, 'Index' sheet row 132 | I12: =InpR!#REF! -> #REF! | J12: =InpR!J$28 -> 0 | K12: =InpR!K$28 -> 280.7 | L12: =InpR!L$28 -> 289.2 | M12: =InpR!M$28 -> 297.50379 | N12: =InpR!N$28 -> 306.08168 | O12: =InpR!O$28 -> 315.51905 | P12: =InpR!P$28 -> 325.61566 | Q12: =InpR!Q$28 -> 336.03536 | R12: =InpR!R$28 -> 346.11642
E13: =InpR!E$29 -> RPI: June - index - final determination | G13: =InpR!G$29 -> index | H13: =InpR!I$29 -> PR19 Financial model, 'Index' sheet row 133 | I13: =InpR!#REF! -> #REF! | J13: =InpR!J$29 -> 0 | K13: =InpR!K$29 -> 281.5 | L13: =InpR!L$29 -> 289.6 | M13: =InpR!M$29 -> 298.18921 | N13: =InpR!N$29 -> 306.83656 | O13: =InpR!O$29 -> 316.34834 | P13: =InpR!P$29 -> 326.47149 | Q13: =InpR!Q$29 -> 336.91858 | R13: =InpR!R$29 -> 347.02613
E14: =InpR!E$30 -> RPI: July - index - final determination | G14: =InpR!G$30 -> index | H14: =InpR!I$30 -> PR19 Financial model, 'Index' sheet row 134 | I14: =InpR!#REF! -> #REF! | J14: =InpR!J$30 -> 0 | K14: =InpR!K$30 -> 281.7 | L14: =InpR!L$30 -> 289.5 | M14: =InpR!M$30 -> 298.87622 | N14: =InpR!N$30 -> 307.5933 | O14: =InpR!O$30 -> 317.17981 | P14: =InpR!P$30 -> 327.32957 | Q14: =InpR!Q$30 -> 337.80411 | R14: =InpR!R$30 -> 347.93823
E15: =InpR!E$31 -> RPI: August - index - final determination | G15: =InpR!G$31 -> index | H15: =InpR!I$31 -> PR19 Financial model, 'Index' sheet row 135 | I15: =InpR!#REF! -> #REF! | J15: =InpR!J$31 -> 0 | K15: =InpR!K$31 -> 284.2 | L15: =InpR!L$31 -> 291.5 | M15: =InpR!M$31 -> 299.5648 | N15: =InpR!N$31 -> 308.35191 | O15: =InpR!O$31 -> 318.01347 | P15: =InpR!P$31 -> 328.1899 | Q15: =InpR!Q$31 -> 338.69197 | R15: =InpR!R$31 -> 348.85273
E16: =InpR!E$32 -> RPI: September - index - final determination | G16: =InpR!G$32 -> index | H16: =InpR!I$32 -> PR19 Financial model, 'Index' sheet row 136 | I16: =InpR!#REF! -> #REF! | J16: =InpR!J$32 -> 0 | K16: =InpR!K$32 -> 284.1 | L16: =InpR!L$32 -> 292.1479 | M16: =InpR!M$32 -> 300.25497 | N16: =InpR!N$32 -> 309.11239 | O16: =InpR!O$32 -> 318.84931 | P16: =InpR!P$32 -> 329.05249 | Q16: =InpR!Q$32 -> 339.58217 | R16: =InpR!R$32 -> 349.76964
E17: =InpR!E$33 -> RPI: October - index - final determination | G17: =InpR!G$33 -> index | H17: =InpR!I$33 -> PR19 Financial model, 'Index' sheet row 137 | I17: =InpR!#REF! -> #REF! | J17: =InpR!J$33 -> 0 | K17: =InpR!K$33 -> 284.5 | L17: =InpR!L$33 -> 292.79723 | M17: =InpR!M$33 -> 300.94673 | N17: =InpR!N$33 -> 309.87474 | O17: =InpR!O$33 -> 319.68736 | P17: =InpR!P$33 -> 329.91735 | Q17: =InpR!Q$33 -> 340.47471 | R17: =InpR!R$33 -> 350.68895
E18: =InpR!E$34 -> RPI: November - index - final determination | G18: =InpR!G$34 -> index | H18: =InpR!I$34 -> PR19 Financial model, 'Index' sheet row 138 | I18: =InpR!#REF! -> #REF! | J18: =InpR!J$34 -> 0 | K18: =InpR!K$34 -> 284.6 | L18: =InpR!L$34 -> 293.44801 | M18: =InpR!M$34 -> 301.64009 | N18: =InpR!N$34 -> 310.63897 | O18: =InpR!O$34 -> 320.5276 | P18: =InpR!P$34 -> 330.78449 | Q18: =InpR!Q$34 -> 341.36959 | R18: =InpR!R$34 -> 351.61068
E19: =InpR!E$35 -> RPI: December - index - final determination | G19: =InpR!G$35 -> index | H19: =InpR!I$35 -> PR19 Financial model, 'Index' sheet row 139 | I19: =InpR!#REF! -> #REF! | J19: =InpR!J$35 -> 0 | K19: =InpR!K$35 -> 285.6 | L19: =InpR!L$35 -> 294.10024 | M19: =InpR!M$35 -> 302.33504 | N19: =InpR!N$35 -> 311.40509 | O19: =InpR!O$35 -> 321.37006 | P19: =InpR!P$35 -> 331.6539 | Q19: =InpR!Q$35 -> 342.26682 | R19: =InpR!R$35 -> 352.53483
E20: =InpR!E$36 -> RPI: January - index - final determination | G20: =InpR!G$36 -> index | H20: =InpR!I$36 -> PR19 Financial model, 'Index' sheet row 140 | I20: =InpR!#REF! -> #REF! | J20: =InpR!J$36 -> 0 | K20: =InpR!K$36 -> 283 | L20: =InpR!L$36 -> 294.77782 | M20: =InpR!M$36 -> 303.08068 | N20: =InpR!N$36 -> 312.22357 | O20: =InpR!O$36 -> 322.21473 | P20: =InpR!P$36 -> 332.5256 | Q20: =InpR!Q$36 -> 343.16642 | R20: =InpR!R$36 -> 353.46141
E21: =InpR!E$37 -> RPI: February - index - final determination | G21: =InpR!G$37 -> index | H21: =InpR!I$37 -> PR19 Financial model, 'Index' sheet row 141 | I21: =InpR!#REF! -> #REF! | J21: =InpR!J$37 -> 0 | K21: =InpR!K$37 -> 285 | L21: =InpR!L$37 -> 295.45696 | M21: =InpR!M$37 -> 303.82816 | N21: =InpR!N$37 -> 313.0442 | O21: =InpR!O$37 -> 323.06162 | P21: =InpR!P$37 -> 333.39959 | Q21: =InpR!Q$37 -> 344.06837 | R21: =InpR!R$37 -> 354.39042
E22: =InpR!E$38 -> RPI: March - index - final determination | G22: =InpR!G$38 -> index | H22: =InpR!I$38 -> PR19 Financial model, 'Index' sheet row 142 | I22: =InpR!#REF! -> #REF! | J22: =InpR!J$38 -> 0 | K22: =InpR!K$38 -> 285.1 | L22: =InpR!L$38 -> 296.13767 | M22: =InpR!M$38 -> 304.57748 | N22: =InpR!N$38 -> 313.86699 | O22: =InpR!O$38 -> 323.91073 | P22: =InpR!P$38 -> 334.27587 | Q22: =InpR!Q$38 -> 344.9727 | R22: =InpR!R$38 -> 355.32188
E24: RPI: Financial year average - index - final determination | G24: index | J24: =SUM(J11:J22) / 12 -> 0 | K24: =SUM(K11:K22) / 12 -> 283.30833 | L24: =SUM(L11:L22) / 12 -> 292.23882 | M24: =SUM(M11:M22) / 12 -> 300.63476 | N24: =SUM(N11:N22) / 12 -> 309.52984 | O24: =SUM(O11:O22) / 12 -> 319.28117 | P24: =SUM(P11:P22) / 12 -> 329.49816 | Q24: =SUM(Q11:Q22) / 12 -> 340.04211 | R24: =SUM(R11:R22) / 12 -> 350.24337
E25: RPI: Fin year average - percentage increase - final determination | G25: % | J25: =IF(I$24 = 0, 0, J$24 / I$24 - 1) -> 0 | K25: =IF(J$24 = 0, 0, K$24 / J$24 - 1) -> 0 | L25: =IF(K$24 = 0, 0, L$24 / K$24 - 1) -> 0.031522141 | M25: =IF(L$24 = 0, 0, M$24 / L$24 - 1) -> 0.028729732 | N25: =IF(M$24 = 0, 0, N$24 / M$24 - 1) -> 0.029587649 | O25: =IF(N$24 = 0, 0, O$24 / N$24 - 1) -> 0.031503683 | P25: =IF(O$24 = 0, 0, P$24 / O$24 - 1) -> 0.032 | Q25: =IF(P$24 = 0, 0, Q$24 / P$24 - 1) -> 0.032 | R25: =IF(Q$24 = 0, 0, R$24 / Q$24 - 1) -> 0.03
E27: =E$22 -> RPI: March - index - final determination | G27: =G$22 -> index | H27: =H$22 -> PR19 Financial model, 'Index' sheet row 142 | I27: =I$22 -> #REF! | J27: =J$22 -> 0 | K27: =K$22 -> 285.1 | L27: =L$22 -> 296.13767 | M27: =M$22 -> 304.57748 | N27: =N$22 -> 313.86699 | ... R27: =R$22 -> 355.32188
E28: =E$24 -> RPI: Financial year average - index - final determination | G28: =G$24 -> index | H28: =H$24 -> 0 | I28: =I$24 -> 0 | J28: =J$24 -> 0 | K28: =K$24 -> 283.30833 | L28: =L$24 -> 292.23882 | M28: =M$24 -> 300.63476 | N28: =N$24 -> 309.52984 | ... R28: =R$24 -> 350.24337
E29: =Time!E$46 -> 1st Forecast Period Flag | G29: =Time!G$46 -> flag | H29: =Time!H$46 -> 1 | I29: =Time!I$46 -> 0 | J29: =Time!J$46 -> 0 | K29: =Time!K$46 -> 0 | L29: =Time!L$46 -> 0 | M29: =Time!M$46 -> 1 | N29: =Time!N$46 -> 0 | ... R29: =Time!R$46 -> 0
E30: RPI Growth from 2019-20 FYE to 2020-21 FYA - final determination | G30: % | J30: =IFERROR((J28 / I27 - 1) * J29, 0) -> 0 | K30: =IFERROR((K28 / J27 - 1) * K29, 0) -> 0 | L30: =IFERROR((L28 / K27 - 1) * L29, 0) -> 0 | M30: =IFERROR((M28 / L27 - 1) * M29, 0) -> 0.01518582 | N30: =IFERROR((N28 / M27 - 1) * N29, 0) -> 0 | O30: =IFERROR((O28 / N27 - 1) * O29, 0) -> 0 | P30: =IFERROR((P28 / O27 - 1) * P29, 0) -> 0 | Q30: =IFERROR((Q28 / P27 - 1) * Q29, 0) -> 0 | R30: =IFERROR((R28 / Q27 - 1) * R29, 0) -> 0
B32: CPI(H) - final determination
E33: =InpR!E$41 -> CPI(H): April - index - final determination | G33: =InpR!G$41 -> index | H33: =InpR!I$41 -> PR19 Financial model, 'Index' sheet F59 and 'Index' sheet row 10 | I33: =InpR!#REF! -> #REF! | J33: =InpR!J$41 -> 103.2 | K33: =InpR!K$41 -> 105.5 | L33: =InpR!L$41 -> 107.6 | M33: =InpR!M$41 -> 109.70335 | N33: =InpR!N$41 -> 111.89742 | O33: =InpR!O$41 -> 114.17266 | P33: =InpR!P$41 -> 116.57028 | Q33: =InpR!Q$41 -> 119.01826 | R33: =InpR!R$41 -> 121.39862
E34: =InpR!E$42 -> CPI(H): May - index - final determination | G34: =InpR!G$42 -> index | H34: =InpR!I$42 -> PR19 Financial model, 'Index' sheet F60 and 'Index' sheet row 11 | I34: =InpR!#REF! -> #REF! | J34: =InpR!J$42 -> 103.5 | K34: =InpR!K$42 -> 105.9 | L34: =InpR!L$42 -> 107.9 | M34: =InpR!M$42 -> 109.88454 | N34: =InpR!N$42 -> 112.08223 | O34: =InpR!O$42 -> 114.37056 | P34: =InpR!P$42 -> 116.77234 | Q34: =InpR!Q$42 -> 119.22456 | R34: =InpR!R$42 -> 121.60905
E35: =InpR!E$43 -> CPI(H): June - index - final determination | G35: =InpR!G$43 -> index | H35: =InpR!I$43 -> PR19 Financial model, 'Index' sheet F61 and 'Index' sheet row 12 | I35: =InpR!#REF! -> #REF! | J35: =InpR!J$43 -> 103.5 | K35: =InpR!K$43 -> 105.9 | L35: =InpR!L$43 -> 107.9 | M35: =InpR!M$43 -> 110.06602 | N35: =InpR!N$43 -> 112.26734 | O35: =InpR!O$43 -> 114.56881 | P35: =InpR!P$43 -> 116.97475 | Q35: =InpR!Q$43 -> 119.43122 | R35: =InpR!R$43 -> 121.81985
E36: =InpR!E$44 -> CPI(H): July - index - final determination | G36: =InpR!G$44 -> index | H36: =InpR!I$44 -> PR19 Financial model, 'Index' sheet F62 and 'Index' sheet row 13 | I36: =InpR!#REF! -> #REF! | J36: =InpR!J$44 -> 103.5 | K36: =InpR!K$44 -> 105.9 | L36: =InpR!L$44 -> 108 | M36: =InpR!M$44 -> 110.2478 | N36: =InpR!N$44 -> 112.45276 | O36: =InpR!O$44 -> 114.7674 | P36: =InpR!P$44 -> 117.17752 | Q36: =InpR!Q$44 -> 119.63824 | R36: =InpR!R$44 -> 122.03101
E37: =InpR!E$45 -> CPI(H): August - index - final determination | G37: =InpR!G$45 -> index | H37: =InpR!I$45 -> PR19 Financial model, 'Index' sheet F63 and 'Index' sheet row 14 | I37: =InpR!#REF! -> #REF! | J37: =InpR!J$45 -> 104 | K37: =InpR!K$45 -> 106.5 | L37: =InpR!L$45 -> 108.3 | M37: =InpR!M$45 -> 110.42989 | N37: =InpR!N$45 -> 112.63849 | O37: =InpR!O$45 -> 114.96634 | P37: =InpR!P$45 -> 117.38063 | Q37: =InpR!Q$45 -> 119.84562 | R37: =InpR!R$45 -> 122.24253
E38: =InpR!E$46 -> CPI(H): September - index - final determination | G38: =InpR!G$46 -> index | H38: =InpR!I$46 -> PR19 Financial model, 'Index' sheet F64 and 'Index' sheet row 15 | I38: =InpR!#REF! -> #REF! | J38: =InpR!J$46 -> 104.3 | K38: =InpR!K$46 -> 106.6 | L38: =InpR!L$46 -> 108.47 | M38: =InpR!M$46 -> 110.61227 | N38: =InpR!N$46 -> 112.82452 | O38: =InpR!O$46 -> 115.16562 | P38: =InpR!P$46 -> 117.58409 | Q38: =InpR!Q$46 -> 120.05336 | R38: =InpR!R$46 -> 122.45443
E39: =InpR!E$47 -> CPI(H): October - index - final determination | G39: =InpR!G$47 -> index | H39: =InpR!I$47 -> PR19 Financial model, 'Index' sheet F65 and 'Index' sheet row 16 | I39: =InpR!#REF! -> #REF! | J39: =InpR!J$47 -> 104.4 | K39: =InpR!K$47 -> 106.7 | L39: =InpR!L$47 -> 108.64027 | M39: =InpR!M$47 -> 110.79496 | N39: =InpR!N$47 -> 113.01086 | O39: =InpR!O$47 -> 115.36524 | P39: =InpR!P$47 -> 117.78791 | Q39: =InpR!Q$47 -> 120.26146 | R39: =InpR!R$47 -> 122.66669
E40: =InpR!E$48 -> CPI(H): November - index - final determination | G40: =InpR!G$48 -> index | H40: =InpR!I$48 -> PR19 Financial model, 'Index' sheet F66 and 'Index' sheet row 17 | I40: =InpR!#REF! -> #REF! | J40: =InpR!J$48 -> 104.7 | K40: =InpR!K$48 -> 106.9 | L40: =InpR!L$48 -> 108.8108 | M40: =InpR!M$48 -> 110.97794 | N40: =InpR!N$48 -> 113.1975 | O40: =InpR!O$48 -> 115.56521 | P40: =InpR!P$48 -> 117.99208 | Q40: =InpR!Q$48 -> 120.46992 | R40: =InpR!R$48 -> 122.87931
E41: =InpR!E$49 -> CPI(H): December - index - final determination | G41: =InpR!G$49 -> index | H41: =InpR!I$49 -> PR19 Financial model, 'Index' sheet F67 and 'Index' sheet row 18 | I41: =InpR!#REF! -> #REF! | J41: =InpR!J$49 -> 105 | K41: =InpR!K$49 -> 107.1 | L41: =InpR!L$49 -> 108.9816 | M41: =InpR!M$49 -> 111.16123 | N41: =InpR!N$49 -> 113.38446 | O41: =InpR!O$49 -> 115.76553 | P41: =InpR!P$49 -> 118.19661 | Q41: =InpR!Q$49 -> 120.67874 | R41: =InpR!R$49 -> 123.09231
E42: =InpR!E$50 -> CPI(H): January - index - final determination | G42: =InpR!G$50 -> index | H42: =InpR!I$50 -> PR19 Financial model, 'Index' sheet F68 and 'Index' sheet row 19 | I42: =InpR!#REF! -> #REF! | J42: =InpR!J$50 -> 104.5 | K42: =InpR!K$50 -> 106.4 | L42: =InpR!L$50 -> 109.16159 | M42: =InpR!M$50 -> 111.34483 | N42: =InpR!N$50 -> 113.581 | O42: =InpR!O$50 -> 115.9662 | P42: =InpR!P$50 -> 118.40149 | Q42: =InpR!Q$50 -> 120.88792 | R42: =InpR!R$50 -> 123.30568
E43: =InpR!E$51 -> CPI(H): February - index - final determination | G43: =InpR!G$51 -> index | H43: =InpR!I$51 -> PR19 Financial model, 'Index' sheet F69 and 'Index' sheet row 20 | I43: =InpR!#REF! -> #REF! | J43: =InpR!J$51 -> 104.9 | K43: =InpR!K$51 -> 106.8 | L43: =InpR!L$51 -> 109.34188 | M43: =InpR!M$51 -> 111.52872 | N43: =InpR!N$51 -> 113.77788 | O43: =InpR!O$51 -> 116.16721 | P43: =InpR!P$51 -> 118.60672 | Q43: =InpR!Q$51 -> 121.09746 | R43: =InpR!R$51 -> 123.51941
E44: =InpR!E$52 -> CPI(H): March - index - final determination | G44: =InpR!G$52 -> index | H44: =InpR!I$52 -> PR19 Financial model, 'Index' sheet F70 and 'Index' sheet row 21 | I44: =InpR!#REF! -> #REF! | J44: =InpR!J$52 -> 105.1 | K44: =InpR!K$52 -> 107 | L44: =InpR!L$52 -> 109.52247 | M44: =InpR!M$52 -> 111.71292 | N44: =InpR!N$52 -> 113.9751 | O44: =InpR!O$52 -> 116.36857 | P44: =InpR!P$52 -> 118.81231 | Q44: =InpR!Q$52 -> 121.30737 | R44: =InpR!R$52 -> 123.73352
E46: CPI(H): Financial year average - index - final determination | G46: index | J46: =SUM(J33:J44) / 12 -> 104.21667 | K46: =SUM(K33:K44) / 12 -> 106.43333 | L46: =SUM(L33:L44) / 12 -> 108.55238 | M46: =SUM(M33:M44) / 12 -> 110.70537 | N46: =SUM(N33:N44) / 12 -> 112.92413 | O46: =SUM(O33:O44) / 12 -> 115.26745 | P46: =SUM(P33:P44) / 12 -> 117.68806 | Q46: =SUM(Q33:Q44) / 12 -> 120.15951 | R46: =SUM(R33:R44) / 12 -> 122.5627
E47: CPI(H): Fin year average - inflate from base year 2017-18 average - final determination | G47: % | J47: =IF(I$46 = 0, 0, J$46 / $J$46) -> 0 | K47: =IF(J$46 = 0, 0, K$46 / $J$46) -> 1.0212698 | L47: =IF(K$46 = 0, 0, L$46 / $J$46) -> 1.0416029 | M47: =IF(L$46 = 0, 0, M$46 / $J$46) -> 1.0622617 | N47: =IF(M$46 = 0, 0, N$46 / $J$46) -> 1.0835515 | O47: =IF(N$46 = 0, 0, O$46 / $J$46) -> 1.1060366 | P47: =IF(O$46 = 0, 0, P$46 / $J$46) -> 1.1292633 | Q47: =IF(P$46 = 0, 0, Q$46 / $J$46) -> 1.1529779 | R47: =IF(Q$46 = 0, 0, R$46 / $J$46) -> 1.1760374
E48: CPI(H): Fin year average - percentage increase - final determination | G48: % | J48: =IF(I$46 = 0, 0, J$46 / I$46 - 1) -> 0 | K48: =IF(J$46 = 0, 0, K$46 / J$46 - 1) -> 0.021269791 | L48: =IF(K$46 = 0, 0, L$46 / K$46 - 1) -> 0.019909655 | M48: =IF(L$46 = 0, 0, M$46 / L$46 - 1) -> 0.019833641 | N48: =IF(M$46 = 0, 0, N$46 / M$46 - 1) -> 0.020041983 | O48: =IF(N$46 = 0, 0, O$46 / N$46 - 1) -> 0.020751252 | P48: =IF(O$46 = 0, 0, P$46 / O$46 - 1) -> 0.021 | Q48: =IF(P$46 = 0, 0, Q$46 / P$46 - 1) -> 0.021 | R48: =IF(Q$46 = 0, 0, R$46 / Q$46 - 1) -> 0.02
E50: =E$44 -> CPI(H): March - index - final determination | G50: =G$44 -> index | H50: =H$44 -> PR19 Financial model, 'Index' sheet F70 and 'Index' sheet row 21 | I50: =I$44 -> #REF! | J50: =J$44 -> 105.1 | K50: =K$44 -> 107 | L50: =L$44 -> 109.52247 | M50: =M$44 -> 111.71292 | N50: =N$44 -> 113.9751 | ... R50: =R$44 -> 123.73352
E51: =E$46 -> CPI(H): Financial year average - index - final determination | G51: =G$46 -> index | H51: =H$46 -> 0 | I51: =I$46 -> 0 | J51: =J$46 -> 104.21667 | K51: =K$46 -> 106.43333 | L51: =L$46 -> 108.55238 | M51: =M$46 -> 110.70537 | N51: =N$46 -> 112.92413 | ... R51: =R$46 -> 122.5627
E52: =Time!E$46 -> 1st Forecast Period Flag | G52: =Time!G$46 -> flag | H52: =Time!H$46 -> 1 | I52: =Time!I$46 -> 0 | J52: =Time!J$46 -> 0 | K52: =Time!K$46 -> 0 | L52: =Time!L$46 -> 0 | M52: =Time!M$46 -> 1 | N52: =Time!N$46 -> 0 | ... R52: =Time!R$46 -> 0
E53: CPIH Growth from 2019-20 FYE to 2020-21 FYA - final determination | G53: % | J53: =IFERROR((J51 / I50 - 1) * J52, 0) -> 0 | K53: =IFERROR((K51 / J50 - 1) * K52, 0) -> 0 | L53: =IFERROR((L51 / K50 - 1) * L52, 0) -> 0 | M53: =IFERROR((M51 / L50 - 1) * M52, 0) -> 0.010800558 | N53: =IFERROR((N51 / M50 - 1) * N52, 0) -> 0 | O53: =IFERROR((O51 / N50 - 1) * O52, 0) -> 0 | P53: =IFERROR((P51 / O50 - 1) * P52, 0) -> 0 | Q53: =IFERROR((Q51 / P50 - 1) * Q52, 0) -> 0 | R53: =IFERROR((R51 / Q50 - 1) * R52, 0) -> 0
E55: =E$30 & " - final determination" -> RPI Growth from 2019-20 FYE to 2020-21 FYA - final determination - final determination | G55: =G$30 -> % | J55: =J$30 -> 0 | K55: =K$30 -> 0 | L55: =L$30 -> 0 | M55: =M$30 -> 0.01518582 | N55: =N$30 -> 0 | O55: =O$30 -> 0 | P55: =P$30 -> 0 | Q55: =Q$30 -> 0 | R55: =R$30 -> 0
E56: =E$53 & " - final determination" -> CPIH Growth from 2019-20 FYE to 2020-21 FYA - final determination - final determination | G56: =G$53 -> % | J56: =J$53 -> 0 | K56: =K$53 -> 0 | L56: =L$53 -> 0 | M56: =M$53 -> 0.010800558 | N56: =N$53 -> 0 | O56: =O$53 -> 0 | P56: =P$53 -> 0 | Q56: =Q$53 -> 0 | R56: =R$53 -> 0
E57: Wedge between RPI and CPIH 2020-21 - final determination | G57: % | J57: =(1 + J$55) / (1 + J$56) - 1 -> 0 | K57: =(1 + K$55) / (1 + K$56) - 1 -> 0 | L57: =(1 + L$55) / (1 + L$56) - 1 -> 0 | M57: =(1 + M$55) / (1 + M$56) - 1 -> 0.0043384046 | N57: =(1 + N$55) / (1 + N$56) - 1 -> 0 | O57: =(1 + O$55) / (1 + O$56) - 1 -> 0 | P57: =(1 + P$55) / (1 + P$56) - 1 -> 0 | Q57: =(1 + Q$55) / (1 + Q$56) - 1 -> 0 | R57: =(1 + R$55) / (1 + R$56) - 1 -> 0
B59: Indexation - final determination
E60: =E$57 -> Wedge between RPI and CPIH 2020-21 - final determination | G60: =G$57 -> % | H60: =H$57 -> 0 | I60: =I$57 -> 0 | J60: =J$57 -> 0 | K60: =K$57 -> 0 | L60: =L$57 -> 0 | M60: =M$57 -> 0.0043384046 | N60: =N$57 -> 0 | ... R60: =R$57 -> 0
E61: =E$48 -> CPI(H): Fin year average - percentage increase - final determination | G61: =G$48 -> % | H61: =H$48 -> 0 | I61: =I$48 -> 0 | J61: =J$48 -> 0 | K61: =K$48 -> 0.021269791 | L61: =L$48 -> 0.019909655 | M61: =M$48 -> 0.019833641 | N61: =N$48 -> 0.020041983 | ... R61: =R$48 -> 0.02
E62: =Time!E$46 -> 1st Forecast Period Flag | G62: =Time!G$46 -> flag | H62: =Time!H$46 -> 1 | I62: =Time!I$46 -> 0 | J62: =Time!J$46 -> 0 | K62: =Time!K$46 -> 0 | L62: =Time!L$46 -> 0 | M62: =Time!M$46 -> 1 | N62: =Time!N$46 -> 0 | ... R62: =Time!R$46 -> 0
E63: CPI(H) + RPI wedge 2020-21 percentage movement - final determination | G63: % | J63: =((1 + J$60) * (1 + J$61) - 1) * J$62 -> 0 | K63: =((1 + K$60) * (1 + K$61) - 1) * K$62 -> 0 | L63: =((1 + L$60) * (1 + L$61) - 1) * L$62 -> 0 | M63: =((1 + M$60) * (1 + M$61) - 1) * M$62 -> 0.024258092 | N63: =((1 + N$60) * (1 + N$61) - 1) * N$62 -> 0 | O63: =((1 + O$60) * (1 + O$61) - 1) * O$62 -> 0 | P63: =((1 + P$60) * (1 + P$61) - 1) * P$62 -> 0 | Q63: =((1 + Q$60) * (1 + Q$61) - 1) * Q$62 -> 0 | R63: =((1 + R$60) * (1 + R$61) - 1) * R$62 -> 0
E65: =E$63 -> CPI(H) + RPI wedge 2020-21 percentage movement - final determination | G65: =G$63 -> % | I65: =I$63 -> 0 | J65: =J$63 -> 0 | K65: =K$63 -> 0 | L65: =L$63 -> 0 | M65: =M$63 -> 0.024258092 | N65: =N$63 -> 0 | O65: =O$63 -> 0 | P65: =P$63 -> 0 | ... R65: =R$63 -> 0
E66: =E$25 -> RPI: Fin year average - percentage increase - final determination | G66: =G$25 -> % | J66: =J$25 -> 0 | K66: =K$25 -> 0 | L66: =L$25 -> 0.031522141 | M66: =M$25 -> 0.028729732 | N66: =N$25 -> 0.029587649 | O66: =O$25 -> 0.031503683 | P66: =P$25 -> 0.032 | Q66: =Q$25 -> 0.032 | R66: =R$25 -> 0.03
E67: RPI: Fin year average - percentage increase - final determination active | G67: % | J67: =IF(J65 = 0, J66, J65) -> 0 | K67: =IF(K65 = 0, K66, K65) -> 0 | L67: =IF(L65 = 0, L66, L65) -> 0.031522141 | M67: =IF(M65 = 0, M66, M65) -> 0.024258092 | N67: =IF(N65 = 0, N66, N65) -> 0.029587649 | O67: =IF(O65 = 0, O66, O65) -> 0.031503683 | P67: =IF(P65 = 0, P66, P65) -> 0.032 | Q67: =IF(Q65 = 0, Q66, Q65) -> 0.032 | R67: =IF(R65 = 0, R66, R65) -> 0.03
E69: =E$67 -> RPI: Fin year average - percentage increase - final determination active | G69: =G$67 -> % | J69: =J$67 -> 0 | K69: =K$67 -> 0 | L69: =L$67 -> 0.031522141 | M69: =M$67 -> 0.024258092 | N69: =N$67 -> 0.029587649 | O69: =O$67 -> 0.031503683 | P69: =P$67 -> 0.032 | Q69: =Q$67 -> 0.032 | R69: =R$67 -> 0.03
E70: =E$48 -> CPI(H): Fin year average - percentage increase - final determination | G70: =G$48 -> % | I70: =I$48 -> 0 | J70: =J$48 -> 0 | K70: =K$48 -> 0.021269791 | L70: =L$48 -> 0.019909655 | M70: =M$48 -> 0.019833641 | N70: =N$48 -> 0.020041983 | O70: =O$48 -> 0.020751252 | P70: =P$48 -> 0.021 | ... R70: =R$48 -> 0.02
E71: Forecast RPI/CPIH wedge - final determination | G71: % | I71: =I$167 -> 0 | K71: =K69-K70 -> -0.021269791 | L71: =L69-L70 -> 0.011612485 | M71: =M69-M70 -> 0.004424451 | N71: =N69-N70 -> 0.0095456656 | O71: =O69-O70 -> 0.010752432 | P71: =P69-P70 -> 0.011 | Q71: =Q69-Q70 -> 0.011 | R71: =R69-R70 -> 0.01
A73: OUTTURN INFLATION
B74: RPI - outturn
E75: =InpR!E$56 -> RPI: April - index - actual (including forecast) | G75: =InpR!G$56 -> index | H75: =InpR!I$56 -> ONS, RPI All Items Index: Jan 1987=100 | I75: =InpR!#REF! -> #REF! | J75: =InpR!J$56 -> 0 | K75: =InpR!K$56 -> 279.7 | L75: =InpR!L$56 -> 288.2 | M75: =InpR!M$56 -> 292.6 | N75: =InpR!N$56 -> 0 | O75: =InpR!O$56 -> 0 | P75: =InpR!P$56 -> 0 | Q75: =InpR!Q$56 -> 0 | R75: =InpR!R$56 -> 0
E76: =InpR!E$57 -> RPI: May - index - actual (including forecast) | G76: =InpR!G$57 -> index | H76: =InpR!I$57 -> ONS, RPI All Items Index: Jan 1987=100 | I76: =InpR!#REF! -> #REF! | J76: =InpR!J$57 -> 0 | K76: =InpR!K$57 -> 280.7 | L76: =InpR!L$57 -> 289.2 | M76: =InpR!M$57 -> 292.2 | N76: =InpR!N$57 -> 0 | O76: =InpR!O$57 -> 0 | P76: =InpR!P$57 -> 0 | Q76: =InpR!Q$57 -> 0 | R76: =InpR!R$57 -> 0
E77: =InpR!E$58 -> RPI: June - index - actual (including forecast) | G77: =InpR!G$58 -> index | H77: =InpR!I$58 -> ONS, RPI All Items Index: Jan 1987=100 | I77: =InpR!#REF! -> #REF! | J77: =InpR!J$58 -> 0 | K77: =InpR!K$58 -> 281.5 | L77: =InpR!L$58 -> 289.6 | M77: =InpR!M$58 -> 292.7 | N77: =InpR!N$58 -> 0 | O77: =InpR!O$58 -> 0 | P77: =InpR!P$58 -> 0 | Q77: =InpR!Q$58 -> 0 | R77: =InpR!R$58 -> 0
E78: =InpR!E$59 -> RPI: July - index - actual (including forecast) | G78: =InpR!G$59 -> index | H78: =InpR!I$59 -> ONS, RPI All Items Index: Jan 1987=100 | I78: =InpR!#REF! -> #REF! | J78: =InpR!J$59 -> 0 | K78: =InpR!K$59 -> 281.7 | L78: =InpR!L$59 -> 289.5 | M78: =InpR!M$59 -> 294.2 | N78: =InpR!N$59 -> 0 | O78: =InpR!O$59 -> 0 | P78: =InpR!P$59 -> 0 | Q78: =InpR!Q$59 -> 0 | R78: =InpR!R$59 -> 0
E79: =InpR!E$60 -> RPI: August - index - actual (including forecast) | G79: =InpR!G$60 -> index | H79: =InpR!I$60 -> ONS, RPI All Items Index: Jan 1987=100 | I79: =InpR!#REF! -> #REF! | J79: =InpR!J$60 -> 0 | K79: =InpR!K$60 -> 284.2 | L79: =InpR!L$60 -> 291.7 | M79: =InpR!M$60 -> 293.3 | N79: =InpR!N$60 -> 0 | O79: =InpR!O$60 -> 0 | P79: =InpR!P$60 -> 0 | Q79: =InpR!Q$60 -> 0 | R79: =InpR!R$60 -> 0
E80: =InpR!E$61 -> RPI: September - index - actual (including forecast) | G80: =InpR!G$61 -> index | H80: =InpR!I$61 -> ONS, RPI All Items Index: Jan 1987=100 | I80: =InpR!#REF! -> #REF! | J80: =InpR!J$61 -> 0 | K80: =InpR!K$61 -> 284.1 | L80: =InpR!L$61 -> 291 | M80: =InpR!M$61 -> 294.3 | N80: =InpR!N$61 -> 0 | O80: =InpR!O$61 -> 0 | P80: =InpR!P$61 -> 0 | Q80: =InpR!Q$61 -> 0 | R80: =InpR!R$61 -> 0
E81: =InpR!E$62 -> RPI: October - index - actual (including forecast) | G81: =InpR!G$62 -> index | H81: =InpR!I$62 -> ONS, RPI All Items Index: Jan 1987=100 | I81: =InpR!#REF! -> #REF! | J81: =InpR!J$62 -> 0 | K81: =InpR!K$62 -> 284.5 | L81: =InpR!L$62 -> 290.4 | M81: =InpR!M$62 -> 294.3 | N81: =InpR!N$62 -> 0 | O81: =InpR!O$62 -> 0 | P81: =InpR!P$62 -> 0 | Q81: =InpR!Q$62 -> 0 | R81: =InpR!R$62 -> 0
E82: =InpR!E$63 -> RPI: November - index - actual (including forecast) | G82: =InpR!G$63 -> index | H82: =InpR!I$63 -> ONS, RPI All Items Index: Jan 1987=100 | I82: =InpR!#REF! -> #REF! | J82: =InpR!J$63 -> 0 | K82: =InpR!K$63 -> 284.6 | L82: =InpR!L$63 -> 291 | M82: =InpR!M$63 -> 0 | N82: =InpR!N$63 -> 0 | O82: =InpR!O$63 -> 0 | P82: =InpR!P$63 -> 0 | Q82: =InpR!Q$63 -> 0 | R82: =InpR!R$63 -> 0
E83: =InpR!E$64 -> RPI: December - index - actual (including forecast) | G83: =InpR!G$64 -> index | H83: =InpR!I$64 -> ONS, RPI All Items Index: Jan 1987=100 | I83: =InpR!#REF! -> #REF! | J83: =InpR!J$64 -> 0 | K83: =InpR!K$64 -> 285.6 | L83: =InpR!L$64 -> 291.9 | M83: =InpR!M$64 -> 0 | N83: =InpR!N$64 -> 0 | O83: =InpR!O$64 -> 0 | P83: =InpR!P$64 -> 0 | Q83: =InpR!Q$64 -> 0 | R83: =InpR!R$64 -> 0
E84: =InpR!E$65 -> RPI: January - index - actual (including forecast) | G84: =InpR!G$65 -> index | H84: =InpR!I$65 -> ONS, RPI All Items Index: Jan 1987=100 | I84: =InpR!#REF! -> #REF! | J84: =InpR!J$65 -> 0 | K84: =InpR!K$65 -> 283 | L84: =InpR!L$65 -> 290.6 | M84: =InpR!M$65 -> 0 | N84: =InpR!N$65 -> 0 | O84: =InpR!O$65 -> 0 | P84: =InpR!P$65 -> 0 | Q84: =InpR!Q$65 -> 0 | R84: =InpR!R$65 -> 0
E85: =InpR!E$66 -> RPI: February - index - actual (including forecast) | G85: =InpR!G$66 -> index | H85: =InpR!I$66 -> ONS, RPI All Items Index: Jan 1987=100 | I85: =InpR!#REF! -> #REF! | J85: =InpR!J$66 -> 0 | K85: =InpR!K$66 -> 285 | L85: =InpR!L$66 -> 292 | M85: =InpR!M$66 -> 0 | N85: =InpR!N$66 -> 0 | O85: =InpR!O$66 -> 0 | P85: =InpR!P$66 -> 0 | Q85: =InpR!Q$66 -> 0 | R85: =InpR!R$66 -> 0
E86: =InpR!E$67 -> RPI: March - index - actual (including forecast) | G86: =InpR!G$67 -> index | H86: =InpR!I$67 -> ONS, RPI All Items Index: Jan 1987=100 | I86: =InpR!#REF! -> #REF! | J86: =InpR!J$67 -> 0 | K86: =InpR!K$67 -> 285.1 | L86: =InpR!L$67 -> 292.6 | M86: =InpR!M$67 -> 0 | N86: =InpR!N$67 -> 0 | O86: =InpR!O$67 -> 0 | P86: =InpR!P$67 -> 0 | Q86: =InpR!Q$67 -> 0 | R86: =InpR!R$67 -> 0
E88: RPI: Financial year average - index - actual (including forecast) | G88: index | J88: =SUM(J75:J86) / 12 -> 0 | K88: =SUM(K75:K86) / 12 -> 283.30833 | L88: =SUM(L75:L86) / 12 -> 290.64167 | M88: =SUM(M75:M86) / 12 -> 171.13333 | N88: =SUM(N75:N86) / 12 -> 0 | O88: =SUM(O75:O86) / 12 -> 0 | P88: =SUM(P75:P86) / 12 -> 0 | Q88: =SUM(Q75:Q86) / 12 -> 0 | R88: =SUM(R75:R86) / 12 -> 0
E89: RPI: Fin year average - percentage increase - actual (including forecast) | G89: % | J89: =IF(I$88 = 0, 0, J$88 / I$88 - 1) -> 0 | K89: =IF(J$88 = 0, 0, K$88 / J$88 - 1) -> 0 | L89: =IF(K$88 = 0, 0, L$88 / K$88 - 1) -> 0.025884637 | M89: =IF(L$88 = 0, 0, M$88 / L$88 - 1) -> -0.41118789 | N89: =IF(M$88 = 0, 0, N$88 / M$88 - 1) -> -1 | O89: =IF(N$88 = 0, 0, O$88 / N$88 - 1) -> 0 | P89: =IF(O$88 = 0, 0, P$88 / O$88 - 1) -> 0 | Q89: =IF(P$88 = 0, 0, Q$88 / P$88 - 1) -> 0 | R89: =IF(Q$88 = 0, 0, R$88 / Q$88 - 1) -> 0
E91: =E$86 -> RPI: March - index - actual (including forecast) | G91: =G$86 -> index | H91: =H$86 -> ONS, RPI All Items Index: Jan 1987=100 | I91: =I$86 -> #REF! | J91: =J$86 -> 0 | K91: =K$86 -> 285.1 | L91: =L$86 -> 292.6 | M91: =M$86 -> 0 | N91: =N$86 -> 0 | ... R91: =R$86 -> 0
E92: =E$88 -> RPI: Financial year average - index - actual (including forecast) | G92: =G$88 -> index | H92: =H$88 -> 0 | I92: =I$88 -> 0 | J92: =J$88 -> 0 | K92: =K$88 -> 283.30833 | L92: =L$88 -> 290.64167 | M92: =M$88 -> 171.13333 | N92: =N$88 -> 0 | ... R92: =R$88 -> 0
E93: =Time!E$46 -> 1st Forecast Period Flag | G93: =Time!G$46 -> flag | H93: =Time!H$46 -> 1 | I93: =Time!I$46 -> 0 | J93: =Time!J$46 -> 0 | K93: =Time!K$46 -> 0 | L93: =Time!L$46 -> 0 | M93: =Time!M$46 -> 1 | N93: =Time!N$46 -> 0 | ... R93: =Time!R$46 -> 0
E94: RPI Growth from 2019-20 FYE to 2020-21 FYA - actual (including forecast) | G94: % | J94: =IFERROR((J92 / I91 - 1) * J93, 0) -> 0 | K94: =IFERROR((K92 / J91 - 1) * K93, 0) -> 0 | L94: =IFERROR((L92 / K91 - 1) * L93, 0) -> 0 | M94: =IFERROR((M92 / L91 - 1) * M93, 0) -> -0.41512873 | N94: =IFERROR((N92 / M91 - 1) * N93, 0) -> 0 | O94: =IFERROR((O92 / N91 - 1) * O93, 0) -> 0 | P94: =IFERROR((P92 / O91 - 1) * P93, 0) -> 0 | Q94: =IFERROR((Q92 / P91 - 1) * Q93, 0) -> 0 | R94: =IFERROR((R92 / Q91 - 1) * R93, 0) -> 0
B96: CPI(H) - outturn
E97: =InpR!E$70 -> CPI(H): April - index - actual (including forecast) | G97: =InpR!G$70 -> index | H97: =InpR!I$70 -> ONS, CPIH INDEX 00: ALL ITEMS 2015=100 | I97: =InpR!#REF! -> #REF! | J97: =InpR!J$70 -> 103.2 | K97: =InpR!K$70 -> 105.5 | L97: =InpR!L$70 -> 107.6 | M97: =InpR!M$70 -> 108.6 | N97: =InpR!N$70 -> 0 | O97: =InpR!O$70 -> 0 | P97: =InpR!P$70 -> 0 | Q97: =InpR!Q$70 -> 0 | R97: =InpR!R$70 -> 0
E98: =InpR!E$71 -> CPI(H): May - index - actual (including forecast) | G98: =InpR!G$71 -> index | H98: =InpR!I$71 -> ONS, CPIH INDEX 00: ALL ITEMS 2015=100 | I98: =InpR!#REF! -> #REF! | J98: =InpR!J$71 -> 103.5 | K98: =InpR!K$71 -> 105.9 | L98: =InpR!L$71 -> 107.9 | M98: =InpR!M$71 -> 108.6 | N98: =InpR!N$71 -> 0 | O98: =InpR!O$71 -> 0 | P98: =InpR!P$71 -> 0 | Q98: =InpR!Q$71 -> 0 | R98: =InpR!R$71 -> 0
E99: =InpR!E$72 -> CPI(H): June - index - actual (including forecast) | G99: =InpR!G$72 -> index | H99: =InpR!I$72 -> ONS, CPIH INDEX 00: ALL ITEMS 2015=100 | I99: =InpR!#REF! -> #REF! | J99: =InpR!J$72 -> 103.5 | K99: =InpR!K$72 -> 105.9 | L99: =InpR!L$72 -> 107.9 | M99: =InpR!M$72 -> 108.8 | N99: =InpR!N$72 -> 0 | O99: =InpR!O$72 -> 0 | P99: =InpR!P$72 -> 0 | Q99: =InpR!Q$72 -> 0 | R99: =InpR!R$72 -> 0
E100: =InpR!E$73 -> CPI(H): July - index - actual (including forecast) | G100: =InpR!G$73 -> index | H100: =InpR!I$73 -> ONS, CPIH INDEX 00: ALL ITEMS 2015=100 | I100: =InpR!#REF! -> #REF! | J100: =InpR!J$73 -> 103.5 | K100: =InpR!K$73 -> 105.9 | L100: =InpR!L$73 -> 108 | M100: =InpR!M$73 -> 109.2 | N100: =InpR!N$73 -> 0 | O100: =InpR!O$73 -> 0 | P100: =InpR!P$73 -> 0 | Q100: =InpR!Q$73 -> 0 | R100: =InpR!R$73 -> 0
E101: =InpR!E$74 -> CPI(H): August - index - actual (including forecast) | G101: =InpR!G$74 -> index | H101: =InpR!I$74 -> ONS, CPIH INDEX 00: ALL ITEMS 2015=100 | I101: =InpR!#REF! -> #REF! | J101: =InpR!J$74 -> 104 | K101: =InpR!K$74 -> 106.5 | L101: =InpR!L$74 -> 108.3 | M101: =InpR!M$74 -> 108.8 | N101: =InpR!N$74 -> 0 | O101: =InpR!O$74 -> 0 | P101: =InpR!P$74 -> 0 | Q101: =InpR!Q$74 -> 0 | R101: =InpR!R$74 -> 0
E102: =InpR!E$75 -> CPI(H): September - index - actual (including forecast) | G102: =InpR!G$75 -> index | H102: =InpR!I$75 -> ONS, CPIH INDEX 00: ALL ITEMS 2015=100 | I102: =InpR!#REF! -> #REF! | J102: =InpR!J$75 -> 104.3 | K102: =InpR!K$75 -> 106.6 | L102: =InpR!L$75 -> 108.4 | M102: =InpR!M$75 -> 109.2 | N102: =InpR!N$75 -> 0 | O102: =InpR!O$75 -> 0 | P102: =InpR!P$75 -> 0 | Q102: =InpR!Q$75 -> 0 | R102: =InpR!R$75 -> 0
E103: =InpR!E$76 -> CPI(H): October - index - actual (including forecast) | G103: =InpR!G$76 -> index | H103: =InpR!I$76 -> ONS, CPIH INDEX 00: ALL ITEMS 2015=100 | I103: =InpR!#REF! -> #REF! | J103: =InpR!J$76 -> 104.4 | K103: =InpR!K$76 -> 106.7 | L103: =InpR!L$76 -> 108.3 | M103: =InpR!M$76 -> 109.2 | N103: =InpR!N$76 -> 0 | O103: =InpR!O$76 -> 0 | P103: =InpR!P$76 -> 0 | Q103: =InpR!Q$76 -> 0 | R103: =InpR!R$76 -> 0
E104: =InpR!E$77 -> CPI(H): November - index - actual (including forecast) | G104: =InpR!G$77 -> index | H104: =InpR!I$77 -> ONS, CPIH INDEX 00: ALL ITEMS 2015=100 | I104: =InpR!#REF! -> #REF! | J104: =InpR!J$77 -> 104.7 | K104: =InpR!K$77 -> 106.9 | L104: =InpR!L$77 -> 108.5 | M104: =InpR!M$77 -> 0 | N104: =InpR!N$77 -> 0 | O104: =InpR!O$77 -> 0 | P104: =InpR!P$77 -> 0 | Q104: =InpR!Q$77 -> 0 | R104: =InpR!R$77 -> 0
E105: =InpR!E$78 -> CPI(H): December - index - actual (including forecast) | G105: =InpR!G$78 -> index | H105: =InpR!I$78 -> ONS, CPIH INDEX 00: ALL ITEMS 2015=100 | I105: =InpR!#REF! -> #REF! | J105: =InpR!J$78 -> 105 | K105: =InpR!K$78 -> 107.1 | L105: =InpR!L$78 -> 108.5 | M105: =InpR!M$78 -> 0 | N105: =InpR!N$78 -> 0 | O105: =InpR!O$78 -> 0 | P105: =InpR!P$78 -> 0 | Q105: =InpR!Q$78 -> 0 | R105: =InpR!R$78 -> 0
E106: =InpR!E$79 -> CPI(H): January - index - actual (including forecast) | G106: =InpR!G$79 -> index | H106: =InpR!I$79 -> ONS, CPIH INDEX 00: ALL ITEMS 2015=100 | I106: =InpR!#REF! -> #REF! | J106: =InpR!J$79 -> 104.5 | K106: =InpR!K$79 -> 106.4 | L106: =InpR!L$79 -> 108.3 | M106: =InpR!M$79 -> 0 | N106: =InpR!N$79 -> 0 | O106: =InpR!O$79 -> 0 | P106: =InpR!P$79 -> 0 | Q106: =InpR!Q$79 -> 0 | R106: =InpR!R$79 -> 0
E107: =InpR!E$80 -> CPI(H): February - index - actual (including forecast) | G107: =InpR!G$80 -> index | H107: =InpR!I$80 -> ONS, CPIH INDEX 00: ALL ITEMS 2015=100 | I107: =InpR!#REF! -> #REF! | J107: =InpR!J$80 -> 104.9 | K107: =InpR!K$80 -> 106.8 | L107: =InpR!L$80 -> 108.6 | M107: =InpR!M$80 -> 0 | N107: =InpR!N$80 -> 0 | O107: =InpR!O$80 -> 0 | P107: =InpR!P$80 -> 0 | Q107: =InpR!Q$80 -> 0 | R107: =InpR!R$80 -> 0
E108: =InpR!E$81 -> CPI(H): March - index - actual (including forecast) | G108: =InpR!G$81 -> index | H108: =InpR!I$81 -> ONS, CPIH INDEX 00: ALL ITEMS 2015=100 | I108: =InpR!#REF! -> #REF! | J108: =InpR!J$81 -> 105.1 | K108: =InpR!K$81 -> 107 | L108: =InpR!L$81 -> 108.6 | M108: =InpR!M$81 -> 0 | N108: =InpR!N$81 -> 0 | O108: =InpR!O$81 -> 0 | P108: =InpR!P$81 -> 0 | Q108: =InpR!Q$81 -> 0 | R108: =InpR!R$81 -> 0
E110: CPI(H): Financial year average - index - actual (including forecast) | G110: index | J110: =SUM(J97:J108) / 12 -> 104.21667 | K110: =SUM(K97:K108) / 12 -> 106.43333 | L110: =SUM(L97:L108) / 12 -> 108.24167 | M110: =SUM(M97:M108) / 12 -> 63.533333 | N110: =SUM(N97:N108) / 12 -> 0 | O110: =SUM(O97:O108) / 12 -> 0 | P110: =SUM(P97:P108) / 12 -> 0 | Q110: =SUM(Q97:Q108) / 12 -> 0 | R110: =SUM(R97:R108) / 12 -> 0
E111: CPI(H): Fin year average - inflate from base year 2017-18 average - actual (including forecast) | G111: % | J111: =IF(I$110 = 0, 0, J$110 / $J$110) -> 0 | K111: =IF(J$110 = 0, 0, K$110 / $J$110) -> 1.0212698 | L111: =IF(K$110 = 0, 0, L$110 / $J$110) -> 1.0386215 | M111: =IF(L$110 = 0, 0, M$110 / $J$110) -> 0.60962738 | N111: =IF(M$110 = 0, 0, N$110 / $J$110) -> 0 | O111: =IF(N$110 = 0, 0, O$110 / $J$110) -> 0 | P111: =IF(O$110 = 0, 0, P$110 / $J$110) -> 0 | Q111: =IF(P$110 = 0, 0, Q$110 / $J$110) -> 0 | R111: =IF(Q$110 = 0, 0, R$110 / $J$110) -> 0
E112: CPI(H): Fin year average - percentage increase - actual (including forecast) | G112: % | J112: =IF(I$110 = 0, 0, J$110 / I$110 - 1) -> 0 | K112: =IF(J$110 = 0, 0, K$110 / J$110 - 1) -> 0.021269791 | L112: =IF(K$110 = 0, 0, L$110 / K$110 - 1) -> 0.016990291 | M112: =IF(L$110 = 0, 0, M$110 / L$110 - 1) -> -0.4130418 | N112: =IF(M$110 = 0, 0, N$110 / M$110 - 1) -> -1 | O112: =IF(N$110 = 0, 0, O$110 / N$110 - 1) -> 0 | P112: =IF(O$110 = 0, 0, P$110 / O$110 - 1) -> 0 | Q112: =IF(P$110 = 0, 0, Q$110 / P$110 - 1) -> 0 | R112: =IF(Q$110 = 0, 0, R$110 / Q$110 - 1) -> 0
E114: =E$108 -> CPI(H): March - index - actual (including forecast) | G114: =G$108 -> index | H114: =H$108 -> ONS, CPIH INDEX 00: ALL ITEMS 2015=100 | J114: =J$108 -> 105.1 | K114: =K$108 -> 107 | L114: =L$108 -> 108.6 | M114: =M$108 -> 0 | N114: =N$108 -> 0 | O114: =O$108 -> 0 | P114: =P$108 -> 0 | Q114: =Q$108 -> 0 | R114: =R$108 -> 0
E115: =E$110 -> CPI(H): Financial year average - index - actual (including forecast) | G115: =G$110 -> index | H115: =H$110 -> 0 | J115: =J$110 -> 104.21667 | K115: =K$110 -> 106.43333 | L115: =L$110 -> 108.24167 | M115: =M$110 -> 63.533333 | N115: =N$110 -> 0 | O115: =O$110 -> 0 | P115: =P$110 -> 0 | Q115: =Q$110 -> 0 | R115: =R$110 -> 0
E116: =Time!E$46 -> 1st Forecast Period Flag | G116: =Time!G$46 -> flag | H116: =Time!H$46 -> 1 | I116: =Time!I$46 -> 0 | J116: =Time!J$46 -> 0 | K116: =Time!K$46 -> 0 | L116: =Time!L$46 -> 0 | M116: =Time!M$46 -> 1 | N116: =Time!N$46 -> 0 | ... R116: =Time!R$46 -> 0
E117: CPIH Growth from 2019-20 FYE to 2020-21 FYA - actual (including forecast) | G117: % | J117: =IFERROR((J115 / I114 - 1) * J116, 0) -> 0 | K117: =IFERROR((K115 / J114 - 1) * K116, 0) -> 0 | L117: =IFERROR((L115 / K114 - 1) * L116, 0) -> 0 | M117: =IFERROR((M115 / L114 - 1) * M116, 0) -> -0.41497851 | N117: =IFERROR((N115 / M114 - 1) * N116, 0) -> 0 | O117: =IFERROR((O115 / N114 - 1) * O116, 0) -> 0 | P117: =IFERROR((P115 / O114 - 1) * P116, 0) -> 0 | Q117: =IFERROR((Q115 / P114 - 1) * Q116, 0) -> 0 | R117: =IFERROR((R115 / Q114 - 1) * R116, 0) -> 0
E119: =E$94 & " - actual (including forecast)" -> RPI Growth from 2019-20 FYE to 2020-21 FYA - actual (including forecast) - actual (including forecast) | G119: =G$94 -> % | J119: =J$94 -> 0 | K119: =K$94 -> 0 | L119: =L$94 -> 0 | M119: =M$94 -> -0.41512873 | N119: =N$94 -> 0 | O119: =O$94 -> 0 | P119: =P$94 -> 0 | Q119: =Q$94 -> 0 | R119: =R$94 -> 0
...

Sheet Calcs-WR
A1: =RIGHT(CELL("filename", $A$1), LEN(CELL("filename", $A$1)) - SEARCH("]", CELL("filename", $A$1))) -> Calcs-WR
E2: =Time!E$23 -> Model Period END | F2: =Checks!$F$9 -> 0 | G2: Error chks | J2: =Time!J$23 -> 43190 | K2: =Time!K$23 -> 43555 | L2: =Time!L$23 -> 43921 | M2: =Time!M$23 -> 44286 | N2: =Time!N$23 -> 44651 | O2: =Time!O$23 -> 45016 | P2: =Time!P$23 -> 45382 | Q2: =Time!Q$23 -> 45747 | R2: =Time!R$23 -> 46112
E3: =Time!E$59 -> Pre Forecast vs Forecast | J3: =Time!J$59 -> Pre Fcst | K3: =Time!K$59 -> Pre Fcst | L3: =Time!L$59 -> Pre Fcst | M3: =Time!M$59 -> Forecast | N3: =Time!N$59 -> Forecast | O3: =Time!O$59 -> Forecast | P3: =Time!P$59 -> Forecast | Q3: =Time!Q$59 -> Forecast | R3: =Time!R$59 -> Post-Fcst
J4: =Time!J$86 -> 2018 | K4: =Time!K$86 -> 2019 | L4: =Time!L$86 -> 2020 | M4: =Time!M$86 -> 2021 | N4: =Time!N$86 -> 2022 | O4: =Time!O$86 -> 2023 | P4: =Time!P$86 -> 2024 | Q4: =Time!Q$86 -> 2025 | R4: =Time!R$86 -> 2026
E6: =Time!E$11 -> Model column counter | F6: Constant | G6: Unit | H6: Total | J6: =Time!J$11 -> 1 | K6: =Time!K$11 -> 2 | L6: =Time!L$11 -> 3 | M6: =Time!M$11 -> 4 | N6: =Time!N$11 -> 5 | O6: =Time!O$11 -> 6 | P6: =Time!P$11 -> 7 | Q6: =Time!Q$11 -> 8 | R6: =Time!R$11 -> 9
A8: FORECAST POSITION AT PR19 FINAL DETERMINATION
C10: This section replicates the RCV calculations in the PR19 final determination financial model.
B12: Forecast inflation
E13: =Index!E$48 -> CPI(H): Fin year average - percentage increase - final determination | F13: =Index!F$48 -> 0 | G13: =Index!G$48 -> % | H13: =Index!H$48 -> 0 | I13: =Index!I$48 -> 0 | J13: =Index!J$48 -> 0 | K13: =Index!K$48 -> 0.021269791 | L13: =Index!L$48 -> 0.019909655 | ... R13: =Index!R$48 -> 0.02
E14: =Index!E$71 -> Forecast RPI/CPIH wedge - final determination | F14: =Index!F$71 -> 0 | G14: =Index!G$71 -> % | H14: =Index!H$71 -> 0 | I14: =Index!I$71 -> 0 | J14: =Index!J$71 -> 0 | K14: =Index!K$71 -> -0.021269791 | L14: =Index!L$71 -> 0.011612485 | ... R14: =Index!R$71 -> 0.01
E15: Forecast Indexation percentage | G15: % | J15: =SUM(J13:J14) -> 0 | K15: =SUM(K13:K14) -> 0 | L15: =SUM(L13:L14) -> 0.031522141 | M15: =SUM(M13:M14) -> 0.024258092 | N15: =SUM(N13:N14) -> 0.029587649 | O15: =SUM(O13:O14) -> 0.031503683 | P15: =SUM(P13:P14) -> 0.032 | Q15: =SUM(Q13:Q14) -> 0.032 | R15: =SUM(R13:R14) -> 0.03
E17: =Time!E$40 -> Acquisition / initial balance date flag | F17: =Time!F$40 -> 0 | G17: =Time!G$40 -> flag | H17: =Time!H$40 -> 1 | I17: =Time!I$40 -> 0 | J17: =Time!J$40 -> 0 | K17: =Time!K$40 -> 0 | L17: =Time!L$40 -> 1 | ... R17: =Time!R$40 -> 0
E18: =Index!E$48 -> CPI(H): Fin year average - percentage increase - final determination | F18: =Index!F$48 -> 0 | G18: =Index!G$48 -> % | H18: =Index!H$48 -> 0 | I18: =Index!I$48 -> 0 | J18: =Index!J$48 -> 0 | K18: =Index!K$48 -> 0.021269791 | L18: =Index!L$48 -> 0.019909655 | ... R18: =Index!R$48 -> 0.02
E19: Cumulative CPIH inflation | J19: =IF(J17=1,1,I19*(1+J18)) -> 0 | K19: =IF(K17=1,1,J19*(1+K18)) -> 0 | L19: =IF(L17=1,1,K19*(1+L18)) -> 1 | M19: =IF(M17=1,1,L19*(1+M18)) -> 1.0198336 | N19: =IF(N17=1,1,M19*(1+N18)) -> 1.0402731 | O19: =IF(O17=1,1,N19*(1+O18)) -> 1.0618601 | P19: =IF(P17=1,1,O19*(1+P18)) -> 1.0841592 | Q19: =IF(Q17=1,1,P19*(1+Q18)) -> 1.1069265 | R19: =IF(R17=1,1,Q19*(1+R18)) -> 1.129065
B21: Forecast RCV balance
E22: =E$34 -> Forecast Nominal RCV balance BEG | F22: =F$34 -> 0 | G22: =G$34 -> £m | H22: =H$34 -> 0 | I22: =I$34 -> 0 | J22: =J$34 -> 0 | K22: =K$34 -> 0 | L22: =L$34 -> 0 | ... R22: =R$34 -> 0
E23: =E$15 -> Forecast Indexation percentage | F23: =F$15 -> 0 | G23: =G$15 -> % | H23: =H$15 -> 0 | I23: =I$15 -> 0 | J23: =J$15 -> 0 | K23: =K$15 -> 0 | L23: =L$15 -> 0.031522141 | ... R23: =R$15 -> 0.03
E24: Forecast RCV indexation | G24: £m | J24: =J22*J23 -> 0 | K24: =K22*K23 -> 0 | L24: =L22*L23 -> 0 | M24: =M22*M23 -> 0 | N24: =N22*N23 -> 0 | O24: =O22*O23 -> 0 | P24: =P22*P23 -> 0 | Q24: =Q22*Q23 -> 0 | R24: =R22*R23 -> 0
E26: =InpR!E$94 -> Run-off rate - CPI(H) + RPI wedge - active - WR | F26: =InpR!F$94 -> 0 | G26: =InpR!G$94 -> % | H26: =InpR!I$94 -> PR19 Financial model, 'F_OutputsMaster' sheet row 953, PR19FM2090POST | I26: =InpR!#REF! -> #REF! | J26: =InpR!J$94 -> 0 | K26: =InpR!K$94 -> 0 | L26: =InpR!L$94 -> 0 | M26: =InpR!M$94 -> 0 | N26: =InpR!N$94 -> 0 | O26: =InpR!O$94 -> 0 | P26: =InpR!P$94 -> 0 | Q26: =InpR!Q$94 -> 0 | R26: =InpR!R$94 -> 0
E27: =E$34 -> Forecast Nominal RCV balance BEG | F27: =F$34 -> 0 | G27: =G$34 -> £m | H27: =H$34 -> 0 | I27: =I$34 -> 0 | J27: =J$34 -> 0 | K27: =K$34 -> 0 | L27: =L$34 -> 0 | ... R27: =R$34 -> 0
E28: =E$24 -> Forecast RCV indexation | F28: =F$24 -> 0 | G28: =G$24 -> £m | H28: =H$24 -> 0 | I28: =I$24 -> 0 | J28: =J$24 -> 0 | K28: =K$24 -> 0 | L28: =L$24 -> 0 | ... R28: =R$24 -> 0
E29: Forecast RCV run-off | G29: £m | J29: =(J27+J28) * J26 -> 0 | K29: =(K27+K28) * K26 -> 0 | L29: =(L27+L28) * L26 -> 0 | M29: =(M27+M28) * M26 -> 0 | N29: =(N27+N28) * N26 -> 0 | O29: =(O27+O28) * O26 -> 0 | P29: =(P27+P28) * P26 -> 0 | Q29: =(Q27+Q28) * Q26 -> 0 | R29: =(R27+R28) * R26 -> 0
E31: =InpR!$E$87 -> RCV - CPI(H) + RPI wedge initial balance - nominal - WR | F31: =InpR!$F$87 -> 0 | G31: =InpR!$G$87 -> £m
E32: =Time!E$40 -> Acquisition / initial balance date flag | F32: =Time!F$40 -> 0 | G32: =Time!G$40 -> flag | H32: =Time!H$40 -> 1 | I32: =Time!I$40 -> 0 | J32: =Time!J$40 -> 0 | K32: =Time!K$40 -> 0 | L32: =Time!L$40 -> 1 | ... R32: =Time!R$40 -> 0
E34: Forecast Nominal RCV balance BEG | G34: £m | J34: =I37 -> 0 | K34: =J37 -> 0 | L34: =K37 -> 0 | M34: =L37 -> 0 | N34: =M37 -> 0 | O34: =N37 -> 0 | P34: =O37 -> 0 | Q34: =P37 -> 0 | R34: =Q37 -> 0
D35: Plus: | E35: =E$24 -> Forecast RCV indexation | F35: =F$24 -> 0 | G35: =G$24 -> £m | H35: =H$24 -> 0 | I35: =I$24 -> 0 | J35: =J$24 -> 0 | K35: =K$24 -> 0 | L35: =L$24 -> 0 | ... R35: =R$24 -> 0
D36: Less: | E36: =E$29 -> Forecast RCV run-off | F36: =F$29 -> 0 | G36: =G$29 -> £m | H36: =H$29 -> 0 | I36: =I$29 -> 0 | J36: =J$29 -> 0 | K36: =K$29 -> 0 | L36: =L$29 -> 0 | ... R36: =R$29 -> 0
E37: Forecast Nominal RCV balance END | G37: £m | J37: =IF( J32 = 1, $F31, J34 + J35 - J36) -> 0 | K37: =IF( K32 = 1, $F31, K34 + K35 - K36) -> 0 | L37: =IF( L32 = 1, $F31, L34 + L35 - L36) -> 0 | M37: =IF( M32 = 1, $F31, M34 + M35 - M36) -> 0 | N37: =IF( N32 = 1, $F31, N34 + N35 - N36) -> 0 | O37: =IF( O32 = 1, $F31, O34 + O35 - O36) -> 0 | P37: =IF( P32 = 1, $F31, P34 + P35 - P36) -> 0 | Q37: =IF( Q32 = 1, $F31, Q34 + Q35 - Q36) -> 0 | R37: =IF( R32 = 1, $F31, R34 + R35 - R36) -> 0
E39: =E$27 -> Forecast Nominal RCV balance BEG | F39: =F$27 -> 0 | G39: =G$27 -> £m | H39: =H$27 -> 0 | I39: =I$27 -> 0 | J39: =J$27 -> 0 | K39: =K$27 -> 0 | L39: =L$27 -> 0 | ... R39: =R$27 -> 0
E40: =E$24 -> Forecast RCV indexation | F40: =F$24 -> 0 | G40: =G$24 -> £m | H40: =H$24 -> 0 | I40: =I$24 -> 0 | J40: =J$24 -> 0 | K40: =K$24 -> 0 | L40: =L$24 -> 0 | ... R40: =R$24 -> 0
E41: =E$37 -> Forecast Nominal RCV balance END | F41: =F$37 -> 0 | G41: =G$37 -> £m | H41: =H$37 -> 0 | I41: =I$37 -> 0 | J41: =J$37 -> 0 | K41: =K$37 -> 0 | L41: =L$37 -> 0 | ... R41: =R$37 -> 0
E42: Forecast RCV average balance | G42: £m | J42: =( (J39+J40) + J41) / 2 -> 0 | K42: =( (K39+K40) + K41) / 2 -> 0 | L42: =( (L39+L40) + L41) / 2 -> 0 | M42: =( (M39+M40) + M41) / 2 -> 0 | N42: =( (N39+N40) + N41) / 2 -> 0 | O42: =( (O39+O40) + O41) / 2 -> 0 | P42: =( (P39+P40) + P41) / 2 -> 0 | Q42: =( (Q39+Q40) + Q41) / 2 -> 0 | R42: =( (R39+R40) + R41) / 2 -> 0
B44: Forecast return on RCV
E45: =InpR!E$101 -> WACC on RCV - CPI(H) + RPI wedge bf and additions - WR | F45: =InpR!F$101 -> 0 | G45: =InpR!G$101 -> % | H45: =InpR!I$101 -> PR19 Financial model, 'Water Resources' sheet row 980 | I45: =InpR!#REF! -> #REF! | J45: =InpR!J$101 -> 0 | K45: =InpR!K$101 -> 0 | L45: =InpR!L$101 -> 0 | M45: =InpR!M$101 -> 0 | N45: =InpR!N$101 -> 0 | O45: =InpR!O$101 -> 0 | P45: =InpR!P$101 -> 0 | Q45: =InpR!Q$101 -> 0 | R45: =InpR!R$101 -> 0
E46: =Time!E$54 -> Forecast Period Flag | F46: =Time!F$54 -> 0 | G46: =Time!G$54 -> flag | H46: =Time!H$54 -> 5 | I46: =Time!I$54 -> 0 | J46: =Time!J$54 -> 0 | K46: =Time!K$54 -> 0 | L46: =Time!L$54 -> 0 | ... R46: =Time!R$54 -> 0
E47: =E$42 -> Forecast RCV average balance | F47: =F$42 -> 0 | G47: =G$42 -> £m | H47: =H$42 -> 0 | I47: =I$42 -> 0 | J47: =J$42 -> 0 | K47: =K$42 -> 0 | L47: =L$42 -> 0 | ... R47: =R$42 -> 0
E48: Forecast nominal return | G48: £m | J48: =J45*J47*J46 -> 0 | K48: =K45*K47*K46 -> 0 | L48: =L45*L47*L46 -> 0 | M48: =M45*M47*M46 -> 0 | N48: =N45*N47*N46 -> 0 | O48: =O45*O47*O46 -> 0 | P48: =P45*P47*P46 -> 0 | Q48: =Q45*Q47*Q46 -> 0 | R48: =R45*R47*R46 -> 0
B50: Forecast total revenue
E51: =E$29 -> Forecast RCV run-off | F51: =F$29 -> 0 | G51: =G$29 -> £m | H51: =H$29 -> 0 | I51: =I$29 -> 0 | J51: =J$29 -> 0 | K51: =K$29 -> 0 | L51: =L$29 -> 0 | ... R51: =R$29 -> 0
E52: =E$48 -> Forecast nominal return | F52: =F$48 -> 0 | G52: =G$48 -> £m | H52: =H$48 -> 0 | I52: =I$48 -> 0 | J52: =J$48 -> 0 | K52: =K$48 -> 0 | L52: =L$48 -> 0 | ... R52: =R$48 -> 0
E53: Total Forecast revenue to company | G53: =G$48 -> £m | H53: =SUM(J53:R53) -> 0 | J53: =SUM(J51:J52) -> 0 | K53: =SUM(K51:K52) -> 0 | L53: =SUM(L51:L52) -> 0 | M53: =SUM(M51:M52) -> 0 | N53: =SUM(N51:N52) -> 0 | O53: =SUM(O51:O52) -> 0 | P53: =SUM(P51:P52) -> 0 | Q53: =SUM(Q51:Q52) -> 0 | R53: =SUM(R51:R52) -> 0
A55: What the company actually experienced
C57: This section calculates the revenue that the company actually receives.
C58: The CPIH + K mechanism in the licence is designed to compensate companies for varitions in actual and forecast CPIH.
C59: The model therefore assumes that forecast and actual CPIH are identical so that the impact of variations in the CPIH RPI wedge can be viewed.
E61: Actual nominal revenue | G61: £m | J61: =J53 -> 0 | K61: =K53 -> 0 | L61: =L53 -> 0 | M61: =M53 -> 0 | N61: =N53 -> 0 | O61: =O53 -> 0 | P61: =P53 -> 0 | Q61: =Q53 -> 0 | R61: =R53 -> 0
A63: WHAT THE COMPANY SHOULD HAVE EXPERIENCED
C65: This section calculates the revenue that the company should have been allowed, assuming that Ofwat had perfect foresight of the actual RPI CPIH wedge.
B67: Inflation based on actual wedge
E68: =Index!E$48 -> CPI(H): Fin year average - percentage increase - final determination | F68: =Index!F$48 -> 0 | G68: =Index!G$48 -> % | H68: =Index!H$48 -> 0 | I68: =Index!I$48 -> 0 | J68: =Index!J$48 -> 0 | K68: =Index!K$48 -> 0.021269791 | L68: =Index!L$48 -> 0.019909655 | ... R68: =Index!R$48 -> 0.02
E69: =Index!E$135 -> Actual RPI/CPIH wedge - actual (including forecast) | F69: =Index!F$135 -> 0 | G69: =Index!G$135 -> % | H69: =Index!H$135 -> 0 | I69: =Index!I$135 -> 0 | J69: =Index!J$135 -> 0 | K69: =Index!K$135 -> -0.042539581 | L69: =Index!L$135 -> 0.0088943456 | ... R69: =Index!R$135 -> 0
E70: Actual Indexation percentage | J70: =SUM(J68:J69) -> 0 | K70: =SUM(K68:K69) -> -0.021269791 | L70: =SUM(L68:L69) -> 0.028804001 | M70: =SUM(M68:M69) -> 0.019682927 | N70: =SUM(N68:N69) -> 0.020041983 | O70: =SUM(O68:O69) -> 0.020751252 | P70: =SUM(P68:P69) -> 0.021 | Q70: =SUM(Q68:Q69) -> 0.021 | R70: =SUM(R68:R69) -> 0.02
B72: RCV balance based on actual wedge
E73: =E$85 -> Actual Nominal RCV balance BEG | F73: =F$85 -> 0 | G73: =G$85 -> £m | H73: =H$85 -> 0 | I73: =I$85 -> 0 | J73: =J$85 -> 0 | K73: =K$85 -> 0 | L73: =L$85 -> 0 | ... R73: =R$85 -> 0
E74: =E$70 -> Actual Indexation percentage | F74: =F$70 -> 0 | G74: =G$70 -> 0 | H74: =H$70 -> 0 | I74: =I$70 -> 0 | J74: =J$70 -> 0 | K74: =K$70 -> -0.021269791 | L74: =L$70 -> 0.028804001 | ... R74: =R$70 -> 0.02
E75: Actual RCV indexation | G75: £m | J75: =J73*J74 -> 0 | K75: =K73*K74 -> 0 | L75: =L73*L74 -> 0 | M75: =M73*M74 -> 0 | N75: =N73*N74 -> 0 | O75: =O73*O74 -> 0 | P75: =P73*P74 -> 0 | Q75: =Q73*Q74 -> 0 | R75: =R73*R74 -> 0
E77: =InpR!E$94 -> Run-off rate - CPI(H) + RPI wedge - active - WR | F77: =InpR!F$94 -> 0 | G77: =InpR!G$94 -> % | H77: =InpR!I$94 -> PR19 Financial model, 'F_OutputsMaster' sheet row 953, PR19FM2090POST | I77: =InpR!#REF! -> #REF! | J77: =InpR!J$94 -> 0 | K77: =InpR!K$94 -> 0 | L77: =InpR!L$94 -> 0 | M77: =InpR!M$94 -> 0 | N77: =InpR!N$94 -> 0 | O77: =InpR!O$94 -> 0 | P77: =InpR!P$94 -> 0 | Q77: =InpR!Q$94 -> 0 | R77: =InpR!R$94 -> 0
E78: =E$85 -> Actual Nominal RCV balance BEG | F78: =F$85 -> 0 | G78: =G$85 -> £m | H78: =H$85 -> 0 | I78: =I$85 -> 0 | J78: =J$85 -> 0 | K78: =K$85 -> 0 | L78: =L$85 -> 0 | ... R78: =R$85 -> 0
E79: =E$75 -> Actual RCV indexation | F79: =F$75 -> 0 | G79: =G$75 -> £m | H79: =H$75 -> 0 | I79: =I$75 -> 0 | J79: =J$75 -> 0 | K79: =K$75 -> 0 | L79: =L$75 -> 0 | ... R79: =R$75 -> 0
E80: RCV run-off company should have received | G80: £m | J80: =(J78+J79) * J77 -> 0 | K80: =(K78+K79) * K77 -> 0 | L80: =(L78+L79) * L77 -> 0 | M80: =(M78+M79) * M77 -> 0 | N80: =(N78+N79) * N77 -> 0 | O80: =(O78+O79) * O77 -> 0 | P80: =(P78+P79) * P77 -> 0 | Q80: =(Q78+Q79) * Q77 -> 0 | R80: =(R78+R79) * R77 -> 0
E82: =InpR!$E$87 -> RCV - CPI(H) + RPI wedge initial balance - nominal - WR | F82: =InpR!$F$87 -> 0 | G82: =InpR!$G$87 -> £m
E83: =Time!E$40 -> Acquisition / initial balance date flag | F83: =Time!F$40 -> 0 | G83: =Time!G$40 -> flag | H83: =Time!H$40 -> 1 | I83: =Time!I$40 -> 0 | J83: =Time!J$40 -> 0 | K83: =Time!K$40 -> 0 | L83: =Time!L$40 -> 1 | ... R83: =Time!R$40 -> 0
E85: Actual Nominal RCV balance BEG | G85: £m | J85: =I88 -> 0 | K85: =J88 -> 0 | L85: =K88 -> 0 | M85: =L88 -> 0 | N85: =M88 -> 0 | O85: =N88 -> 0 | P85: =O88 -> 0 | Q85: =P88 -> 0 | R85: =Q88 -> 0
D86: Plus: | E86: =E$75 -> Actual RCV indexation | F86: =F$75 -> 0 | G86: =G$75 -> £m | H86: =H$75 -> 0 | I86: =I$75 -> 0 | J86: =J$75 -> 0 | K86: =K$75 -> 0 | L86: =L$75 -> 0 | ... R86: =R$75 -> 0
D87: Less: | E87: =E$80 -> RCV run-off company should have received | F87: =F$80 -> 0 | G87: =G$80 -> £m | H87: =H$80 -> 0 | I87: =I$80 -> 0 | J87: =J$80 -> 0 | K87: =K$80 -> 0 | L87: =L$80 -> 0 | ... R87: =R$80 -> 0
E88: Actual Nominal RCV balance END | G88: £m | J88: =IF( J83 = 1, $F82, J85 + J86 - J87) -> 0 | K88: =IF( K83 = 1, $F82, K85 + K86 - K87) -> 0 | L88: =IF( L83 = 1, $F82, L85 + L86 - L87) -> 0 | M88: =IF( M83 = 1, $F82, M85 + M86 - M87) -> 0 | N88: =IF( N83 = 1, $F82, N85 + N86 - N87) -> 0 | O88: =IF( O83 = 1, $F82, O85 + O86 - O87) -> 0 | P88: =IF( P83 = 1, $F82, P85 + P86 - P87) -> 0 | Q88: =IF( Q83 = 1, $F82, Q85 + Q86 - Q87) -> 0 | R88: =IF( R83 = 1, $F82, R85 + R86 - R87) -> 0
E90: =E$85 -> Actual Nominal RCV balance BEG | F90: =F$85 -> 0 | G90: =G$85 -> £m | H90: =H$85 -> 0 | I90: =I$85 -> 0 | J90: =J$85 -> 0 | K90: =K$85 -> 0 | L90: =L$85 -> 0 | ... R90: =R$85 -> 0
E91: =E$86 -> Actual RCV indexation | F91: =F$86 -> 0 | G91: =G$86 -> £m | H91: =H$86 -> 0 | I91: =I$86 -> 0 | J91: =J$86 -> 0 | K91: =K$86 -> 0 | L91: =L$86 -> 0 | ... R91: =R$86 -> 0
E92: =E$88 -> Actual Nominal RCV balance END | F92: =F$88 -> 0 | G92: =G$88 -> £m | H92: =H$88 -> 0 | I92: =I$88 -> 0 | J92: =J$88 -> 0 | K92: =K$88 -> 0 | L92: =L$88 -> 0 | ... R92: =R$88 -> 0
E93: Actual average RCV balance | G93: £m | J93: =( (J90+J91) + J92) / 2 -> 0 | K93: =( (K90+K91) + K92) / 2 -> 0 | L93: =( (L90+L91) + L92) / 2 -> 0 | M93: =( (M90+M91) + M92) / 2 -> 0 | N93: =( (N90+N91) + N92) / 2 -> 0 | O93: =( (O90+O91) + O92) / 2 -> 0 | P93: =( (P90+P91) + P92) / 2 -> 0 | Q93: =( (Q90+Q91) + Q92) / 2 -> 0 | R93: =( (R90+R91) + R92) / 2 -> 0
B95: RCV returns based on actual wedge
E96: =InpR!E$101 -> WACC on RCV - CPI(H) + RPI wedge bf and additions - WR | F96: =InpR!F$101 -> 0 | G96: =InpR!G$101 -> % | H96: =InpR!I$101 -> PR19 Financial model, 'Water Resources' sheet row 980 | I96: =InpR!#REF! -> #REF! | J96: =InpR!J$101 -> 0 | K96: =InpR!K$101 -> 0 | L96: =InpR!L$101 -> 0 | M96: =InpR!M$101 -> 0 | N96: =InpR!N$101 -> 0 | O96: =InpR!O$101 -> 0 | P96: =InpR!P$101 -> 0 | Q96: =InpR!Q$101 -> 0 | R96: =InpR!R$101 -> 0
E97: =Time!E$54 -> Forecast Period Flag | F97: =Time!F$54 -> 0 | G97: =Time!G$54 -> flag | H97: =Time!H$54 -> 5 | I97: =Time!I$54 -> 0 | J97: =Time!J$54 -> 0 | K97: =Time!K$54 -> 0 | L97: =Time!L$54 -> 0 | ... R97: =Time!R$54 -> 0
E98: =E$93 -> Actual average RCV balance | F98: =F$93 -> 0 | G98: =G$93 -> £m | H98: =H$93 -> 0 | I98: =I$93 -> 0 | J98: =J$93 -> 0 | K98: =K$93 -> 0 | L98: =L$93 -> 0 | ... R98: =R$93 -> 0
E99: Nominal return company should have received | G99: £m | J99: =J96*J97*J98 -> 0 | K99: =K96*K97*K98 -> 0 | L99: =L96*L97*L98 -> 0 | M99: =M96*M97*M98 -> 0 | N99: =N96*N97*N98 -> 0 | O99: =O96*O97*O98 -> 0 | P99: =P96*P97*P98 -> 0 | Q99: =Q96*Q97*Q98 -> 0 | R99: =R96*R97*R98 -> 0
E101: =Time!E$50 -> Last Forecast Period Flag | F101: =Time!F$50 -> 0 | G101: =Time!G$50 -> flag | H101: =Time!H$50 -> 1 | I101: =Time!I$50 -> 0 | J101: =Time!J$50 -> 0 | K101: =Time!K$50 -> 0 | L101: =Time!L$50 -> 0 | ... R101: =Time!R$50 -> 0
E102: =E$88 -> Actual Nominal RCV balance END | F102: =F$88 -> 0 | G102: =G$88 -> £m | H102: =H$88 -> 0 | I102: =I$88 -> 0 | J102: =J$88 -> 0 | K102: =K$88 -> 0 | L102: =L$88 -> 0 | ... R102: =R$88 -> 0
E103: Actual Nominal RCV residual balance | J103: =J102 * J101 -> 0 | K103: =K102 * K101 -> 0 | L103: =L102 * L101 -> 0 | M103: =M102 * M101 -> 0 | N103: =N102 * N101 -> 0 | O103: =O102 * O101 -> 0 | P103: =P102 * P101 -> 0 | Q103: =Q102 * Q101 -> 0 | R103: =R102 * R101 -> 0
B105: Revenue based on actual wedge
E106: =E$80 -> RCV run-off company should have received | F106: =F$80 -> 0 | G106: =G$80 -> £m | H106: =H$80 -> 0 | I106: =I$80 -> 0 | J106: =J$80 -> 0 | K106: =K$80 -> 0 | L106: =L$80 -> 0 | ... R106: =R$80 -> 0
E107: =E$99 -> Nominal return company should have received | F107: =F$99 -> 0 | G107: =G$99 -> £m | H107: =H$99 -> 0 | I107: =I$99 -> 0 | J107: =J$99 -> 0 | K107: =K$99 -> 0 | L107: =L$99 -> 0 | ... R107: =R$99 -> 0
E108: Total nominal revenue company should have received | G108: =G$99 -> £m | H108: =SUM(J108:R108) -> 0 | J108: =SUM(J106:J107) -> 0 | K108: =SUM(K106:K107) -> 0 | L108: =SUM(L106:L107) -> 0 | M108: =SUM(M106:M107) -> 0 | N108: =SUM(N106:N107) -> 0 | O108: =SUM(O106:O107) -> 0 | P108: =SUM(P106:P107) -> 0 | Q108: =SUM(Q106:Q107) -> 0 | R108: =SUM(R106:R107) -> 0
A110: DIFFERENCE
C112: This section compares the actual revenue the company received with the revenue Ofwat would have allowed if it had perfect foresight of the RPI CPIH wedge.
E114: =E$61 -> Actual nominal revenue | F114: =F$61 -> 0 | G114: =G$61 -> £m | H114: =H$61 -> 0 | I114: =I$61 -> 0 | J114: =J$61 -> 0 | K114: =K$61 -> 0 | L114: =L$61 -> 0 | ... R114: =R$61 -> 0
E115: =E$108 -> Total nominal revenue company should have received | F115: =F$108 -> 0 | G115: =G$108 -> £m | H115: =H$108 -> 0 | I115: =I$108 -> 0 | J115: =J$108 -> 0 | K115: =K$108 -> 0 | L115: =L$108 -> 0 | ... R115: =R$108 -> 0
E116: Difference in nominal revenue | G116: =G$99 -> £m | H116: =SUM(J116:R116) -> 0 | M116: =M115-M114 -> 0 | N116: =N115-N114 -> 0 | O116: =O115-O114 -> 0 | P116: =P115-P114 -> 0 | Q116: =Q115-Q114 -> 0
A118: TRUE UP
C120: This section works out the value of the true up to be applied.
C121: The CPIH + K mechanism in the licence is designed to adjust revenues for changes in CPIH from forecast.
C122: The true up mechanism therefore does not need to do this. Forecast CPIH, rather than actual CPIH should therefore be used in when applying the true up.
E124: =Index!E$48 -> CPI(H): Fin year average - percentage increase - final determination | F124: =Index!F$48 -> 0 | G124: =Index!G$48 -> % | H124: =Index!H$48 -> 0 | I124: =Index!I$48 -> 0 | J124: =Index!J$48 -> 0 | K124: =Index!K$48 -> 0.021269791 | L124: =Index!L$48 -> 0.019909655 | ... R124: =Index!R$48 -> 0.02
E125: =Index!E$71 -> Forecast RPI/CPIH wedge - final determination | F125: =Index!F$71 -> 0 | G125: =Index!G$71 -> % | H125: =Index!H$71 -> 0 | I125: =Index!I$71 -> 0 | J125: =Index!J$71 -> 0 | K125: =Index!K$71 -> -0.021269791 | L125: =Index!L$71 -> 0.011612485 | ... R125: =Index!R$71 -> 0.01
E126: True up Indexation percentage | J126: =SUM(J124:J125) -> 0 | K126: =SUM(K124:K125) -> 0 | L126: =SUM(L124:L125) -> 0.031522141 | M126: =SUM(M124:M125) -> 0.024258092 | N126: =SUM(N124:N125) -> 0.029587649 | O126: =SUM(O124:O125) -> 0.031503683 | P126: =SUM(P124:P125) -> 0.032 | Q126: =SUM(Q124:Q125) -> 0.032 | R126: =SUM(R124:R125) -> 0.03
E128: =E$140 -> True up Nominal RCV balance BEG | F128: =F$140 -> 0 | G128: =G$140 -> £m | H128: =H$140 -> 0 | I128: =I$140 -> 0 | J128: =J$140 -> 0 | K128: =K$140 -> 0 | L128: =L$140 -> 0 | ... R128: =R$140 -> 0
E129: =E$126 -> True up Indexation percentage | F129: =F$126 -> 0 | G129: =G$126 -> 0 | H129: =H$126 -> 0 | I129: =I$126 -> 0 | J129: =J$126 -> 0 | K129: =K$126 -> 0 | L129: =L$126 -> 0.031522141 | ... R129: =R$126 -> 0.03
E130: True up RCV indexation | G130: £m | J130: =J128*J129 -> 0 | K130: =K128*K129 -> 0 | L130: =L128*L129 -> 0 | M130: =M128*M129 -> 0 | N130: =N128*N129 -> 0 | O130: =O128*O129 -> 0 | P130: =P128*P129 -> 0 | Q130: =Q128*Q129 -> 0 | R130: =R128*R129 -> 0
E132: =InpR!E$94 -> Run-off rate - CPI(H) + RPI wedge - active - WR | F132: =InpR!F$94 -> 0 | G132: =InpR!G$94 -> % | H132: =InpR!I$94 -> PR19 Financial model, 'F_OutputsMaster' sheet row 953, PR19FM2090POST | I132: =InpR!#REF! -> #REF! | J132: =InpR!J$94 -> 0 | K132: =InpR!K$94 -> 0 | L132: =InpR!L$94 -> 0 | M132: =InpR!M$94 -> 0 | N132: =InpR!N$94 -> 0 | O132: =InpR!O$94 -> 0 | P132: =InpR!P$94 -> 0 | Q132: =InpR!Q$94 -> 0 | R132: =InpR!R$94 -> 0
E133: =E$140 -> True up Nominal RCV balance BEG | F133: =F$140 -> 0 | G133: =G$140 -> £m | H133: =H$140 -> 0 | I133: =I$140 -> 0 | J133: =J$140 -> 0 | K133: =K$140 -> 0 | L133: =L$140 -> 0 | ... R133: =R$140 -> 0
E134: =E$130 -> True up RCV indexation | F134: =F$130 -> 0 | G134: =G$130 -> £m | H134: =H$130 -> 0 | I134: =I$130 -> 0 | J134: =J$130 -> 0 | K134: =K$130 -> 0 | L134: =L$130 -> 0 | ... R134: =R$130 -> 0
...

Sheet Calcs-WN
A1: =RIGHT(CELL("filename", $A$1), LEN(CELL("filename", $A$1)) - SEARCH("]", CELL("filename", $A$1))) -> Calcs-WN
E2: =Time!E$23 -> Model Period END | F2: =Checks!$F$9 -> 0 | G2: Error chks | J2: =Time!J$23 -> 43190 | K2: =Time!K$23 -> 43555 | L2: =Time!L$23 -> 43921 | M2: =Time!M$23 -> 44286 | N2: =Time!N$23 -> 44651 | O2: =Time!O$23 -> 45016 | P2: =Time!P$23 -> 45382 | Q2: =Time!Q$23 -> 45747 | R2: =Time!R$23 -> 46112
E3: =Time!E$59 -> Pre Forecast vs Forecast | J3: =Time!J$59 -> Pre Fcst | K3: =Time!K$59 -> Pre Fcst | L3: =Time!L$59 -> Pre Fcst | M3: =Time!M$59 -> Forecast | N3: =Time!N$59 -> Forecast | O3: =Time!O$59 -> Forecast | P3: =Time!P$59 -> Forecast | Q3: =Time!Q$59 -> Forecast | R3: =Time!R$59 -> Post-Fcst
J4: =Time!J$86 -> 2018 | K4: =Time!K$86 -> 2019 | L4: =Time!L$86 -> 2020 | M4: =Time!M$86 -> 2021 | N4: =Time!N$86 -> 2022 | O4: =Time!O$86 -> 2023 | P4: =Time!P$86 -> 2024 | Q4: =Time!Q$86 -> 2025 | R4: =Time!R$86 -> 2026
E6: =Time!E$11 -> Model column counter | F6: Constant | G6: Unit | H6: Total | J6: =Time!J$11 -> 1 | K6: =Time!K$11 -> 2 | L6: =Time!L$11 -> 3 | M6: =Time!M$11 -> 4 | N6: =Time!N$11 -> 5 | O6: =Time!O$11 -> 6 | P6: =Time!P$11 -> 7 | Q6: =Time!Q$11 -> 8 | R6: =Time!R$11 -> 9
A8: FORECAST POSITION AT PR19 FINAL DETERMINATION
C10: This section replicates the RCV calculations in the PR19 final determination financial model.
B12: Forecast inflation
E13: =Index!E$48 -> CPI(H): Fin year average - percentage increase - final determination | F13: =Index!F$48 -> 0 | G13: =Index!G$48 -> % | H13: =Index!H$48 -> 0 | I13: =Index!I$48 -> 0 | J13: =Index!J$48 -> 0 | K13: =Index!K$48 -> 0.021269791 | L13: =Index!L$48 -> 0.019909655 | ... R13: =Index!R$48 -> 0.02
E14: =Index!E$71 -> Forecast RPI/CPIH wedge - final determination | F14: =Index!F$71 -> 0 | G14: =Index!G$71 -> % | H14: =Index!H$71 -> 0 | I14: =Index!I$71 -> 0 | J14: =Index!J$71 -> 0 | K14: =Index!K$71 -> -0.021269791 | L14: =Index!L$71 -> 0.011612485 | ... R14: =Index!R$71 -> 0.01
E15: Forecast Indexation percentage | G15: % | J15: =SUM(J13:J14) -> 0 | K15: =SUM(K13:K14) -> 0 | L15: =SUM(L13:L14) -> 0.031522141 | M15: =SUM(M13:M14) -> 0.024258092 | N15: =SUM(N13:N14) -> 0.029587649 | O15: =SUM(O13:O14) -> 0.031503683 | P15: =SUM(P13:P14) -> 0.032 | Q15: =SUM(Q13:Q14) -> 0.032 | R15: =SUM(R13:R14) -> 0.03
E17: =Time!E$40 -> Acquisition / initial balance date flag | F17: =Time!F$40 -> 0 | G17: =Time!G$40 -> flag | H17: =Time!H$40 -> 1 | I17: =Time!I$40 -> 0 | J17: =Time!J$40 -> 0 | K17: =Time!K$40 -> 0 | L17: =Time!L$40 -> 1 | ... R17: =Time!R$40 -> 0
E18: =Index!E$48 -> CPI(H): Fin year average - percentage increase - final determination | F18: =Index!F$48 -> 0 | G18: =Index!G$48 -> % | H18: =Index!H$48 -> 0 | I18: =Index!I$48 -> 0 | J18: =Index!J$48 -> 0 | K18: =Index!K$48 -> 0.021269791 | L18: =Index!L$48 -> 0.019909655 | ... R18: =Index!R$48 -> 0.02
E19: Cumulative CPIH inflation | J19: =IF(J17=1,1,I19*(1+J18)) -> 0 | K19: =IF(K17=1,1,J19*(1+K18)) -> 0 | L19: =IF(L17=1,1,K19*(1+L18)) -> 1 | M19: =IF(M17=1,1,L19*(1+M18)) -> 1.0198336 | N19: =IF(N17=1,1,M19*(1+N18)) -> 1.0402731 | O19: =IF(O17=1,1,N19*(1+O18)) -> 1.0618601 | P19: =IF(P17=1,1,O19*(1+P18)) -> 1.0841592 | Q19: =IF(Q17=1,1,P19*(1+Q18)) -> 1.1069265 | R19: =IF(R17=1,1,Q19*(1+R18)) -> 1.129065
B21: Forecast RCV balance
E22: =E$34 -> Forecast Nominal RCV balance BEG | F22: =F$34 -> 0 | G22: =G$34 -> £m | H22: =H$34 -> 0 | I22: =I$34 -> 0 | J22: =J$34 -> 0 | K22: =K$34 -> 0 | L22: =L$34 -> 0 | ... R22: =R$34 -> 0
E23: =E$15 -> Forecast Indexation percentage | F23: =F$15 -> 0 | G23: =G$15 -> % | H23: =H$15 -> 0 | I23: =I$15 -> 0 | J23: =J$15 -> 0 | K23: =K$15 -> 0 | L23: =L$15 -> 0.031522141 | ... R23: =R$15 -> 0.03
E24: Forecast RCV indexation | G24: £m | J24: =J22*J23 -> 0 | K24: =K22*K23 -> 0 | L24: =L22*L23 -> 0 | M24: =M22*M23 -> 0 | N24: =N22*N23 -> 0 | O24: =O22*O23 -> 0 | P24: =P22*P23 -> 0 | Q24: =Q22*Q23 -> 0 | R24: =R22*R23 -> 0
E26: =InpR!E$95 -> Run-off rate - CPI(H) + RPI wedge - active - WN | F26: =InpR!F$95 -> 0 | G26: =InpR!G$95 -> % | H26: =InpR!I$95 -> PR19 Financial model, 'F_OutputsMaster' sheet row 956, PR19FM2093POST | I26: =InpR!#REF! -> #REF! | J26: =InpR!J$95 -> 0 | K26: =InpR!K$95 -> 0 | L26: =InpR!L$95 -> 0 | M26: =InpR!M$95 -> 0 | N26: =InpR!N$95 -> 0 | O26: =InpR!O$95 -> 0 | P26: =InpR!P$95 -> 0 | Q26: =InpR!Q$95 -> 0 | R26: =InpR!R$95 -> 0
E27: =E$34 -> Forecast Nominal RCV balance BEG | F27: =F$34 -> 0 | G27: =G$34 -> £m | H27: =H$34 -> 0 | I27: =I$34 -> 0 | J27: =J$34 -> 0 | K27: =K$34 -> 0 | L27: =L$34 -> 0 | ... R27: =R$34 -> 0
E28: =E$24 -> Forecast RCV indexation | F28: =F$24 -> 0 | G28: =G$24 -> £m | H28: =H$24 -> 0 | I28: =I$24 -> 0 | J28: =J$24 -> 0 | K28: =K$24 -> 0 | L28: =L$24 -> 0 | ... R28: =R$24 -> 0
E29: Forecast RCV run-off | G29: £m | J29: =(J27+J28) * J26 -> 0 | K29: =(K27+K28) * K26 -> 0 | L29: =(L27+L28) * L26 -> 0 | M29: =(M27+M28) * M26 -> 0 | N29: =(N27+N28) * N26 -> 0 | O29: =(O27+O28) * O26 -> 0 | P29: =(P27+P28) * P26 -> 0 | Q29: =(Q27+Q28) * Q26 -> 0 | R29: =(R27+R28) * R26 -> 0
E31: =InpR!$E$88 -> RCV - CPI(H) + RPI wedge initial balance - nominal - WN | F31: =InpR!$F$88 -> 0 | G31: =InpR!$G$88 -> £m
E32: =Time!E$40 -> Acquisition / initial balance date flag | F32: =Time!F$40 -> 0 | G32: =Time!G$40 -> flag | H32: =Time!H$40 -> 1 | I32: =Time!I$40 -> 0 | J32: =Time!J$40 -> 0 | K32: =Time!K$40 -> 0 | L32: =Time!L$40 -> 1 | ... R32: =Time!R$40 -> 0
E34: Forecast Nominal RCV balance BEG | G34: £m | J34: =I37 -> 0 | K34: =J37 -> 0 | L34: =K37 -> 0 | M34: =L37 -> 0 | N34: =M37 -> 0 | O34: =N37 -> 0 | P34: =O37 -> 0 | Q34: =P37 -> 0 | R34: =Q37 -> 0
D35: Plus: | E35: =E$24 -> Forecast RCV indexation | F35: =F$24 -> 0 | G35: =G$24 -> £m | H35: =H$24 -> 0 | I35: =I$24 -> 0 | J35: =J$24 -> 0 | K35: =K$24 -> 0 | L35: =L$24 -> 0 | ... R35: =R$24 -> 0
D36: Less: | E36: =E$29 -> Forecast RCV run-off | F36: =F$29 -> 0 | G36: =G$29 -> £m | H36: =H$29 -> 0 | I36: =I$29 -> 0 | J36: =J$29 -> 0 | K36: =K$29 -> 0 | L36: =L$29 -> 0 | ... R36: =R$29 -> 0
E37: Forecast Nominal RCV balance END | G37: £m | J37: =IF( J32 = 1, $F31, J34 + J35 - J36) -> 0 | K37: =IF( K32 = 1, $F31, K34 + K35 - K36) -> 0 | L37: =IF( L32 = 1, $F31, L34 + L35 - L36) -> 0 | M37: =IF( M32 = 1, $F31, M34 + M35 - M36) -> 0 | N37: =IF( N32 = 1, $F31, N34 + N35 - N36) -> 0 | O37: =IF( O32 = 1, $F31, O34 + O35 - O36) -> 0 | P37: =IF( P32 = 1, $F31, P34 + P35 - P36) -> 0 | Q37: =IF( Q32 = 1, $F31, Q34 + Q35 - Q36) -> 0 | R37: =IF( R32 = 1, $F31, R34 + R35 - R36) -> 0
E39: =E$27 -> Forecast Nominal RCV balance BEG | F39: =F$27 -> 0 | G39: =G$27 -> £m | H39: =H$27 -> 0 | I39: =I$27 -> 0 | J39: =J$27 -> 0 | K39: =K$27 -> 0 | L39: =L$27 -> 0 | ... R39: =R$27 -> 0
E40: =E$24 -> Forecast RCV indexation | F40: =F$24 -> 0 | G40: =G$24 -> £m | H40: =H$24 -> 0 | I40: =I$24 -> 0 | J40: =J$24 -> 0 | K40: =K$24 -> 0 | L40: =L$24 -> 0 | ... R40: =R$24 -> 0
E41: =E$37 -> Forecast Nominal RCV balance END | F41: =F$37 -> 0 | G41: =G$37 -> £m | H41: =H$37 -> 0 | I41: =I$37 -> 0 | J41: =J$37 -> 0 | K41: =K$37 -> 0 | L41: =L$37 -> 0 | ... R41: =R$37 -> 0
E42: Forecast RCV average balance | G42: £m | J42: =( (J39+J40) + J41) / 2 -> 0 | K42: =( (K39+K40) + K41) / 2 -> 0 | L42: =( (L39+L40) + L41) / 2 -> 0 | M42: =( (M39+M40) + M41) / 2 -> 0 | N42: =( (N39+N40) + N41) / 2 -> 0 | O42: =( (O39+O40) + O41) / 2 -> 0 | P42: =( (P39+P40) + P41) / 2 -> 0 | Q42: =( (Q39+Q40) + Q41) / 2 -> 0 | R42: =( (R39+R40) + R41) / 2 -> 0
B44: Forecast return on RCV
E45: =InpR!E$102 -> WACC on RCV - CPI(H) + RPI wedge bf and additions - WN | F45: =InpR!F$102 -> 0 | G45: =InpR!G$102 -> % | H45: =InpR!I$102 -> PR19 Financial model, 'Water Network' sheet row 980 | I45: =InpR!#REF! -> #REF! | J45: =InpR!J$102 -> 0 | K45: =InpR!K$102 -> 0 | L45: =InpR!L$102 -> 0 | M45: =InpR!M$102 -> 0 | N45: =InpR!N$102 -> 0 | O45: =InpR!O$102 -> 0 | P45: =InpR!P$102 -> 0 | Q45: =InpR!Q$102 -> 0 | R45: =InpR!R$102 -> 0
E46: =Time!E$54 -> Forecast Period Flag | F46: =Time!F$54 -> 0 | G46: =Time!G$54 -> flag | H46: =Time!H$54 -> 5 | I46: =Time!I$54 -> 0 | J46: =Time!J$54 -> 0 | K46: =Time!K$54 -> 0 | L46: =Time!L$54 -> 0 | ... R46: =Time!R$54 -> 0
E47: =E$42 -> Forecast RCV average balance | F47: =F$42 -> 0 | G47: =G$42 -> £m | H47: =H$42 -> 0 | I47: =I$42 -> 0 | J47: =J$42 -> 0 | K47: =K$42 -> 0 | L47: =L$42 -> 0 | ... R47: =R$42 -> 0
E48: Forecast nominal return | G48: £m | J48: =J45*J47*J46 -> 0 | K48: =K45*K47*K46 -> 0 | L48: =L45*L47*L46 -> 0 | M48: =M45*M47*M46 -> 0 | N48: =N45*N47*N46 -> 0 | O48: =O45*O47*O46 -> 0 | P48: =P45*P47*P46 -> 0 | Q48: =Q45*Q47*Q46 -> 0 | R48: =R45*R47*R46 -> 0
B50: Forecast total revenue
E51: =E$29 -> Forecast RCV run-off | F51: =F$29 -> 0 | G51: =G$29 -> £m | H51: =H$29 -> 0 | I51: =I$29 -> 0 | J51: =J$29 -> 0 | K51: =K$29 -> 0 | L51: =L$29 -> 0 | ... R51: =R$29 -> 0
E52: =E$48 -> Forecast nominal return | F52: =F$48 -> 0 | G52: =G$48 -> £m | H52: =H$48 -> 0 | I52: =I$48 -> 0 | J52: =J$48 -> 0 | K52: =K$48 -> 0 | L52: =L$48 -> 0 | ... R52: =R$48 -> 0
E53: Total Forecast revenue to company | G53: =G$48 -> £m | H53: =SUM(J53:R53) -> 0 | J53: =SUM(J51:J52) -> 0 | K53: =SUM(K51:K52) -> 0 | L53: =SUM(L51:L52) -> 0 | M53: =SUM(M51:M52) -> 0 | N53: =SUM(N51:N52) -> 0 | O53: =SUM(O51:O52) -> 0 | P53: =SUM(P51:P52) -> 0 | Q53: =SUM(Q51:Q52) -> 0 | R53: =SUM(R51:R52) -> 0
A55: What the company actually experienced
C57: This section calculates the revenue that the company actually receives.
C58: The CPIH + K mechanism in the licence is designed to compensate companies for varitions in actual and forecast CPIH.
C59: The model therefore assumes that forecast and actual CPIH are identical so that the impact of variations in the CPIH RPI wedge can be viewed.
E61: Actual nominal revenue | G61: £m | J61: =J53 -> 0 | K61: =K53 -> 0 | L61: =L53 -> 0 | M61: =M53 -> 0 | N61: =N53 -> 0 | O61: =O53 -> 0 | P61: =P53 -> 0 | Q61: =Q53 -> 0 | R61: =R53 -> 0
A63: WHAT THE COMPANY SHOULD HAVE EXPERIENCED
C65: This section calculates the revenue that the company should have been allowed, assuming that Ofwat had perfect foresight of the actual RPI CPIH wedge.
B67: Inflation based on actual wedge
E68: =Index!E$48 -> CPI(H): Fin year average - percentage increase - final determination | F68: =Index!F$48 -> 0 | G68: =Index!G$48 -> % | H68: =Index!H$48 -> 0 | I68: =Index!I$48 -> 0 | J68: =Index!J$48 -> 0 | K68: =Index!K$48 -> 0.021269791 | L68: =Index!L$48 -> 0.019909655 | ... R68: =Index!R$48 -> 0.02
E69: =Index!E$135 -> Actual RPI/CPIH wedge - actual (including forecast) | F69: =Index!F$135 -> 0 | G69: =Index!G$135 -> % | H69: =Index!H$135 -> 0 | I69: =Index!I$135 -> 0 | J69: =Index!J$135 -> 0 | K69: =Index!K$135 -> -0.042539581 | L69: =Index!L$135 -> 0.0088943456 | ... R69: =Index!R$135 -> 0
E70: Actual Indexation percentage | J70: =SUM(J68:J69) -> 0 | K70: =SUM(K68:K69) -> -0.021269791 | L70: =SUM(L68:L69) -> 0.028804001 | M70: =SUM(M68:M69) -> 0.019682927 | N70: =SUM(N68:N69) -> 0.020041983 | O70: =SUM(O68:O69) -> 0.020751252 | P70: =SUM(P68:P69) -> 0.021 | Q70: =SUM(Q68:Q69) -> 0.021 | R70: =SUM(R68:R69) -> 0.02
B72: RCV balance based on actual wedge
E73: =E$85 -> Actual Nominal RCV balance BEG | F73: =F$85 -> 0 | G73: =G$85 -> £m | H73: =H$85 -> 0 | I73: =I$85 -> 0 | J73: =J$85 -> 0 | K73: =K$85 -> 0 | L73: =L$85 -> 0 | ... R73: =R$85 -> 0
E74: =E$70 -> Actual Indexation percentage | F74: =F$70 -> 0 | G74: =G$70 -> 0 | H74: =H$70 -> 0 | I74: =I$70 -> 0 | J74: =J$70 -> 0 | K74: =K$70 -> -0.021269791 | L74: =L$70 -> 0.028804001 | ... R74: =R$70 -> 0.02
E75: Actual RCV indexation | G75: £m | J75: =J73*J74 -> 0 | K75: =K73*K74 -> 0 | L75: =L73*L74 -> 0 | M75: =M73*M74 -> 0 | N75: =N73*N74 -> 0 | O75: =O73*O74 -> 0 | P75: =P73*P74 -> 0 | Q75: =Q73*Q74 -> 0 | R75: =R73*R74 -> 0
E77: =InpR!E$95 -> Run-off rate - CPI(H) + RPI wedge - active - WN | F77: =InpR!F$95 -> 0 | G77: =InpR!G$95 -> % | H77: =InpR!I$95 -> PR19 Financial model, 'F_OutputsMaster' sheet row 956, PR19FM2093POST | I77: =InpR!#REF! -> #REF! | J77: =InpR!J$95 -> 0 | K77: =InpR!K$95 -> 0 | L77: =InpR!L$95 -> 0 | M77: =InpR!M$95 -> 0 | N77: =InpR!N$95 -> 0 | O77: =InpR!O$95 -> 0 | P77: =InpR!P$95 -> 0 | Q77: =InpR!Q$95 -> 0 | R77: =InpR!R$95 -> 0
E78: =E$85 -> Actual Nominal RCV balance BEG | F78: =F$85 -> 0 | G78: =G$85 -> £m | H78: =H$85 -> 0 | I78: =I$85 -> 0 | J78: =J$85 -> 0 | K78: =K$85 -> 0 | L78: =L$85 -> 0 | ... R78: =R$85 -> 0
E79: =E$75 -> Actual RCV indexation | F79: =F$75 -> 0 | G79: =G$75 -> £m | H79: =H$75 -> 0 | I79: =I$75 -> 0 | J79: =J$75 -> 0 | K79: =K$75 -> 0 | L79: =L$75 -> 0 | ... R79: =R$75 -> 0
E80: RCV run-off company should have received | G80: £m | J80: =(J78+J79) * J77 -> 0 | K80: =(K78+K79) * K77 -> 0 | L80: =(L78+L79) * L77 -> 0 | M80: =(M78+M79) * M77 -> 0 | N80: =(N78+N79) * N77 -> 0 | O80: =(O78+O79) * O77 -> 0 | P80: =(P78+P79) * P77 -> 0 | Q80: =(Q78+Q79) * Q77 -> 0 | R80: =(R78+R79) * R77 -> 0
E82: =InpR!$E$88 -> RCV - CPI(H) + RPI wedge initial balance - nominal - WN | F82: =InpR!$F$88 -> 0 | G82: =InpR!$G$88 -> £m
E83: =Time!E$40 -> Acquisition / initial balance date flag | F83: =Time!F$40 -> 0 | G83: =Time!G$40 -> flag | H83: =Time!H$40 -> 1 | I83: =Time!I$40 -> 0 | J83: =Time!J$40 -> 0 | K83: =Time!K$40 -> 0 | L83: =Time!L$40 -> 1 | ... R83: =Time!R$40 -> 0
E85: Actual Nominal RCV balance BEG | G85: £m | J85: =I88 -> 0 | K85: =J88 -> 0 | L85: =K88 -> 0 | M85: =L88 -> 0 | N85: =M88 -> 0 | O85: =N88 -> 0 | P85: =O88 -> 0 | Q85: =P88 -> 0 | R85: =Q88 -> 0
D86: Plus: | E86: =E$75 -> Actual RCV indexation | F86: =F$75 -> 0 | G86: =G$75 -> £m | H86: =H$75 -> 0 | I86: =I$75 -> 0 | J86: =J$75 -> 0 | K86: =K$75 -> 0 | L86: =L$75 -> 0 | ... R86: =R$75 -> 0
D87: Less: | E87: =E$80 -> RCV run-off company should have received | F87: =F$80 -> 0 | G87: =G$80 -> £m | H87: =H$80 -> 0 | I87: =I$80 -> 0 | J87: =J$80 -> 0 | K87: =K$80 -> 0 | L87: =L$80 -> 0 | ... R87: =R$80 -> 0
E88: Actual Nominal RCV balance END | G88: £m | J88: =IF( J83 = 1, $F82, J85 + J86 - J87) -> 0 | K88: =IF( K83 = 1, $F82, K85 + K86 - K87) -> 0 | L88: =IF( L83 = 1, $F82, L85 + L86 - L87) -> 0 | M88: =IF( M83 = 1, $F82, M85 + M86 - M87) -> 0 | N88: =IF( N83 = 1, $F82, N85 + N86 - N87) -> 0 | O88: =IF( O83 = 1, $F82, O85 + O86 - O87) -> 0 | P88: =IF( P83 = 1, $F82, P85 + P86 - P87) -> 0 | Q88: =IF( Q83 = 1, $F82, Q85 + Q86 - Q87) -> 0 | R88: =IF( R83 = 1, $F82, R85 + R86 - R87) -> 0
E90: =E$85 -> Actual Nominal RCV balance BEG | F90: =F$85 -> 0 | G90: =G$85 -> £m | H90: =H$85 -> 0 | I90: =I$85 -> 0 | J90: =J$85 -> 0 | K90: =K$85 -> 0 | L90: =L$85 -> 0 | ... R90: =R$85 -> 0
E91: =E$86 -> Actual RCV indexation | F91: =F$86 -> 0 | G91: =G$86 -> £m | H91: =H$86 -> 0 | I91: =I$86 -> 0 | J91: =J$86 -> 0 | K91: =K$86 -> 0 | L91: =L$86 -> 0 | ... R91: =R$86 -> 0
E92: =E$88 -> Actual Nominal RCV balance END | F92: =F$88 -> 0 | G92: =G$88 -> £m | H92: =H$88 -> 0 | I92: =I$88 -> 0 | J92: =J$88 -> 0 | K92: =K$88 -> 0 | L92: =L$88 -> 0 | ... R92: =R$88 -> 0
E93: Actual average RCV balance | G93: £m | J93: =( (J90+J91) + J92) / 2 -> 0 | K93: =( (K90+K91) + K92) / 2 -> 0 | L93: =( (L90+L91) + L92) / 2 -> 0 | M93: =( (M90+M91) + M92) / 2 -> 0 | N93: =( (N90+N91) + N92) / 2 -> 0 | O93: =( (O90+O91) + O92) / 2 -> 0 | P93: =( (P90+P91) + P92) / 2 -> 0 | Q93: =( (Q90+Q91) + Q92) / 2 -> 0 | R93: =( (R90+R91) + R92) / 2 -> 0
B95: RCV returns based on actual wedge
E96: =InpR!E$102 -> WACC on RCV - CPI(H) + RPI wedge bf and additions - WN | F96: =InpR!F$102 -> 0 | G96: =InpR!G$102 -> % | H96: =InpR!I$102 -> PR19 Financial model, 'Water Network' sheet row 980 | I96: =InpR!#REF! -> #REF! | J96: =InpR!J$102 -> 0 | K96: =InpR!K$102 -> 0 | L96: =InpR!L$102 -> 0 | M96: =InpR!M$102 -> 0 | N96: =InpR!N$102 -> 0 | O96: =InpR!O$102 -> 0 | P96: =InpR!P$102 -> 0 | Q96: =InpR!Q$102 -> 0 | R96: =InpR!R$102 -> 0
E97: =Time!E$54 -> Forecast Period Flag | F97: =Time!F$54 -> 0 | G97: =Time!G$54 -> flag | H97: =Time!H$54 -> 5 | I97: =Time!I$54 -> 0 | J97: =Time!J$54 -> 0 | K97: =Time!K$54 -> 0 | L97: =Time!L$54 -> 0 | ... R97: =Time!R$54 -> 0
E98: =E$93 -> Actual average RCV balance | F98: =F$93 -> 0 | G98: =G$93 -> £m | H98: =H$93 -> 0 | I98: =I$93 -> 0 | J98: =J$93 -> 0 | K98: =K$93 -> 0 | L98: =L$93 -> 0 | ... R98: =R$93 -> 0
E99: Nominal return company should have received | G99: £m | J99: =J96*J97*J98 -> 0 | K99: =K96*K97*K98 -> 0 | L99: =L96*L97*L98 -> 0 | M99: =M96*M97*M98 -> 0 | N99: =N96*N97*N98 -> 0 | O99: =O96*O97*O98 -> 0 | P99: =P96*P97*P98 -> 0 | Q99: =Q96*Q97*Q98 -> 0 | R99: =R96*R97*R98 -> 0
E101: =Time!E$50 -> Last Forecast Period Flag | F101: =Time!F$50 -> 0 | G101: =Time!G$50 -> flag | H101: =Time!H$50 -> 1 | I101: =Time!I$50 -> 0 | J101: =Time!J$50 -> 0 | K101: =Time!K$50 -> 0 | L101: =Time!L$50 -> 0 | ... R101: =Time!R$50 -> 0
E102: =E$88 -> Actual Nominal RCV balance END | F102: =F$88 -> 0 | G102: =G$88 -> £m | H102: =H$88 -> 0 | I102: =I$88 -> 0 | J102: =J$88 -> 0 | K102: =K$88 -> 0 | L102: =L$88 -> 0 | ... R102: =R$88 -> 0
E103: Actual Nominal RCV residual balance | J103: =J102 * J101 -> 0 | K103: =K102 * K101 -> 0 | L103: =L102 * L101 -> 0 | M103: =M102 * M101 -> 0 | N103: =N102 * N101 -> 0 | O103: =O102 * O101 -> 0 | P103: =P102 * P101 -> 0 | Q103: =Q102 * Q101 -> 0 | R103: =R102 * R101 -> 0
B105: Revenue based on actual wedge
E106: =E$80 -> RCV run-off company should have received | F106: =F$80 -> 0 | G106: =G$80 -> £m | H106: =H$80 -> 0 | I106: =I$80 -> 0 | J106: =J$80 -> 0 | K106: =K$80 -> 0 | L106: =L$80 -> 0 | ... R106: =R$80 -> 0
E107: =E$99 -> Nominal return company should have received | F107: =F$99 -> 0 | G107: =G$99 -> £m | H107: =H$99 -> 0 | I107: =I$99 -> 0 | J107: =J$99 -> 0 | K107: =K$99 -> 0 | L107: =L$99 -> 0 | ... R107: =R$99 -> 0
E108: Total nominal revenue company should have received | G108: =G$99 -> £m | H108: =SUM(J108:R108) -> 0 | J108: =SUM(J106:J107) -> 0 | K108: =SUM(K106:K107) -> 0 | L108: =SUM(L106:L107) -> 0 | M108: =SUM(M106:M107) -> 0 | N108: =SUM(N106:N107) -> 0 | O108: =SUM(O106:O107) -> 0 | P108: =SUM(P106:P107) -> 0 | Q108: =SUM(Q106:Q107) -> 0 | R108: =SUM(R106:R107) -> 0
A110: DIFFERENCE
C112: This section compares the actual revenue the company received with the revenue Ofwat would have allowed if it had perfect foresight of the RPI CPIH wedge.
E114: =E$61 -> Actual nominal revenue | F114: =F$61 -> 0 | G114: =G$61 -> £m | H114: =H$61 -> 0 | I114: =I$61 -> 0 | J114: =J$61 -> 0 | K114: =K$61 -> 0 | L114: =L$61 -> 0 | ... R114: =R$61 -> 0
E115: =E$108 -> Total nominal revenue company should have received | F115: =F$108 -> 0 | G115: =G$108 -> £m | H115: =H$108 -> 0 | I115: =I$108 -> 0 | J115: =J$108 -> 0 | K115: =K$108 -> 0 | L115: =L$108 -> 0 | ... R115: =R$108 -> 0
E116: Difference in nominal revenue | G116: =G$99 -> £m | H116: =SUM(J116:R116) -> 0 | M116: =M115-M114 -> 0 | N116: =N115-N114 -> 0 | O116: =O115-O114 -> 0 | P116: =P115-P114 -> 0 | Q116: =Q115-Q114 -> 0
A118: TRUE UP
C120: This section works out the value of the true up to be applied.
C121: The CPIH + K mechanism in the licence is designed to adjust revenues for changes in CPIH from forecast.
C122: The true up mechanism therefore does not need to do this. Forecast CPIH, rather than actual CPIH should therefore be used in when applying the true up.
E124: =Index!E$48 -> CPI(H): Fin year average - percentage increase - final determination | F124: =Index!F$48 -> 0 | G124: =Index!G$48 -> % | H124: =Index!H$48 -> 0 | I124: =Index!I$48 -> 0 | J124: =Index!J$48 -> 0 | K124: =Index!K$48 -> 0.021269791 | L124: =Index!L$48 -> 0.019909655 | ... R124: =Index!R$48 -> 0.02
E125: =Index!E$71 -> Forecast RPI/CPIH wedge - final determination | F125: =Index!F$71 -> 0 | G125: =Index!G$71 -> % | H125: =Index!H$71 -> 0 | I125: =Index!I$71 -> 0 | J125: =Index!J$71 -> 0 | K125: =Index!K$71 -> -0.021269791 | L125: =Index!L$71 -> 0.011612485 | ... R125: =Index!R$71 -> 0.01
E126: True up Indexation percentage | J126: =SUM(J124:J125) -> 0 | K126: =SUM(K124:K125) -> 0 | L126: =SUM(L124:L125) -> 0.031522141 | M126: =SUM(M124:M125) -> 0.024258092 | N126: =SUM(N124:N125) -> 0.029587649 | O126: =SUM(O124:O125) -> 0.031503683 | P126: =SUM(P124:P125) -> 0.032 | Q126: =SUM(Q124:Q125) -> 0.032 | R126: =SUM(R124:R125) -> 0.03
E128: =E$140 -> True up Nominal RCV balance BEG | F128: =F$140 -> 0 | G128: =G$140 -> £m | H128: =H$140 -> 0 | I128: =I$140 -> 0 | J128: =J$140 -> 0 | K128: =K$140 -> 0 | L128: =L$140 -> 0 | ... R128: =R$140 -> 0
E129: =E$126 -> True up Indexation percentage | F129: =F$126 -> 0 | G129: =G$126 -> 0 | H129: =H$126 -> 0 | I129: =I$126 -> 0 | J129: =J$126 -> 0 | K129: =K$126 -> 0 | L129: =L$126 -> 0.031522141 | ... R129: =R$126 -> 0.03
E130: True up RCV indexation | G130: £m | J130: =J128*J129 -> 0 | K130: =K128*K129 -> 0 | L130: =L128*L129 -> 0 | M130: =M128*M129 -> 0 | N130: =N128*N129 -> 0 | O130: =O128*O129 -> 0 | P130: =P128*P129 -> 0 | Q130: =Q128*Q129 -> 0 | R130: =R128*R129 -> 0
E132: =InpR!E$95 -> Run-off rate - CPI(H) + RPI wedge - active - WN | F132: =InpR!F$95 -> 0 | G132: =InpR!G$95 -> % | H132: =InpR!I$95 -> PR19 Financial model, 'F_OutputsMaster' sheet row 956, PR19FM2093POST | I132: =InpR!#REF! -> #REF! | J132: =InpR!J$95 -> 0 | K132: =InpR!K$95 -> 0 | L132: =InpR!L$95 -> 0 | M132: =InpR!M$95 -> 0 | N132: =InpR!N$95 -> 0 | O132: =InpR!O$95 -> 0 | P132: =InpR!P$95 -> 0 | Q132: =InpR!Q$95 -> 0 | R132: =InpR!R$95 -> 0
E133: =E$140 -> True up Nominal RCV balance BEG | F133: =F$140 -> 0 | G133: =G$140 -> £m | H133: =H$140 -> 0 | I133: =I$140 -> 0 | J133: =J$140 -> 0 | K133: =K$140 -> 0 | L133: =L$140 -> 0 | ... R133: =R$140 -> 0
E134: =E$130 -> True up RCV indexation | F134: =F$130 -> 0 | G134: =G$130 -> £m | H134: =H$130 -> 0 | I134: =I$130 -> 0 | J134: =J$130 -> 0 | K134: =K$130 -> 0 | L134: =L$130 -> 0 | ... R134: =R$130 -> 0
...

Sheet Calcs-WWN
A1: =RIGHT(CELL("filename", $A$1), LEN(CELL("filename", $A$1)) - SEARCH("]", CELL("filename", $A$1))) -> Calcs-WWN
E2: =Time!E$23 -> Model Period END | F2: =Checks!$F$9 -> 0 | G2: Error chks | J2: =Time!J$23 -> 43190 | K2: =Time!K$23 -> 43555 | L2: =Time!L$23 -> 43921 | M2: =Time!M$23 -> 44286 | N2: =Time!N$23 -> 44651 | O2: =Time!O$23 -> 45016 | P2: =Time!P$23 -> 45382 | Q2: =Time!Q$23 -> 45747 | R2: =Time!R$23 -> 46112
E3: =Time!E$59 -> Pre Forecast vs Forecast | J3: =Time!J$59 -> Pre Fcst | K3: =Time!K$59 -> Pre Fcst | L3: =Time!L$59 -> Pre Fcst | M3: =Time!M$59 -> Forecast | N3: =Time!N$59 -> Forecast | O3: =Time!O$59 -> Forecast | P3: =Time!P$59 -> Forecast | Q3: =Time!Q$59 -> Forecast | R3: =Time!R$59 -> Post-Fcst
J4: =Time!J$86 -> 2018 | K4: =Time!K$86 -> 2019 | L4: =Time!L$86 -> 2020 | M4: =Time!M$86 -> 2021 | N4: =Time!N$86 -> 2022 | O4: =Time!O$86 -> 2023 | P4: =Time!P$86 -> 2024 | Q4: =Time!Q$86 -> 2025 | R4: =Time!R$86 -> 2026
E6: =Time!E$11 -> Model column counter | F6: Constant | G6: Unit | H6: Total | J6: =Time!J$11 -> 1 | K6: =Time!K$11 -> 2 | L6: =Time!L$11 -> 3 | M6: =Time!M$11 -> 4 | N6: =Time!N$11 -> 5 | O6: =Time!O$11 -> 6 | P6: =Time!P$11 -> 7 | Q6: =Time!Q$11 -> 8 | R6: =Time!R$11 -> 9
A8: FORECAST POSITION AT PR19 FINAL DETERMINATION
C10: This section replicates the RCV calculations in the PR19 final determination financial model.
B12: Forecast inflation
E13: =Index!E$48 -> CPI(H): Fin year average - percentage increase - final determination | F13: =Index!F$48 -> 0 | G13: =Index!G$48 -> % | H13: =Index!H$48 -> 0 | I13: =Index!I$48 -> 0 | J13: =Index!J$48 -> 0 | K13: =Index!K$48 -> 0.021269791 | L13: =Index!L$48 -> 0.019909655 | ... R13: =Index!R$48 -> 0.02
E14: =Index!E$71 -> Forecast RPI/CPIH wedge - final determination | F14: =Index!F$71 -> 0 | G14: =Index!G$71 -> % | H14: =Index!H$71 -> 0 | I14: =Index!I$71 -> 0 | J14: =Index!J$71 -> 0 | K14: =Index!K$71 -> -0.021269791 | L14: =Index!L$71 -> 0.011612485 | ... R14: =Index!R$71 -> 0.01
E15: Forecast Indexation percentage | G15: % | J15: =SUM(J13:J14) -> 0 | K15: =SUM(K13:K14) -> 0 | L15: =SUM(L13:L14) -> 0.031522141 | M15: =SUM(M13:M14) -> 0.024258092 | N15: =SUM(N13:N14) -> 0.029587649 | O15: =SUM(O13:O14) -> 0.031503683 | P15: =SUM(P13:P14) -> 0.032 | Q15: =SUM(Q13:Q14) -> 0.032 | R15: =SUM(R13:R14) -> 0.03
E17: =Time!E$40 -> Acquisition / initial balance date flag | F17: =Time!F$40 -> 0 | G17: =Time!G$40 -> flag | H17: =Time!H$40 -> 1 | I17: =Time!I$40 -> 0 | J17: =Time!J$40 -> 0 | K17: =Time!K$40 -> 0 | L17: =Time!L$40 -> 1 | ... R17: =Time!R$40 -> 0
E18: =Index!E$48 -> CPI(H): Fin year average - percentage increase - final determination | F18: =Index!F$48 -> 0 | G18: =Index!G$48 -> % | H18: =Index!H$48 -> 0 | I18: =Index!I$48 -> 0 | J18: =Index!J$48 -> 0 | K18: =Index!K$48 -> 0.021269791 | L18: =Index!L$48 -> 0.019909655 | ... R18: =Index!R$48 -> 0.02
E19: Cumulative CPIH inflation | J19: =IF(J17=1,1,I19*(1+J18)) -> 0 | K19: =IF(K17=1,1,J19*(1+K18)) -> 0 | L19: =IF(L17=1,1,K19*(1+L18)) -> 1 | M19: =IF(M17=1,1,L19*(1+M18)) -> 1.0198336 | N19: =IF(N17=1,1,M19*(1+N18)) -> 1.0402731 | O19: =IF(O17=1,1,N19*(1+O18)) -> 1.0618601 | P19: =IF(P17=1,1,O19*(1+P18)) -> 1.0841592 | Q19: =IF(Q17=1,1,P19*(1+Q18)) -> 1.1069265 | R19: =IF(R17=1,1,Q19*(1+R18)) -> 1.129065
B21: Forecast RCV balance
E22: =E$34 -> Forecast Nominal RCV balance BEG | F22: =F$34 -> 0 | G22: =G$34 -> £m | H22: =H$34 -> 0 | I22: =I$34 -> 0 | J22: =J$34 -> 0 | K22: =K$34 -> 0 | L22: =L$34 -> 0 | ... R22: =R$34 -> 0
E23: =E$15 -> Forecast Indexation percentage | F23: =F$15 -> 0 | G23: =G$15 -> % | H23: =H$15 -> 0 | I23: =I$15 -> 0 | J23: =J$15 -> 0 | K23: =K$15 -> 0 | L23: =L$15 -> 0.031522141 | ... R23: =R$15 -> 0.03
E24: Forecast RCV indexation | G24: £m | J24: =J22*J23 -> 0 | K24: =K22*K23 -> 0 | L24: =L22*L23 -> 0 | M24: =M22*M23 -> 0 | N24: =N22*N23 -> 0 | O24: =O22*O23 -> 0 | P24: =P22*P23 -> 0 | Q24: =Q22*Q23 -> 0 | R24: =R22*R23 -> 0
E26: =InpR!E$96 -> Run-off rate - CPI(H) + RPI wedge - active - WWN | F26: =InpR!F$96 -> 0 | G26: =InpR!G$96 -> % | H26: =InpR!I$96 -> PR19 Financial model, 'F_OutputsMaster' sheet row 959, PR19FM2096POST | I26: =InpR!#REF! -> #REF! | J26: =InpR!J$96 -> 0 | K26: =InpR!K$96 -> 0 | L26: =InpR!L$96 -> 0 | M26: =InpR!M$96 -> 0 | N26: =InpR!N$96 -> 0 | O26: =InpR!O$96 -> 0 | P26: =InpR!P$96 -> 0 | Q26: =InpR!Q$96 -> 0 | R26: =InpR!R$96 -> 0
E27: =E$34 -> Forecast Nominal RCV balance BEG | F27: =F$34 -> 0 | G27: =G$34 -> £m | H27: =H$34 -> 0 | I27: =I$34 -> 0 | J27: =J$34 -> 0 | K27: =K$34 -> 0 | L27: =L$34 -> 0 | ... R27: =R$34 -> 0
E28: =E$24 -> Forecast RCV indexation | F28: =F$24 -> 0 | G28: =G$24 -> £m | H28: =H$24 -> 0 | I28: =I$24 -> 0 | J28: =J$24 -> 0 | K28: =K$24 -> 0 | L28: =L$24 -> 0 | ... R28: =R$24 -> 0
E29: Forecast RCV run-off | G29: £m | J29: =(J27+J28) * J26 -> 0 | K29: =(K27+K28) * K26 -> 0 | L29: =(L27+L28) * L26 -> 0 | M29: =(M27+M28) * M26 -> 0 | N29: =(N27+N28) * N26 -> 0 | O29: =(O27+O28) * O26 -> 0 | P29: =(P27+P28) * P26 -> 0 | Q29: =(Q27+Q28) * Q26 -> 0 | R29: =(R27+R28) * R26 -> 0
E31: =InpR!$E$89 -> RCV - CPI(H) + RPI wedge initial balance - nominal - WWN | F31: =InpR!$F$89 -> 0 | G31: =InpR!$G$89 -> £m
E32: =Time!E$40 -> Acquisition / initial balance date flag | F32: =Time!F$40 -> 0 | G32: =Time!G$40 -> flag | H32: =Time!H$40 -> 1 | I32: =Time!I$40 -> 0 | J32: =Time!J$40 -> 0 | K32: =Time!K$40 -> 0 | L32: =Time!L$40 -> 1 | ... R32: =Time!R$40 -> 0
E34: Forecast Nominal RCV balance BEG | G34: £m | J34: =I37 -> 0 | K34: =J37 -> 0 | L34: =K37 -> 0 | M34: =L37 -> 0 | N34: =M37 -> 0 | O34: =N37 -> 0 | P34: =O37 -> 0 | Q34: =P37 -> 0 | R34: =Q37 -> 0
D35: Plus: | E35: =E$24 -> Forecast RCV indexation | F35: =F$24 -> 0 | G35: =G$24 -> £m | H35: =H$24 -> 0 | I35: =I$24 -> 0 | J35: =J$24 -> 0 | K35: =K$24 -> 0 | L35: =L$24 -> 0 | ... R35: =R$24 -> 0
D36: Less: | E36: =E$29 -> Forecast RCV run-off | F36: =F$29 -> 0 | G36: =G$29 -> £m | H36: =H$29 -> 0 | I36: =I$29 -> 0 | J36: =J$29 -> 0 | K36: =K$29 -> 0 | L36: =L$29 -> 0 | ... R36: =R$29 -> 0
E37: Forecast Nominal RCV balance END | G37: £m | J37: =IF( J32 = 1, $F31, J34 + J35 - J36) -> 0 | K37: =IF( K32 = 1, $F31, K34 + K35 - K36) -> 0 | L37: =IF( L32 = 1, $F31, L34 + L35 - L36) -> 0 | M37: =IF( M32 = 1, $F31, M34 + M35 - M36) -> 0 | N37: =IF( N32 = 1, $F31, N34 + N35 - N36) -> 0 | O37: =IF( O32 = 1, $F31, O34 + O35 - O36) -> 0 | P37: =IF( P32 = 1, $F31, P34 + P35 - P36) -> 0 | Q37: =IF( Q32 = 1, $F31, Q34 + Q35 - Q36) -> 0 | R37: =IF( R32 = 1, $F31, R34 + R35 - R36) -> 0
E39: =E$27 -> Forecast Nominal RCV balance BEG | F39: =F$27 -> 0 | G39: =G$27 -> £m | H39: =H$27 -> 0 | I39: =I$27 -> 0 | J39: =J$27 -> 0 | K39: =K$27 -> 0 | L39: =L$27 -> 0 | ... R39: =R$27 -> 0
E40: =E$24 -> Forecast RCV indexation | F40: =F$24 -> 0 | G40: =G$24 -> £m | H40: =H$24 -> 0 | I40: =I$24 -> 0 | J40: =J$24 -> 0 | K40: =K$24 -> 0 | L40: =L$24 -> 0 | ... R40: =R$24 -> 0
E41: =E$37 -> Forecast Nominal RCV balance END | F41: =F$37 -> 0 | G41: =G$37 -> £m | H41: =H$37 -> 0 | I41: =I$37 -> 0 | J41: =J$37 -> 0 | K41: =K$37 -> 0 | L41: =L$37 -> 0 | ... R41: =R$37 -> 0
E42: Forecast RCV average balance | G42: £m | J42: =( (J39+J40) + J41) / 2 -> 0 | K42: =( (K39+K40) + K41) / 2 -> 0 | L42: =( (L39+L40) + L41) / 2 -> 0 | M42: =( (M39+M40) + M41) / 2 -> 0 | N42: =( (N39+N40) + N41) / 2 -> 0 | O42: =( (O39+O40) + O41) / 2 -> 0 | P42: =( (P39+P40) + P41) / 2 -> 0 | Q42: =( (Q39+Q40) + Q41) / 2 -> 0 | R42: =( (R39+R40) + R41) / 2 -> 0
B44: Forecast return on RCV
E45: =InpR!E$103 -> WACC on RCV - CPI(H) + RPI wedge bf and additions - WWN | F45: =InpR!F$103 -> 0 | G45: =InpR!G$103 -> % | H45: =InpR!I$103 -> PR19 Financial model, 'Wastewater Network' sheet row 980 | I45: =InpR!#REF! -> #REF! | J45: =InpR!J$103 -> 0 | K45: =InpR!K$103 -> 0 | L45: =InpR!L$103 -> 0 | M45: =InpR!M$103 -> 0 | N45: =InpR!N$103 -> 0 | O45: =InpR!O$103 -> 0 | P45: =InpR!P$103 -> 0 | Q45: =InpR!Q$103 -> 0 | R45: =InpR!R$103 -> 0
E46: =Time!E$54 -> Forecast Period Flag | F46: =Time!F$54 -> 0 | G46: =Time!G$54 -> flag | H46: =Time!H$54 -> 5 | I46: =Time!I$54 -> 0 | J46: =Time!J$54 -> 0 | K46: =Time!K$54 -> 0 | L46: =Time!L$54 -> 0 | ... R46: =Time!R$54 -> 0
E47: =E$42 -> Forecast RCV average balance | F47: =F$42 -> 0 | G47: =G$42 -> £m | H47: =H$42 -> 0 | I47: =I$42 -> 0 | J47: =J$42 -> 0 | K47: =K$42 -> 0 | L47: =L$42 -> 0 | ... R47: =R$42 -> 0
E48: Forecast nominal return | G48: £m | J48: =J45*J47*J46 -> 0 | K48: =K45*K47*K46 -> 0 | L48: =L45*L47*L46 -> 0 | M48: =M45*M47*M46 -> 0 | N48: =N45*N47*N46 -> 0 | O48: =O45*O47*O46 -> 0 | P48: =P45*P47*P46 -> 0 | Q48: =Q45*Q47*Q46 -> 0 | R48: =R45*R47*R46 -> 0
B50: Forecast total revenue
E51: =E$29 -> Forecast RCV run-off | F51: =F$29 -> 0 | G51: =G$29 -> £m | H51: =H$29 -> 0 | I51: =I$29 -> 0 | J51: =J$29 -> 0 | K51: =K$29 -> 0 | L51: =L$29 -> 0 | ... R51: =R$29 -> 0
E52: =E$48 -> Forecast nominal return | F52: =F$48 -> 0 | G52: =G$48 -> £m | H52: =H$48 -> 0 | I52: =I$48 -> 0 | J52: =J$48 -> 0 | K52: =K$48 -> 0 | L52: =L$48 -> 0 | ... R52: =R$48 -> 0
E53: Total Forecast revenue to company | G53: =G$48 -> £m | H53: =SUM(J53:R53) -> 0 | J53: =SUM(J51:J52) -> 0 | K53: =SUM(K51:K52) -> 0 | L53: =SUM(L51:L52) -> 0 | M53: =SUM(M51:M52) -> 0 | N53: =SUM(N51:N52) -> 0 | O53: =SUM(O51:O52) -> 0 | P53: =SUM(P51:P52) -> 0 | Q53: =SUM(Q51:Q52) -> 0 | R53: =SUM(R51:R52) -> 0
A55: What the company actually experienced
C57: This section calculates the revenue that the company actually receives.
C58: The CPIH + K mechanism in the licence is designed to compensate companies for varitions in actual and forecast CPIH.
C59: The model therefore assumes that forecast and actual CPIH are identical so that the impact of variations in the CPIH RPI wedge can be viewed.
E61: Actual nominal revenue | G61: £m | J61: =J53 -> 0 | K61: =K53 -> 0 | L61: =L53 -> 0 | M61: =M53 -> 0 | N61: =N53 -> 0 | O61: =O53 -> 0 | P61: =P53 -> 0 | Q61: =Q53 -> 0 | R61: =R53 -> 0
A63: WHAT THE COMPANY SHOULD HAVE EXPERIENCED
C65: This section calculates the revenue that the company should have been allowed, assuming that Ofwat had perfect foresight of the actual RPI CPIH wedge.
B67: Inflation based on actual wedge
E68: =Index!E$48 -> CPI(H): Fin year average - percentage increase - final determination | F68: =Index!F$48 -> 0 | G68: =Index!G$48 -> % | H68: =Index!H$48 -> 0 | I68: =Index!I$48 -> 0 | J68: =Index!J$48 -> 0 | K68: =Index!K$48 -> 0.021269791 | L68: =Index!L$48 -> 0.019909655 | ... R68: =Index!R$48 -> 0.02
E69: =Index!E$135 -> Actual RPI/CPIH wedge - actual (including forecast) | F69: =Index!F$135 -> 0 | G69: =Index!G$135 -> % | H69: =Index!H$135 -> 0 | I69: =Index!I$135 -> 0 | J69: =Index!J$135 -> 0 | K69: =Index!K$135 -> -0.042539581 | L69: =Index!L$135 -> 0.0088943456 | ... R69: =Index!R$135 -> 0
E70: Actual Indexation percentage | J70: =SUM(J68:J69) -> 0 | K70: =SUM(K68:K69) -> -0.021269791 | L70: =SUM(L68:L69) -> 0.028804001 | M70: =SUM(M68:M69) -> 0.019682927 | N70: =SUM(N68:N69) -> 0.020041983 | O70: =SUM(O68:O69) -> 0.020751252 | P70: =SUM(P68:P69) -> 0.021 | Q70: =SUM(Q68:Q69) -> 0.021 | R70: =SUM(R68:R69) -> 0.02
B72: RCV balance based on actual wedge
E73: =E$85 -> Actual Nominal RCV balance BEG | F73: =F$85 -> 0 | G73: =G$85 -> £m | H73: =H$85 -> 0 | I73: =I$85 -> 0 | J73: =J$85 -> 0 | K73: =K$85 -> 0 | L73: =L$85 -> 0 | ... R73: =R$85 -> 0
E74: =E$70 -> Actual Indexation percentage | F74: =F$70 -> 0 | G74: =G$70 -> 0 | H74: =H$70 -> 0 | I74: =I$70 -> 0 | J74: =J$70 -> 0 | K74: =K$70 -> -0.021269791 | L74: =L$70 -> 0.028804001 | ... R74: =R$70 -> 0.02
E75: Actual RCV indexation | G75: £m | J75: =J73*J74 -> 0 | K75: =K73*K74 -> 0 | L75: =L73*L74 -> 0 | M75: =M73*M74 -> 0 | N75: =N73*N74 -> 0 | O75: =O73*O74 -> 0 | P75: =P73*P74 -> 0 | Q75: =Q73*Q74 -> 0 | R75: =R73*R74 -> 0
E77: =InpR!E$96 -> Run-off rate - CPI(H) + RPI wedge - active - WWN | F77: =InpR!F$96 -> 0 | G77: =InpR!G$96 -> % | H77: =InpR!I$96 -> PR19 Financial model, 'F_OutputsMaster' sheet row 959, PR19FM2096POST | I77: =InpR!#REF! -> #REF! | J77: =InpR!J$96 -> 0 | K77: =InpR!K$96 -> 0 | L77: =InpR!L$96 -> 0 | M77: =InpR!M$96 -> 0 | N77: =InpR!N$96 -> 0 | O77: =InpR!O$96 -> 0 | P77: =InpR!P$96 -> 0 | Q77: =InpR!Q$96 -> 0 | R77: =InpR!R$96 -> 0
E78: =E$85 -> Actual Nominal RCV balance BEG | F78: =F$85 -> 0 | G78: =G$85 -> £m | H78: =H$85 -> 0 | I78: =I$85 -> 0 | J78: =J$85 -> 0 | K78: =K$85 -> 0 | L78: =L$85 -> 0 | ... R78: =R$85 -> 0
E79: =E$75 -> Actual RCV indexation | F79: =F$75 -> 0 | G79: =G$75 -> £m | H79: =H$75 -> 0 | I79: =I$75 -> 0 | J79: =J$75 -> 0 | K79: =K$75 -> 0 | L79: =L$75 -> 0 | ... R79: =R$75 -> 0
E80: RCV run-off company should have received | G80: £m | J80: =(J78+J79) * J77 -> 0 | K80: =(K78+K79) * K77 -> 0 | L80: =(L78+L79) * L77 -> 0 | M80: =(M78+M79) * M77 -> 0 | N80: =(N78+N79) * N77 -> 0 | O80: =(O78+O79) * O77 -> 0 | P80: =(P78+P79) * P77 -> 0 | Q80: =(Q78+Q79) * Q77 -> 0 | R80: =(R78+R79) * R77 -> 0
E82: =InpR!$E$89 -> RCV - CPI(H) + RPI wedge initial balance - nominal - WWN | F82: =InpR!$F$89 -> 0 | G82: =InpR!$G$89 -> £m
E83: =Time!E$40 -> Acquisition / initial balance date flag | F83: =Time!F$40 -> 0 | G83: =Time!G$40 -> flag | H83: =Time!H$40 -> 1 | I83: =Time!I$40 -> 0 | J83: =Time!J$40 -> 0 | K83: =Time!K$40 -> 0 | L83: =Time!L$40 -> 1 | ... R83: =Time!R$40 -> 0
E85: Actual Nominal RCV balance BEG | G85: £m | J85: =I88 -> 0 | K85: =J88 -> 0 | L85: =K88 -> 0 | M85: =L88 -> 0 | N85: =M88 -> 0 | O85: =N88 -> 0 | P85: =O88 -> 0 | Q85: =P88 -> 0 | R85: =Q88 -> 0
D86: Plus: | E86: =E$75 -> Actual RCV indexation | F86: =F$75 -> 0 | G86: =G$75 -> £m | H86: =H$75 -> 0 | I86: =I$75 -> 0 | J86: =J$75 -> 0 | K86: =K$75 -> 0 | L86: =L$75 -> 0 | ... R86: =R$75 -> 0
D87: Less: | E87: =E$80 -> RCV run-off company should have received | F87: =F$80 -> 0 | G87: =G$80 -> £m | H87: =H$80 -> 0 | I87: =I$80 -> 0 | J87: =J$80 -> 0 | K87: =K$80 -> 0 | L87: =L$80 -> 0 | ... R87: =R$80 -> 0
E88: Actual Nominal RCV balance END | G88: £m | J88: =IF( J83 = 1, $F82, J85 + J86 - J87) -> 0 | K88: =IF( K83 = 1, $F82, K85 + K86 - K87) -> 0 | L88: =IF( L83 = 1, $F82, L85 + L86 - L87) -> 0 | M88: =IF( M83 = 1, $F82, M85 + M86 - M87) -> 0 | N88: =IF( N83 = 1, $F82, N85 + N86 - N87) -> 0 | O88: =IF( O83 = 1, $F82, O85 + O86 - O87) -> 0 | P88: =IF( P83 = 1, $F82, P85 + P86 - P87) -> 0 | Q88: =IF( Q83 = 1, $F82, Q85 + Q86 - Q87) -> 0 | R88: =IF( R83 = 1, $F82, R85 + R86 - R87) -> 0
E90: =E$85 -> Actual Nominal RCV balance BEG | F90: =F$85 -> 0 | G90: =G$85 -> £m | H90: =H$85 -> 0 | I90: =I$85 -> 0 | J90: =J$85 -> 0 | K90: =K$85 -> 0 | L90: =L$85 -> 0 | ... R90: =R$85 -> 0
E91: =E$86 -> Actual RCV indexation | F91: =F$86 -> 0 | G91: =G$86 -> £m | H91: =H$86 -> 0 | I91: =I$86 -> 0 | J91: =J$86 -> 0 | K91: =K$86 -> 0 | L91: =L$86 -> 0 | ... R91: =R$86 -> 0
E92: =E$88 -> Actual Nominal RCV balance END | F92: =F$88 -> 0 | G92: =G$88 -> £m | H92: =H$88 -> 0 | I92: =I$88 -> 0 | J92: =J$88 -> 0 | K92: =K$88 -> 0 | L92: =L$88 -> 0 | ... R92: =R$88 -> 0
E93: Actual average RCV balance | G93: £m | J93: =( (J90+J91) + J92) / 2 -> 0 | K93: =( (K90+K91) + K92) / 2 -> 0 | L93: =( (L90+L91) + L92) / 2 -> 0 | M93: =( (M90+M91) + M92) / 2 -> 0 | N93: =( (N90+N91) + N92) / 2 -> 0 | O93: =( (O90+O91) + O92) / 2 -> 0 | P93: =( (P90+P91) + P92) / 2 -> 0 | Q93: =( (Q90+Q91) + Q92) / 2 -> 0 | R93: =( (R90+R91) + R92) / 2 -> 0
B95: RCV returns based on actual wedge
E96: =InpR!E$103 -> WACC on RCV - CPI(H) + RPI wedge bf and additions - WWN | F96: =InpR!F$103 -> 0 | G96: =InpR!G$103 -> % | H96: =InpR!I$103 -> PR19 Financial model, 'Wastewater Network' sheet row 980 | I96: =InpR!#REF! -> #REF! | J96: =InpR!J$103 -> 0 | K96: =InpR!K$103 -> 0 | L96: =InpR!L$103 -> 0 | M96: =InpR!M$103 -> 0 | N96: =InpR!N$103 -> 0 | O96: =InpR!O$103 -> 0 | P96: =InpR!P$103 -> 0 | Q96: =InpR!Q$103 -> 0 | R96: =InpR!R$103 -> 0
E97: =Time!E$54 -> Forecast Period Flag | F97: =Time!F$54 -> 0 | G97: =Time!G$54 -> flag | H97: =Time!H$54 -> 5 | I97: =Time!I$54 -> 0 | J97: =Time!J$54 -> 0 | K97: =Time!K$54 -> 0 | L97: =Time!L$54 -> 0 | ... R97: =Time!R$54 -> 0
E98: =E$93 -> Actual average RCV balance | F98: =F$93 -> 0 | G98: =G$93 -> £m | H98: =H$93 -> 0 | I98: =I$93 -> 0 | J98: =J$93 -> 0 | K98: =K$93 -> 0 | L98: =L$93 -> 0 | ... R98: =R$93 -> 0
E99: Nominal return company should have received | G99: £m | J99: =J96*J97*J98 -> 0 | K99: =K96*K97*K98 -> 0 | L99: =L96*L97*L98 -> 0 | M99: =M96*M97*M98 -> 0 | N99: =N96*N97*N98 -> 0 | O99: =O96*O97*O98 -> 0 | P99: =P96*P97*P98 -> 0 | Q99: =Q96*Q97*Q98 -> 0 | R99: =R96*R97*R98 -> 0
E101: =Time!E$50 -> Last Forecast Period Flag | F101: =Time!F$50 -> 0 | G101: =Time!G$50 -> flag | H101: =Time!H$50 -> 1 | I101: =Time!I$50 -> 0 | J101: =Time!J$50 -> 0 | K101: =Time!K$50 -> 0 | L101: =Time!L$50 -> 0 | ... R101: =Time!R$50 -> 0
E102: =E$88 -> Actual Nominal RCV balance END | F102: =F$88 -> 0 | G102: =G$88 -> £m | H102: =H$88 -> 0 | I102: =I$88 -> 0 | J102: =J$88 -> 0 | K102: =K$88 -> 0 | L102: =L$88 -> 0 | ... R102: =R$88 -> 0
E103: Actual Nominal RCV residual balance | J103: =J102 * J101 -> 0 | K103: =K102 * K101 -> 0 | L103: =L102 * L101 -> 0 | M103: =M102 * M101 -> 0 | N103: =N102 * N101 -> 0 | O103: =O102 * O101 -> 0 | P103: =P102 * P101 -> 0 | Q103: =Q102 * Q101 -> 0 | R103: =R102 * R101 -> 0
B105: Revenue based on actual wedge
E106: =E$80 -> RCV run-off company should have received | F106: =F$80 -> 0 | G106: =G$80 -> £m | H106: =H$80 -> 0 | I106: =I$80 -> 0 | J106: =J$80 -> 0 | K106: =K$80 -> 0 | L106: =L$80 -> 0 | ... R106: =R$80 -> 0
E107: =E$99 -> Nominal return company should have received | F107: =F$99 -> 0 | G107: =G$99 -> £m | H107: =H$99 -> 0 | I107: =I$99 -> 0 | J107: =J$99 -> 0 | K107: =K$99 -> 0 | L107: =L$99 -> 0 | ... R107: =R$99 -> 0
E108: Total nominal revenue company should have received | G108: =G$99 -> £m | H108: =SUM(J108:R108) -> 0 | J108: =SUM(J106:J107) -> 0 | K108: =SUM(K106:K107) -> 0 | L108: =SUM(L106:L107) -> 0 | M108: =SUM(M106:M107) -> 0 | N108: =SUM(N106:N107) -> 0 | O108: =SUM(O106:O107) -> 0 | P108: =SUM(P106:P107) -> 0 | Q108: =SUM(Q106:Q107) -> 0 | R108: =SUM(R106:R107) -> 0
A110: DIFFERENCE
C112: This section compares the actual revenue the company received with the revenue Ofwat would have allowed if it had perfect foresight of the RPI CPIH wedge.
E114: =E$61 -> Actual nominal revenue | F114: =F$61 -> 0 | G114: =G$61 -> £m | H114: =H$61 -> 0 | I114: =I$61 -> 0 | J114: =J$61 -> 0 | K114: =K$61 -> 0 | L114: =L$61 -> 0 | ... R114: =R$61 -> 0
E115: =E$108 -> Total nominal revenue company should have received | F115: =F$108 -> 0 | G115: =G$108 -> £m | H115: =H$108 -> 0 | I115: =I$108 -> 0 | J115: =J$108 -> 0 | K115: =K$108 -> 0 | L115: =L$108 -> 0 | ... R115: =R$108 -> 0
E116: Difference in nominal revenue | G116: =G$99 -> £m | H116: =SUM(J116:R116) -> 0 | M116: =M115-M114 -> 0 | N116: =N115-N114 -> 0 | O116: =O115-O114 -> 0 | P116: =P115-P114 -> 0 | Q116: =Q115-Q114 -> 0
A118: TRUE UP
C120: This section works out the value of the true up to be applied.
C121: The CPIH + K mechanism in the licence is designed to adjust revenues for changes in CPIH from forecast.
C122: The true up mechanism therefore does not need to do this. Forecast CPIH, rather than actual CPIH should therefore be used in when applying the true up.
E124: =Index!E$48 -> CPI(H): Fin year average - percentage increase - final determination | F124: =Index!F$48 -> 0 | G124: =Index!G$48 -> % | H124: =Index!H$48 -> 0 | I124: =Index!I$48 -> 0 | J124: =Index!J$48 -> 0 | K124: =Index!K$48 -> 0.021269791 | L124: =Index!L$48 -> 0.019909655 | ... R124: =Index!R$48 -> 0.02
E125: =Index!E$71 -> Forecast RPI/CPIH wedge - final determination | F125: =Index!F$71 -> 0 | G125: =Index!G$71 -> % | H125: =Index!H$71 -> 0 | I125: =Index!I$71 -> 0 | J125: =Index!J$71 -> 0 | K125: =Index!K$71 -> -0.021269791 | L125: =Index!L$71 -> 0.011612485 | ... R125: =Index!R$71 -> 0.01
E126: True up Indexation percentage | J126: =SUM(J124:J125) -> 0 | K126: =SUM(K124:K125) -> 0 | L126: =SUM(L124:L125) -> 0.031522141 | M126: =SUM(M124:M125) -> 0.024258092 | N126: =SUM(N124:N125) -> 0.029587649 | O126: =SUM(O124:O125) -> 0.031503683 | P126: =SUM(P124:P125) -> 0.032 | Q126: =SUM(Q124:Q125) -> 0.032 | R126: =SUM(R124:R125) -> 0.03
E128: =E$140 -> True up Nominal RCV balance BEG | F128: =F$140 -> 0 | G128: =G$140 -> £m | H128: =H$140 -> 0 | I128: =I$140 -> 0 | J128: =J$140 -> 0 | K128: =K$140 -> 0 | L128: =L$140 -> 0 | ... R128: =R$140 -> 0
E129: =E$126 -> True up Indexation percentage | F129: =F$126 -> 0 | G129: =G$126 -> 0 | H129: =H$126 -> 0 | I129: =I$126 -> 0 | J129: =J$126 -> 0 | K129: =K$126 -> 0 | L129: =L$126 -> 0.031522141 | ... R129: =R$126 -> 0.03
E130: True up RCV indexation | G130: £m | J130: =J128*J129 -> 0 | K130: =K128*K129 -> 0 | L130: =L128*L129 -> 0 | M130: =M128*M129 -> 0 | N130: =N128*N129 -> 0 | O130: =O128*O129 -> 0 | P130: =P128*P129 -> 0 | Q130: =Q128*Q129 -> 0 | R130: =R128*R129 -> 0
E132: =InpR!E$96 -> Run-off rate - CPI(H) + RPI wedge - active - WWN | F132: =InpR!F$96 -> 0 | G132: =InpR!G$96 -> % | H132: =InpR!I$96 -> PR19 Financial model, 'F_OutputsMaster' sheet row 959, PR19FM2096POST | I132: =InpR!#REF! -> #REF! | J132: =InpR!J$96 -> 0 | K132: =InpR!K$96 -> 0 | L132: =InpR!L$96 -> 0 | M132: =InpR!M$96 -> 0 | N132: =InpR!N$96 -> 0 | O132: =InpR!O$96 -> 0 | P132: =InpR!P$96 -> 0 | Q132: =InpR!Q$96 -> 0 | R132: =InpR!R$96 -> 0
E133: =E$140 -> True up Nominal RCV balance BEG | F133: =F$140 -> 0 | G133: =G$140 -> £m | H133: =H$140 -> 0 | I133: =I$140 -> 0 | J133: =J$140 -> 0 | K133: =K$140 -> 0 | L133: =L$140 -> 0 | ... R133: =R$140 -> 0
E134: =E$130 -> True up RCV indexation | F134: =F$130 -> 0 | G134: =G$130 -> £m | H134: =H$130 -> 0 | I134: =I$130 -> 0 | J134: =J$130 -> 0 | K134: =K$130 -> 0 | L134: =L$130 -> 0 | ... R134: =R$130 -> 0
...

Sheet Calcs-BR
A1: =RIGHT(CELL("filename", $A$1), LEN(CELL("filename", $A$1)) - SEARCH("]", CELL("filename", $A$1))) -> Calcs-BR
E2: =Time!E$23 -> Model Period END | F2: =Checks!$F$9 -> 0 | G2: Error chks | J2: =Time!J$23 -> 43190 | K2: =Time!K$23 -> 43555 | L2: =Time!L$23 -> 43921 | M2: =Time!M$23 -> 44286 | N2: =Time!N$23 -> 44651 | O2: =Time!O$23 -> 45016 | P2: =Time!P$23 -> 45382 | Q2: =Time!Q$23 -> 45747 | R2: =Time!R$23 -> 46112
E3: =Time!E$59 -> Pre Forecast vs Forecast | J3: =Time!J$59 -> Pre Fcst | K3: =Time!K$59 -> Pre Fcst | L3: =Time!L$59 -> Pre Fcst | M3: =Time!M$59 -> Forecast | N3: =Time!N$59 -> Forecast | O3: =Time!O$59 -> Forecast | P3: =Time!P$59 -> Forecast | Q3: =Time!Q$59 -> Forecast | R3: =Time!R$59 -> Post-Fcst
J4: =Time!J$86 -> 2018 | K4: =Time!K$86 -> 2019 | L4: =Time!L$86 -> 2020 | M4: =Time!M$86 -> 2021 | N4: =Time!N$86 -> 2022 | O4: =Time!O$86 -> 2023 | P4: =Time!P$86 -> 2024 | Q4: =Time!Q$86 -> 2025 | R4: =Time!R$86 -> 2026
E6: =Time!E$11 -> Model column counter | F6: Constant | G6: Unit | H6: Total | J6: =Time!J$11 -> 1 | K6: =Time!K$11 -> 2 | L6: =Time!L$11 -> 3 | M6: =Time!M$11 -> 4 | N6: =Time!N$11 -> 5 | O6: =Time!O$11 -> 6 | P6: =Time!P$11 -> 7 | Q6: =Time!Q$11 -> 8 | R6: =Time!R$11 -> 9
A8: FORECAST POSITION AT PR19 FINAL DETERMINATION
C10: This section replicates the RCV calculations in the PR19 final determination financial model.
B12: Forecast inflation
E13: =Index!E$48 -> CPI(H): Fin year average - percentage increase - final determination | F13: =Index!F$48 -> 0 | G13: =Index!G$48 -> % | H13: =Index!H$48 -> 0 | I13: =Index!I$48 -> 0 | J13: =Index!J$48 -> 0 | K13: =Index!K$48 -> 0.021269791 | L13: =Index!L$48 -> 0.019909655 | ... R13: =Index!R$48 -> 0.02
E14: =Index!E$71 -> Forecast RPI/CPIH wedge - final determination | F14: =Index!F$71 -> 0 | G14: =Index!G$71 -> % | H14: =Index!H$71 -> 0 | I14: =Index!I$71 -> 0 | J14: =Index!J$71 -> 0 | K14: =Index!K$71 -> -0.021269791 | L14: =Index!L$71 -> 0.011612485 | ... R14: =Index!R$71 -> 0.01
E15: Forecast Indexation percentage | G15: % | J15: =SUM(J13:J14) -> 0 | K15: =SUM(K13:K14) -> 0 | L15: =SUM(L13:L14) -> 0.031522141 | M15: =SUM(M13:M14) -> 0.024258092 | N15: =SUM(N13:N14) -> 0.029587649 | O15: =SUM(O13:O14) -> 0.031503683 | P15: =SUM(P13:P14) -> 0.032 | Q15: =SUM(Q13:Q14) -> 0.032 | R15: =SUM(R13:R14) -> 0.03
E17: =Time!E$40 -> Acquisition / initial balance date flag | F17: =Time!F$40 -> 0 | G17: =Time!G$40 -> flag | H17: =Time!H$40 -> 1 | I17: =Time!I$40 -> 0 | J17: =Time!J$40 -> 0 | K17: =Time!K$40 -> 0 | L17: =Time!L$40 -> 1 | ... R17: =Time!R$40 -> 0
E18: =Index!E$48 -> CPI(H): Fin year average - percentage increase - final determination | F18: =Index!F$48 -> 0 | G18: =Index!G$48 -> % | H18: =Index!H$48 -> 0 | I18: =Index!I$48 -> 0 | J18: =Index!J$48 -> 0 | K18: =Index!K$48 -> 0.021269791 | L18: =Index!L$48 -> 0.019909655 | ... R18: =Index!R$48 -> 0.02
E19: Cumulative CPIH inflation | J19: =IF(J17=1,1,I19*(1+J18)) -> 0 | K19: =IF(K17=1,1,J19*(1+K18)) -> 0 | L19: =IF(L17=1,1,K19*(1+L18)) -> 1 | M19: =IF(M17=1,1,L19*(1+M18)) -> 1.0198336 | N19: =IF(N17=1,1,M19*(1+N18)) -> 1.0402731 | O19: =IF(O17=1,1,N19*(1+O18)) -> 1.0618601 | P19: =IF(P17=1,1,O19*(1+P18)) -> 1.0841592 | Q19: =IF(Q17=1,1,P19*(1+Q18)) -> 1.1069265 | R19: =IF(R17=1,1,Q19*(1+R18)) -> 1.129065
B21: Forecast RCV balance
E22: =E$34 -> Forecast Nominal RCV balance BEG | F22: =F$34 -> 0 | G22: =G$34 -> £m | H22: =H$34 -> 0 | I22: =I$34 -> 0 | J22: =J$34 -> 0 | K22: =K$34 -> 0 | L22: =L$34 -> 0 | ... R22: =R$34 -> 0
E23: =E$15 -> Forecast Indexation percentage | F23: =F$15 -> 0 | G23: =G$15 -> % | H23: =H$15 -> 0 | I23: =I$15 -> 0 | J23: =J$15 -> 0 | K23: =K$15 -> 0 | L23: =L$15 -> 0.031522141 | ... R23: =R$15 -> 0.03
E24: Forecast RCV indexation | G24: £m | J24: =J22*J23 -> 0 | K24: =K22*K23 -> 0 | L24: =L22*L23 -> 0 | M24: =M22*M23 -> 0 | N24: =N22*N23 -> 0 | O24: =O22*O23 -> 0 | P24: =P22*P23 -> 0 | Q24: =Q22*Q23 -> 0 | R24: =R22*R23 -> 0
E26: =InpR!E$97 -> Run-off rate - CPI(H) + RPI wedge - active - BR | F26: =InpR!F$97 -> 0 | G26: =InpR!G$97 -> % | H26: =InpR!I$97 -> PR19 Financial model, 'F_OutputsMaster' sheet row 962, PR19FM2099POST | I26: =InpR!#REF! -> #REF! | J26: =InpR!J$97 -> 0 | K26: =InpR!K$97 -> 0 | L26: =InpR!L$97 -> 0 | M26: =InpR!M$97 -> 0 | N26: =InpR!N$97 -> 0 | O26: =InpR!O$97 -> 0 | P26: =InpR!P$97 -> 0 | Q26: =InpR!Q$97 -> 0 | R26: =InpR!R$97 -> 0
E27: =E$34 -> Forecast Nominal RCV balance BEG | F27: =F$34 -> 0 | G27: =G$34 -> £m | H27: =H$34 -> 0 | I27: =I$34 -> 0 | J27: =J$34 -> 0 | K27: =K$34 -> 0 | L27: =L$34 -> 0 | ... R27: =R$34 -> 0
E28: =E$24 -> Forecast RCV indexation | F28: =F$24 -> 0 | G28: =G$24 -> £m | H28: =H$24 -> 0 | I28: =I$24 -> 0 | J28: =J$24 -> 0 | K28: =K$24 -> 0 | L28: =L$24 -> 0 | ... R28: =R$24 -> 0
E29: Forecast RCV run-off | G29: £m | J29: =(J27+J28) * J26 -> 0 | K29: =(K27+K28) * K26 -> 0 | L29: =(L27+L28) * L26 -> 0 | M29: =(M27+M28) * M26 -> 0 | N29: =(N27+N28) * N26 -> 0 | O29: =(O27+O28) * O26 -> 0 | P29: =(P27+P28) * P26 -> 0 | Q29: =(Q27+Q28) * Q26 -> 0 | R29: =(R27+R28) * R26 -> 0
E31: =InpR!$E$90 -> RCV - CPI(H) + RPI wedge initial balance - nominal - BR | F31: =InpR!$F$90 -> 0 | G31: =InpR!$G$90 -> £m
E32: =Time!E$40 -> Acquisition / initial balance date flag | F32: =Time!F$40 -> 0 | G32: =Time!G$40 -> flag | H32: =Time!H$40 -> 1 | I32: =Time!I$40 -> 0 | J32: =Time!J$40 -> 0 | K32: =Time!K$40 -> 0 | L32: =Time!L$40 -> 1 | ... R32: =Time!R$40 -> 0
E34: Forecast Nominal RCV balance BEG | G34: £m | J34: =I37 -> 0 | K34: =J37 -> 0 | L34: =K37 -> 0 | M34: =L37 -> 0 | N34: =M37 -> 0 | O34: =N37 -> 0 | P34: =O37 -> 0 | Q34: =P37 -> 0 | R34: =Q37 -> 0
D35: Plus: | E35: =E$24 -> Forecast RCV indexation | F35: =F$24 -> 0 | G35: =G$24 -> £m | H35: =H$24 -> 0 | I35: =I$24 -> 0 | J35: =J$24 -> 0 | K35: =K$24 -> 0 | L35: =L$24 -> 0 | ... R35: =R$24 -> 0
D36: Less: | E36: =E$29 -> Forecast RCV run-off | F36: =F$29 -> 0 | G36: =G$29 -> £m | H36: =H$29 -> 0 | I36: =I$29 -> 0 | J36: =J$29 -> 0 | K36: =K$29 -> 0 | L36: =L$29 -> 0 | ... R36: =R$29 -> 0
E37: Forecast Nominal RCV balance END | G37: £m | J37: =IF( J32 = 1, $F31, J34 + J35 - J36) -> 0 | K37: =IF( K32 = 1, $F31, K34 + K35 - K36) -> 0 | L37: =IF( L32 = 1, $F31, L34 + L35 - L36) -> 0 | M37: =IF( M32 = 1, $F31, M34 + M35 - M36) -> 0 | N37: =IF( N32 = 1, $F31, N34 + N35 - N36) -> 0 | O37: =IF( O32 = 1, $F31, O34 + O35 - O36) -> 0 | P37: =IF( P32 = 1, $F31, P34 + P35 - P36) -> 0 | Q37: =IF( Q32 = 1, $F31, Q34 + Q35 - Q36) -> 0 | R37: =IF( R32 = 1, $F31, R34 + R35 - R36) -> 0
E39: =E$27 -> Forecast Nominal RCV balance BEG | F39: =F$27 -> 0 | G39: =G$27 -> £m | H39: =H$27 -> 0 | I39: =I$27 -> 0 | J39: =J$27 -> 0 | K39: =K$27 -> 0 | L39: =L$27 -> 0 | ... R39: =R$27 -> 0
E40: =E$24 -> Forecast RCV indexation | F40: =F$24 -> 0 | G40: =G$24 -> £m | H40: =H$24 -> 0 | I40: =I$24 -> 0 | J40: =J$24 -> 0 | K40: =K$24 -> 0 | L40: =L$24 -> 0 | ... R40: =R$24 -> 0
E41: =E$37 -> Forecast Nominal RCV balance END | F41: =F$37 -> 0 | G41: =G$37 -> £m | H41: =H$37 -> 0 | I41: =I$37 -> 0 | J41: =J$37 -> 0 | K41: =K$37 -> 0 | L41: =L$37 -> 0 | ... R41: =R$37 -> 0
E42: Forecast RCV average balance | G42: £m | J42: =( (J39+J40) + J41) / 2 -> 0 | K42: =( (K39+K40) + K41) / 2 -> 0 | L42: =( (L39+L40) + L41) / 2 -> 0 | M42: =( (M39+M40) + M41) / 2 -> 0 | N42: =( (N39+N40) + N41) / 2 -> 0 | O42: =( (O39+O40) + O41) / 2 -> 0 | P42: =( (P39+P40) + P41) / 2 -> 0 | Q42: =( (Q39+Q40) + Q41) / 2 -> 0 | R42: =( (R39+R40) + R41) / 2 -> 0
B44: Forecast return on RCV
E45: =InpR!E$104 -> WACC on RCV - CPI(H) + RPI wedge bf and additions - BR | F45: =InpR!F$104 -> 0 | G45: =InpR!G$104 -> % | H45: =InpR!I$104 -> PR19 Financial model, 'Bio Resources' sheet row 980 | I45: =InpR!#REF! -> #REF! | J45: =InpR!J$104 -> 0 | K45: =InpR!K$104 -> 0 | L45: =InpR!L$104 -> 0 | M45: =InpR!M$104 -> 0 | N45: =InpR!N$104 -> 0 | O45: =InpR!O$104 -> 0 | P45: =InpR!P$104 -> 0 | Q45: =InpR!Q$104 -> 0 | R45: =InpR!R$104 -> 0
E46: =Time!E$54 -> Forecast Period Flag | F46: =Time!F$54 -> 0 | G46: =Time!G$54 -> flag | H46: =Time!H$54 -> 5 | I46: =Time!I$54 -> 0 | J46: =Time!J$54 -> 0 | K46: =Time!K$54 -> 0 | L46: =Time!L$54 -> 0 | ... R46: =Time!R$54 -> 0
E47: =E$42 -> Forecast RCV average balance | F47: =F$42 -> 0 | G47: =G$42 -> £m | H47: =H$42 -> 0 | I47: =I$42 -> 0 | J47: =J$42 -> 0 | K47: =K$42 -> 0 | L47: =L$42 -> 0 | ... R47: =R$42 -> 0
E48: Forecast nominal return | G48: £m | J48: =J45*J47*J46 -> 0 | K48: =K45*K47*K46 -> 0 | L48: =L45*L47*L46 -> 0 | M48: =M45*M47*M46 -> 0 | N48: =N45*N47*N46 -> 0 | O48: =O45*O47*O46 -> 0 | P48: =P45*P47*P46 -> 0 | Q48: =Q45*Q47*Q46 -> 0 | R48: =R45*R47*R46 -> 0
B50: Forecast total revenue
E51: =E$29 -> Forecast RCV run-off | F51: =F$29 -> 0 | G51: =G$29 -> £m | H51: =H$29 -> 0 | I51: =I$29 -> 0 | J51: =J$29 -> 0 | K51: =K$29 -> 0 | L51: =L$29 -> 0 | ... R51: =R$29 -> 0
E52: =E$48 -> Forecast nominal return | F52: =F$48 -> 0 | G52: =G$48 -> £m | H52: =H$48 -> 0 | I52: =I$48 -> 0 | J52: =J$48 -> 0 | K52: =K$48 -> 0 | L52: =L$48 -> 0 | ... R52: =R$48 -> 0
E53: Total Forecast revenue to company | G53: =G$48 -> £m | H53: =SUM(J53:R53) -> 0 | J53: =SUM(J51:J52) -> 0 | K53: =SUM(K51:K52) -> 0 | L53: =SUM(L51:L52) -> 0 | M53: =SUM(M51:M52) -> 0 | N53: =SUM(N51:N52) -> 0 | O53: =SUM(O51:O52) -> 0 | P53: =SUM(P51:P52) -> 0 | Q53: =SUM(Q51:Q52) -> 0 | R53: =SUM(R51:R52) -> 0
A55: What the company actually experienced
C57: This section calculates the revenue that the company actually receives.
C58: The CPIH + K mechanism in the licence is designed to compensate companies for varitions in actual and forecast CPIH.
C59: The model therefore assumes that forecast and actual CPIH are identical so that the impact of variations in the CPIH RPI wedge can be viewed.
E61: Actual nominal revenue | G61: £m | J61: =J53 -> 0 | K61: =K53 -> 0 | L61: =L53 -> 0 | M61: =M53 -> 0 | N61: =N53 -> 0 | O61: =O53 -> 0 | P61: =P53 -> 0 | Q61: =Q53 -> 0 | R61: =R53 -> 0
A63: WHAT THE COMPANY SHOULD HAVE EXPERIENCED
C65: This section calculates the revenue that the company should have been allowed, assuming that Ofwat had perfect foresight of the actual RPI CPIH wedge.
B67: Inflation based on actual wedge
E68: =Index!E$48 -> CPI(H): Fin year average - percentage increase - final determination | F68: =Index!F$48 -> 0 | G68: =Index!G$48 -> % | H68: =Index!H$48 -> 0 | I68: =Index!I$48 -> 0 | J68: =Index!J$48 -> 0 | K68: =Index!K$48 -> 0.021269791 | L68: =Index!L$48 -> 0.019909655 | ... R68: =Index!R$48 -> 0.02
E69: =Index!E$135 -> Actual RPI/CPIH wedge - actual (including forecast) | F69: =Index!F$135 -> 0 | G69: =Index!G$135 -> % | H69: =Index!H$135 -> 0 | I69: =Index!I$135 -> 0 | J69: =Index!J$135 -> 0 | K69: =Index!K$135 -> -0.042539581 | L69: =Index!L$135 -> 0.0088943456 | ... R69: =Index!R$135 -> 0
E70: Actual Indexation percentage | J70: =SUM(J68:J69) -> 0 | K70: =SUM(K68:K69) -> -0.021269791 | L70: =SUM(L68:L69) -> 0.028804001 | M70: =SUM(M68:M69) -> 0.019682927 | N70: =SUM(N68:N69) -> 0.020041983 | O70: =SUM(O68:O69) -> 0.020751252 | P70: =SUM(P68:P69) -> 0.021 | Q70: =SUM(Q68:Q69) -> 0.021 | R70: =SUM(R68:R69) -> 0.02
B72: RCV balance based on actual wedge
E73: =E$85 -> Actual Nominal RCV balance BEG | F73: =F$85 -> 0 | G73: =G$85 -> £m | H73: =H$85 -> 0 | I73: =I$85 -> 0 | J73: =J$85 -> 0 | K73: =K$85 -> 0 | L73: =L$85 -> 0 | ... R73: =R$85 -> 0
E74: =E$70 -> Actual Indexation percentage | F74: =F$70 -> 0 | G74: =G$70 -> 0 | H74: =H$70 -> 0 | I74: =I$70 -> 0 | J74: =J$70 -> 0 | K74: =K$70 -> -0.021269791 | L74: =L$70 -> 0.028804001 | ... R74: =R$70 -> 0.02
E75: Actual RCV indexation | G75: £m | J75: =J73*J74 -> 0 | K75: =K73*K74 -> 0 | L75: =L73*L74 -> 0 | M75: =M73*M74 -> 0 | N75: =N73*N74 -> 0 | O75: =O73*O74 -> 0 | P75: =P73*P74 -> 0 | Q75: =Q73*Q74 -> 0 | R75: =R73*R74 -> 0
E77: =InpR!E$97 -> Run-off rate - CPI(H) + RPI wedge - active - BR | F77: =InpR!F$97 -> 0 | G77: =InpR!G$97 -> % | H77: =InpR!I$97 -> PR19 Financial model, 'F_OutputsMaster' sheet row 962, PR19FM2099POST | I77: =InpR!#REF! -> #REF! | J77: =InpR!J$97 -> 0 | K77: =InpR!K$97 -> 0 | L77: =InpR!L$97 -> 0 | M77: =InpR!M$97 -> 0 | N77: =InpR!N$97 -> 0 | O77: =InpR!O$97 -> 0 | P77: =InpR!P$97 -> 0 | Q77: =InpR!Q$97 -> 0 | R77: =InpR!R$97 -> 0
E78: =E$85 -> Actual Nominal RCV balance BEG | F78: =F$85 -> 0 | G78: =G$85 -> £m | H78: =H$85 -> 0 | I78: =I$85 -> 0 | J78: =J$85 -> 0 | K78: =K$85 -> 0 | L78: =L$85 -> 0 | ... R78: =R$85 -> 0
E79: =E$75 -> Actual RCV indexation | F79: =F$75 -> 0 | G79: =G$75 -> £m | H79: =H$75 -> 0 | I79: =I$75 -> 0 | J79: =J$75 -> 0 | K79: =K$75 -> 0 | L79: =L$75 -> 0 | ... R79: =R$75 -> 0
E80: RCV run-off company should have received | G80: £m | J80: =(J78+J79) * J77 -> 0 | K80: =(K78+K79) * K77 -> 0 | L80: =(L78+L79) * L77 -> 0 | M80: =(M78+M79) * M77 -> 0 | N80: =(N78+N79) * N77 -> 0 | O80: =(O78+O79) * O77 -> 0 | P80: =(P78+P79) * P77 -> 0 | Q80: =(Q78+Q79) * Q77 -> 0 | R80: =(R78+R79) * R77 -> 0
E82: =InpR!$E$90 -> RCV - CPI(H) + RPI wedge initial balance - nominal - BR | F82: =InpR!$F$90 -> 0 | G82: =InpR!$G$90 -> £m
E83: =Time!E$40 -> Acquisition / initial balance date flag | F83: =Time!F$40 -> 0 | G83: =Time!G$40 -> flag | H83: =Time!H$40 -> 1 | I83: =Time!I$40 -> 0 | J83: =Time!J$40 -> 0 | K83: =Time!K$40 -> 0 | L83: =Time!L$40 -> 1 | ... R83: =Time!R$40 -> 0
E85: Actual Nominal RCV balance BEG | G85: £m | J85: =I88 -> 0 | K85: =J88 -> 0 | L85: =K88 -> 0 | M85: =L88 -> 0 | N85: =M88 -> 0 | O85: =N88 -> 0 | P85: =O88 -> 0 | Q85: =P88 -> 0 | R85: =Q88 -> 0
D86: Plus: | E86: =E$75 -> Actual RCV indexation | F86: =F$75 -> 0 | G86: =G$75 -> £m | H86: =H$75 -> 0 | I86: =I$75 -> 0 | J86: =J$75 -> 0 | K86: =K$75 -> 0 | L86: =L$75 -> 0 | ... R86: =R$75 -> 0
D87: Less: | E87: =E$80 -> RCV run-off company should have received | F87: =F$80 -> 0 | G87: =G$80 -> £m | H87: =H$80 -> 0 | I87: =I$80 -> 0 | J87: =J$80 -> 0 | K87: =K$80 -> 0 | L87: =L$80 -> 0 | ... R87: =R$80 -> 0
E88: Actual Nominal RCV balance END | G88: £m | J88: =IF( J83 = 1, $F82, J85 + J86 - J87) -> 0 | K88: =IF( K83 = 1, $F82, K85 + K86 - K87) -> 0 | L88: =IF( L83 = 1, $F82, L85 + L86 - L87) -> 0 | M88: =IF( M83 = 1, $F82, M85 + M86 - M87) -> 0 | N88: =IF( N83 = 1, $F82, N85 + N86 - N87) -> 0 | O88: =IF( O83 = 1, $F82, O85 + O86 - O87) -> 0 | P88: =IF( P83 = 1, $F82, P85 + P86 - P87) -> 0 | Q88: =IF( Q83 = 1, $F82, Q85 + Q86 - Q87) -> 0 | R88: =IF( R83 = 1, $F82, R85 + R86 - R87) -> 0
E90: =E$85 -> Actual Nominal RCV balance BEG | F90: =F$85 -> 0 | G90: =G$85 -> £m | H90: =H$85 -> 0 | I90: =I$85 -> 0 | J90: =J$85 -> 0 | K90: =K$85 -> 0 | L90: =L$85 -> 0 | ... R90: =R$85 -> 0
E91: =E$86 -> Actual RCV indexation | F91: =F$86 -> 0 | G91: =G$86 -> £m | H91: =H$86 -> 0 | I91: =I$86 -> 0 | J91: =J$86 -> 0 | K91: =K$86 -> 0 | L91: =L$86 -> 0 | ... R91: =R$86 -> 0
E92: =E$88 -> Actual Nominal RCV balance END | F92: =F$88 -> 0 | G92: =G$88 -> £m | H92: =H$88 -> 0 | I92: =I$88 -> 0 | J92: =J$88 -> 0 | K92: =K$88 -> 0 | L92: =L$88 -> 0 | ... R92: =R$88 -> 0
E93: Actual average RCV balance | G93: £m | J93: =( (J90+J91) + J92) / 2 -> 0 | K93: =( (K90+K91) + K92) / 2 -> 0 | L93: =( (L90+L91) + L92) / 2 -> 0 | M93: =( (M90+M91) + M92) / 2 -> 0 | N93: =( (N90+N91) + N92) / 2 -> 0 | O93: =( (O90+O91) + O92) / 2 -> 0 | P93: =( (P90+P91) + P92) / 2 -> 0 | Q93: =( (Q90+Q91) + Q92) / 2 -> 0 | R93: =( (R90+R91) + R92) / 2 -> 0
B95: RCV returns based on actual wedge
E96: =InpR!E$104 -> WACC on RCV - CPI(H) + RPI wedge bf and additions - BR | F96: =InpR!F$104 -> 0 | G96: =InpR!G$104 -> % | H96: =InpR!I$104 -> PR19 Financial model, 'Bio Resources' sheet row 980 | I96: =InpR!#REF! -> #REF! | J96: =InpR!J$104 -> 0 | K96: =InpR!K$104 -> 0 | L96: =InpR!L$104 -> 0 | M96: =InpR!M$104 -> 0 | N96: =InpR!N$104 -> 0 | O96: =InpR!O$104 -> 0 | P96: =InpR!P$104 -> 0 | Q96: =InpR!Q$104 -> 0 | R96: =InpR!R$104 -> 0
E97: =Time!E$54 -> Forecast Period Flag | F97: =Time!F$54 -> 0 | G97: =Time!G$54 -> flag | H97: =Time!H$54 -> 5 | I97: =Time!I$54 -> 0 | J97: =Time!J$54 -> 0 | K97: =Time!K$54 -> 0 | L97: =Time!L$54 -> 0 | ... R97: =Time!R$54 -> 0
E98: =E$93 -> Actual average RCV balance | F98: =F$93 -> 0 | G98: =G$93 -> £m | H98: =H$93 -> 0 | I98: =I$93 -> 0 | J98: =J$93 -> 0 | K98: =K$93 -> 0 | L98: =L$93 -> 0 | ... R98: =R$93 -> 0
E99: Nominal return company should have received | G99: £m | J99: =J96*J97*J98 -> 0 | K99: =K96*K97*K98 -> 0 | L99: =L96*L97*L98 -> 0 | M99: =M96*M97*M98 -> 0 | N99: =N96*N97*N98 -> 0 | O99: =O96*O97*O98 -> 0 | P99: =P96*P97*P98 -> 0 | Q99: =Q96*Q97*Q98 -> 0 | R99: =R96*R97*R98 -> 0
E101: =Time!E$50 -> Last Forecast Period Flag | F101: =Time!F$50 -> 0 | G101: =Time!G$50 -> flag | H101: =Time!H$50 -> 1 | I101: =Time!I$50 -> 0 | J101: =Time!J$50 -> 0 | K101: =Time!K$50 -> 0 | L101: =Time!L$50 -> 0 | ... R101: =Time!R$50 -> 0
E102: =E$88 -> Actual Nominal RCV balance END | F102: =F$88 -> 0 | G102: =G$88 -> £m | H102: =H$88 -> 0 | I102: =I$88 -> 0 | J102: =J$88 -> 0 | K102: =K$88 -> 0 | L102: =L$88 -> 0 | ... R102: =R$88 -> 0
E103: Actual Nominal RCV residual balance | J103: =J102 * J101 -> 0 | K103: =K102 * K101 -> 0 | L103: =L102 * L101 -> 0 | M103: =M102 * M101 -> 0 | N103: =N102 * N101 -> 0 | O103: =O102 * O101 -> 0 | P103: =P102 * P101 -> 0 | Q103: =Q102 * Q101 -> 0 | R103: =R102 * R101 -> 0
B105: Revenue based on actual wedge
E106: =E$80 -> RCV run-off company should have received | F106: =F$80 -> 0 | G106: =G$80 -> £m | H106: =H$80 -> 0 | I106: =I$80 -> 0 | J106: =J$80 -> 0 | K106: =K$80 -> 0 | L106: =L$80 -> 0 | ... R106: =R$80 -> 0
E107: =E$99 -> Nominal return company should have received | F107: =F$99 -> 0 | G107: =G$99 -> £m | H107: =H$99 -> 0 | I107: =I$99 -> 0 | J107: =J$99 -> 0 | K107: =K$99 -> 0 | L107: =L$99 -> 0 | ... R107: =R$99 -> 0
E108: Total nominal revenue company should have received | G108: =G$99 -> £m | H108: =SUM(J108:R108) -> 0 | J108: =SUM(J106:J107) -> 0 | K108: =SUM(K106:K107) -> 0 | L108: =SUM(L106:L107) -> 0 | M108: =SUM(M106:M107) -> 0 | N108: =SUM(N106:N107) -> 0 | O108: =SUM(O106:O107) -> 0 | P108: =SUM(P106:P107) -> 0 | Q108: =SUM(Q106:Q107) -> 0 | R108: =SUM(R106:R107) -> 0
A110: DIFFERENCE
C112: This section compares the actual revenue the company received with the revenue Ofwat would have allowed if it had perfect foresight of the RPI CPIH wedge.
E114: =E$61 -> Actual nominal revenue | F114: =F$61 -> 0 | G114: =G$61 -> £m | H114: =H$61 -> 0 | I114: =I$61 -> 0 | J114: =J$61 -> 0 | K114: =K$61 -> 0 | L114: =L$61 -> 0 | ... R114: =R$61 -> 0
E115: =E$108 -> Total nominal revenue company should have received | F115: =F$108 -> 0 | G115: =G$108 -> £m | H115: =H$108 -> 0 | I115: =I$108 -> 0 | J115: =J$108 -> 0 | K115: =K$108 -> 0 | L115: =L$108 -> 0 | ... R115: =R$108 -> 0
E116: Difference in nominal revenue | G116: =G$99 -> £m | H116: =SUM(J116:R116) -> 0 | M116: =M115-M114 -> 0 | N116: =N115-N114 -> 0 | O116: =O115-O114 -> 0 | P116: =P115-P114 -> 0 | Q116: =Q115-Q114 -> 0
A118: TRUE UP
C120: This section works out the value of the true up to be applied.
C121: The CPIH + K mechanism in the licence is designed to adjust revenues for changes in CPIH from forecast.
C122: The true up mechanism therefore does not need to do this. Forecast CPIH, rather than actual CPIH should therefore be used in when applying the true up.
E124: =Index!E$48 -> CPI(H): Fin year average - percentage increase - final determination | F124: =Index!F$48 -> 0 | G124: =Index!G$48 -> % | H124: =Index!H$48 -> 0 | I124: =Index!I$48 -> 0 | J124: =Index!J$48 -> 0 | K124: =Index!K$48 -> 0.021269791 | L124: =Index!L$48 -> 0.019909655 | ... R124: =Index!R$48 -> 0.02
E125: =Index!E$71 -> Forecast RPI/CPIH wedge - final determination | F125: =Index!F$71 -> 0 | G125: =Index!G$71 -> % | H125: =Index!H$71 -> 0 | I125: =Index!I$71 -> 0 | J125: =Index!J$71 -> 0 | K125: =Index!K$71 -> -0.021269791 | L125: =Index!L$71 -> 0.011612485 | ... R125: =Index!R$71 -> 0.01
E126: True up Indexation percentage | J126: =SUM(J124:J125) -> 0 | K126: =SUM(K124:K125) -> 0 | L126: =SUM(L124:L125) -> 0.031522141 | M126: =SUM(M124:M125) -> 0.024258092 | N126: =SUM(N124:N125) -> 0.029587649 | O126: =SUM(O124:O125) -> 0.031503683 | P126: =SUM(P124:P125) -> 0.032 | Q126: =SUM(Q124:Q125) -> 0.032 | R126: =SUM(R124:R125) -> 0.03
E128: =E$140 -> True up Nominal RCV balance BEG | F128: =F$140 -> 0 | G128: =G$140 -> £m | H128: =H$140 -> 0 | I128: =I$140 -> 0 | J128: =J$140 -> 0 | K128: =K$140 -> 0 | L128: =L$140 -> 0 | ... R128: =R$140 -> 0
E129: =E$126 -> True up Indexation percentage | F129: =F$126 -> 0 | G129: =G$126 -> 0 | H129: =H$126 -> 0 | I129: =I$126 -> 0 | J129: =J$126 -> 0 | K129: =K$126 -> 0 | L129: =L$126 -> 0.031522141 | ... R129: =R$126 -> 0.03
E130: True up RCV indexation | G130: £m | J130: =J128*J129 -> 0 | K130: =K128*K129 -> 0 | L130: =L128*L129 -> 0 | M130: =M128*M129 -> 0 | N130: =N128*N129 -> 0 | O130: =O128*O129 -> 0 | P130: =P128*P129 -> 0 | Q130: =Q128*Q129 -> 0 | R130: =R128*R129 -> 0
E132: =InpR!E$97 -> Run-off rate - CPI(H) + RPI wedge - active - BR | F132: =InpR!F$97 -> 0 | G132: =InpR!G$97 -> % | H132: =InpR!I$97 -> PR19 Financial model, 'F_OutputsMaster' sheet row 962, PR19FM2099POST | I132: =InpR!#REF! -> #REF! | J132: =InpR!J$97 -> 0 | K132: =InpR!K$97 -> 0 | L132: =InpR!L$97 -> 0 | M132: =InpR!M$97 -> 0 | N132: =InpR!N$97 -> 0 | O132: =InpR!O$97 -> 0 | P132: =InpR!P$97 -> 0 | Q132: =InpR!Q$97 -> 0 | R132: =InpR!R$97 -> 0
E133: =E$140 -> True up Nominal RCV balance BEG | F133: =F$140 -> 0 | G133: =G$140 -> £m | H133: =H$140 -> 0 | I133: =I$140 -> 0 | J133: =J$140 -> 0 | K133: =K$140 -> 0 | L133: =L$140 -> 0 | ... R133: =R$140 -> 0
E134: =E$130 -> True up RCV indexation | F134: =F$130 -> 0 | G134: =G$130 -> £m | H134: =H$130 -> 0 | I134: =I$130 -> 0 | J134: =J$130 -> 0 | K134: =K$130 -> 0 | L134: =L$130 -> 0 | ... R134: =R$130 -> 0
...

Sheet Calcs-DMMY
A1: =RIGHT(CELL("filename", $A$1), LEN(CELL("filename", $A$1)) - SEARCH("]", CELL("filename", $A$1))) -> Calcs-DMMY
E2: =Time!E$23 -> Model Period END | F2: =Checks!$F$9 -> 0 | G2: Error chks | J2: =Time!J$23 -> 43190 | K2: =Time!K$23 -> 43555 | L2: =Time!L$23 -> 43921 | M2: =Time!M$23 -> 44286 | N2: =Time!N$23 -> 44651 | O2: =Time!O$23 -> 45016 | P2: =Time!P$23 -> 45382 | Q2: =Time!Q$23 -> 45747 | R2: =Time!R$23 -> 46112
E3: =Time!E$59 -> Pre Forecast vs Forecast | J3: =Time!J$59 -> Pre Fcst | K3: =Time!K$59 -> Pre Fcst | L3: =Time!L$59 -> Pre Fcst | M3: =Time!M$59 -> Forecast | N3: =Time!N$59 -> Forecast | O3: =Time!O$59 -> Forecast | P3: =Time!P$59 -> Forecast | Q3: =Time!Q$59 -> Forecast | R3: =Time!R$59 -> Post-Fcst
J4: =Time!J$86 -> 2018 | K4: =Time!K$86 -> 2019 | L4: =Time!L$86 -> 2020 | M4: =Time!M$86 -> 2021 | N4: =Time!N$86 -> 2022 | O4: =Time!O$86 -> 2023 | P4: =Time!P$86 -> 2024 | Q4: =Time!Q$86 -> 2025 | R4: =Time!R$86 -> 2026
E6: =Time!E$11 -> Model column counter | F6: Constant | G6: Unit | H6: Total | J6: =Time!J$11 -> 1 | K6: =Time!K$11 -> 2 | L6: =Time!L$11 -> 3 | M6: =Time!M$11 -> 4 | N6: =Time!N$11 -> 5 | O6: =Time!O$11 -> 6 | P6: =Time!P$11 -> 7 | Q6: =Time!Q$11 -> 8 | R6: =Time!R$11 -> 9
A8: FORECAST POSITION AT PR19 FINAL DETERMINATION
C10: This section replicates the RCV calculations in the PR19 final determination financial model.
B12: Forecast inflation
E13: =Index!E$48 -> CPI(H): Fin year average - percentage increase - final determination | F13: =Index!F$48 -> 0 | G13: =Index!G$48 -> % | H13: =Index!H$48 -> 0 | I13: =Index!I$48 -> 0 | J13: =Index!J$48 -> 0 | K13: =Index!K$48 -> 0.021269791 | L13: =Index!L$48 -> 0.019909655 | ... R13: =Index!R$48 -> 0.02
E14: =Index!E$71 -> Forecast RPI/CPIH wedge - final determination | F14: =Index!F$71 -> 0 | G14: =Index!G$71 -> % | H14: =Index!H$71 -> 0 | I14: =Index!I$71 -> 0 | J14: =Index!J$71 -> 0 | K14: =Index!K$71 -> -0.021269791 | L14: =Index!L$71 -> 0.011612485 | ... R14: =Index!R$71 -> 0.01
E15: Forecast Indexation percentage | G15: % | J15: =SUM(J13:J14) -> 0 | K15: =SUM(K13:K14) -> 0 | L15: =SUM(L13:L14) -> 0.031522141 | M15: =SUM(M13:M14) -> 0.024258092 | N15: =SUM(N13:N14) -> 0.029587649 | O15: =SUM(O13:O14) -> 0.031503683 | P15: =SUM(P13:P14) -> 0.032 | Q15: =SUM(Q13:Q14) -> 0.032 | R15: =SUM(R13:R14) -> 0.03
E17: =Time!E$40 -> Acquisition / initial balance date flag | F17: =Time!F$40 -> 0 | G17: =Time!G$40 -> flag | H17: =Time!H$40 -> 1 | I17: =Time!I$40 -> 0 | J17: =Time!J$40 -> 0 | K17: =Time!K$40 -> 0 | L17: =Time!L$40 -> 1 | ... R17: =Time!R$40 -> 0
E18: =Index!E$48 -> CPI(H): Fin year average - percentage increase - final determination | F18: =Index!F$48 -> 0 | G18: =Index!G$48 -> % | H18: =Index!H$48 -> 0 | I18: =Index!I$48 -> 0 | J18: =Index!J$48 -> 0 | K18: =Index!K$48 -> 0.021269791 | L18: =Index!L$48 -> 0.019909655 | ... R18: =Index!R$48 -> 0.02
E19: Cumulative CPIH inflation | J19: =IF(J17=1,1,I19*(1+J18)) -> 0 | K19: =IF(K17=1,1,J19*(1+K18)) -> 0 | L19: =IF(L17=1,1,K19*(1+L18)) -> 1 | M19: =IF(M17=1,1,L19*(1+M18)) -> 1.0198336 | N19: =IF(N17=1,1,M19*(1+N18)) -> 1.0402731 | O19: =IF(O17=1,1,N19*(1+O18)) -> 1.0618601 | P19: =IF(P17=1,1,O19*(1+P18)) -> 1.0841592 | Q19: =IF(Q17=1,1,P19*(1+Q18)) -> 1.1069265 | R19: =IF(R17=1,1,Q19*(1+R18)) -> 1.129065
B21: Forecast RCV balance
E22: =E$34 -> Forecast Nominal RCV balance BEG | F22: =F$34 -> 0 | G22: =G$34 -> £m | H22: =H$34 -> 0 | I22: =I$34 -> 0 | J22: =J$34 -> 0 | K22: =K$34 -> 0 | L22: =L$34 -> 0 | ... R22: =R$34 -> 0
E23: =E$15 -> Forecast Indexation percentage | F23: =F$15 -> 0 | G23: =G$15 -> % | H23: =H$15 -> 0 | I23: =I$15 -> 0 | J23: =J$15 -> 0 | K23: =K$15 -> 0 | L23: =L$15 -> 0.031522141 | ... R23: =R$15 -> 0.03
E24: Forecast RCV indexation | G24: £m | J24: =J22*J23 -> 0 | K24: =K22*K23 -> 0 | L24: =L22*L23 -> 0 | M24: =M22*M23 -> 0 | N24: =N22*N23 -> 0 | O24: =O22*O23 -> 0 | P24: =P22*P23 -> 0 | Q24: =Q22*Q23 -> 0 | R24: =R22*R23 -> 0
E26: =InpR!E$98 -> Run-off rate - CPI(H) + RPI wedge - active - DMMY | F26: =InpR!F$98 -> 0 | G26: =InpR!G$98 -> % | H26: =InpR!I$98 -> PR19 Financial model, 'F_OutputsMaster' sheet row 966, PR19FM2103POST | I26: =InpR!#REF! -> #REF! | J26: =InpR!J$98 -> 0 | K26: =InpR!K$98 -> 0 | L26: =InpR!L$98 -> 0 | M26: =InpR!M$98 -> 0 | N26: =InpR!N$98 -> 0 | O26: =InpR!O$98 -> 0 | P26: =InpR!P$98 -> 0 | Q26: =InpR!Q$98 -> 0 | R26: =InpR!R$98 -> 0
E27: =E$34 -> Forecast Nominal RCV balance BEG | F27: =F$34 -> 0 | G27: =G$34 -> £m | H27: =H$34 -> 0 | I27: =I$34 -> 0 | J27: =J$34 -> 0 | K27: =K$34 -> 0 | L27: =L$34 -> 0 | ... R27: =R$34 -> 0
E28: =E$24 -> Forecast RCV indexation | F28: =F$24 -> 0 | G28: =G$24 -> £m | H28: =H$24 -> 0 | I28: =I$24 -> 0 | J28: =J$24 -> 0 | K28: =K$24 -> 0 | L28: =L$24 -> 0 | ... R28: =R$24 -> 0
E29: Forecast RCV run-off | G29: £m | J29: =(J27+J28) * J26 -> 0 | K29: =(K27+K28) * K26 -> 0 | L29: =(L27+L28) * L26 -> 0 | M29: =(M27+M28) * M26 -> 0 | N29: =(N27+N28) * N26 -> 0 | O29: =(O27+O28) * O26 -> 0 | P29: =(P27+P28) * P26 -> 0 | Q29: =(Q27+Q28) * Q26 -> 0 | R29: =(R27+R28) * R26 -> 0
E31: =InpR!$E$91 -> RCV - CPI(H) + RPI wedge initial balance - nominal - DMMY | F31: =InpR!$F$91 -> 0 | G31: =InpR!$G$91 -> £m
E32: =Time!E$40 -> Acquisition / initial balance date flag | F32: =Time!F$40 -> 0 | G32: =Time!G$40 -> flag | H32: =Time!H$40 -> 1 | I32: =Time!I$40 -> 0 | J32: =Time!J$40 -> 0 | K32: =Time!K$40 -> 0 | L32: =Time!L$40 -> 1 | ... R32: =Time!R$40 -> 0
E34: Forecast Nominal RCV balance BEG | G34: £m | J34: =I37 -> 0 | K34: =J37 -> 0 | L34: =K37 -> 0 | M34: =L37 -> 0 | N34: =M37 -> 0 | O34: =N37 -> 0 | P34: =O37 -> 0 | Q34: =P37 -> 0 | R34: =Q37 -> 0
D35: Plus: | E35: =E$24 -> Forecast RCV indexation | F35: =F$24 -> 0 | G35: =G$24 -> £m | H35: =H$24 -> 0 | I35: =I$24 -> 0 | J35: =J$24 -> 0 | K35: =K$24 -> 0 | L35: =L$24 -> 0 | ... R35: =R$24 -> 0
D36: Less: | E36: =E$29 -> Forecast RCV run-off | F36: =F$29 -> 0 | G36: =G$29 -> £m | H36: =H$29 -> 0 | I36: =I$29 -> 0 | J36: =J$29 -> 0 | K36: =K$29 -> 0 | L36: =L$29 -> 0 | ... R36: =R$29 -> 0
E37: Forecast Nominal RCV balance END | G37: £m | J37: =IF( J32 = 1, $F31, J34 + J35 - J36) -> 0 | K37: =IF( K32 = 1, $F31, K34 + K35 - K36) -> 0 | L37: =IF( L32 = 1, $F31, L34 + L35 - L36) -> 0 | M37: =IF( M32 = 1, $F31, M34 + M35 - M36) -> 0 | N37: =IF( N32 = 1, $F31, N34 + N35 - N36) -> 0 | O37: =IF( O32 = 1, $F31, O34 + O35 - O36) -> 0 | P37: =IF( P32 = 1, $F31, P34 + P35 - P36) -> 0 | Q37: =IF( Q32 = 1, $F31, Q34 + Q35 - Q36) -> 0 | R37: =IF( R32 = 1, $F31, R34 + R35 - R36) -> 0
E39: =E$27 -> Forecast Nominal RCV balance BEG | F39: =F$27 -> 0 | G39: =G$27 -> £m | H39: =H$27 -> 0 | I39: =I$27 -> 0 | J39: =J$27 -> 0 | K39: =K$27 -> 0 | L39: =L$27 -> 0 | ... R39: =R$27 -> 0
E40: =E$24 -> Forecast RCV indexation | F40: =F$24 -> 0 | G40: =G$24 -> £m | H40: =H$24 -> 0 | I40: =I$24 -> 0 | J40: =J$24 -> 0 | K40: =K$24 -> 0 | L40: =L$24 -> 0 | ... R40: =R$24 -> 0
E41: =E$37 -> Forecast Nominal RCV balance END | F41: =F$37 -> 0 | G41: =G$37 -> £m | H41: =H$37 -> 0 | I41: =I$37 -> 0 | J41: =J$37 -> 0 | K41: =K$37 -> 0 | L41: =L$37 -> 0 | ... R41: =R$37 -> 0
E42: Forecast RCV average balance | G42: £m | J42: =( (J39+J40) + J41) / 2 -> 0 | K42: =( (K39+K40) + K41) / 2 -> 0 | L42: =( (L39+L40) + L41) / 2 -> 0 | M42: =( (M39+M40) + M41) / 2 -> 0 | N42: =( (N39+N40) + N41) / 2 -> 0 | O42: =( (O39+O40) + O41) / 2 -> 0 | P42: =( (P39+P40) + P41) / 2 -> 0 | Q42: =( (Q39+Q40) + Q41) / 2 -> 0 | R42: =( (R39+R40) + R41) / 2 -> 0
B44: Forecast return on RCV
E45: =InpR!E$105 -> WACC on RCV - CPI(H) + RPI wedge bf and additions - DMMY | F45: =InpR!F$105 -> 0 | G45: =InpR!G$105 -> % | H45: =InpR!I$105 -> PR19 Financial model, 'Dummy Control' sheet row 980 | I45: =InpR!#REF! -> #REF! | J45: =InpR!J$105 -> 0 | K45: =InpR!K$105 -> 0 | L45: =InpR!L$105 -> 0 | M45: =InpR!M$105 -> 0 | N45: =InpR!N$105 -> 0 | O45: =InpR!O$105 -> 0 | P45: =InpR!P$105 -> 0 | Q45: =InpR!Q$105 -> 0 | R45: =InpR!R$105 -> 0
E46: =Time!E$54 -> Forecast Period Flag | F46: =Time!F$54 -> 0 | G46: =Time!G$54 -> flag | H46: =Time!H$54 -> 5 | I46: =Time!I$54 -> 0 | J46: =Time!J$54 -> 0 | K46: =Time!K$54 -> 0 | L46: =Time!L$54 -> 0 | ... R46: =Time!R$54 -> 0
E47: =E$42 -> Forecast RCV average balance | F47: =F$42 -> 0 | G47: =G$42 -> £m | H47: =H$42 -> 0 | I47: =I$42 -> 0 | J47: =J$42 -> 0 | K47: =K$42 -> 0 | L47: =L$42 -> 0 | ... R47: =R$42 -> 0
E48: Forecast nominal return | G48: £m | J48: =J45*J47*J46 -> 0 | K48: =K45*K47*K46 -> 0 | L48: =L45*L47*L46 -> 0 | M48: =M45*M47*M46 -> 0 | N48: =N45*N47*N46 -> 0 | O48: =O45*O47*O46 -> 0 | P48: =P45*P47*P46 -> 0 | Q48: =Q45*Q47*Q46 -> 0 | R48: =R45*R47*R46 -> 0
B50: Forecast total revenue
E51: =E$29 -> Forecast RCV run-off | F51: =F$29 -> 0 | G51: =G$29 -> £m | H51: =H$29 -> 0 | I51: =I$29 -> 0 | J51: =J$29 -> 0 | K51: =K$29 -> 0 | L51: =L$29 -> 0 | ... R51: =R$29 -> 0
E52: =E$48 -> Forecast nominal return | F52: =F$48 -> 0 | G52: =G$48 -> £m | H52: =H$48 -> 0 | I52: =I$48 -> 0 | J52: =J$48 -> 0 | K52: =K$48 -> 0 | L52: =L$48 -> 0 | ... R52: =R$48 -> 0
E53: Total Forecast revenue to company | G53: =G$48 -> £m | H53: =SUM(J53:R53) -> 0 | J53: =SUM(J51:J52) -> 0 | K53: =SUM(K51:K52) -> 0 | L53: =SUM(L51:L52) -> 0 | M53: =SUM(M51:M52) -> 0 | N53: =SUM(N51:N52) -> 0 | O53: =SUM(O51:O52) -> 0 | P53: =SUM(P51:P52) -> 0 | Q53: =SUM(Q51:Q52) -> 0 | R53: =SUM(R51:R52) -> 0
A55: What the company actually experienced
C57: This section calculates the revenue that the company actually receives.
C58: The CPIH + K mechanism in the licence is designed to compensate companies for varitions in actual and forecast CPIH.
C59: The model therefore assumes that forecast and actual CPIH are identical so that the impact of variations in the CPIH RPI wedge can be viewed.
E61: Actual nominal revenue | G61: £m | J61: =J53 -> 0 | K61: =K53 -> 0 | L61: =L53 -> 0 | M61: =M53 -> 0 | N61: =N53 -> 0 | O61: =O53 -> 0 | P61: =P53 -> 0 | Q61: =Q53 -> 0 | R61: =R53 -> 0
A63: WHAT THE COMPANY SHOULD HAVE EXPERIENCED
C65: This section calculates the revenue that the company should have been allowed, assuming that Ofwat had perfect foresight of the actual RPI CPIH wedge.
B67: Inflation based on actual wedge
E68: =Index!E$48 -> CPI(H): Fin year average - percentage increase - final determination | F68: =Index!F$48 -> 0 | G68: =Index!G$48 -> % | H68: =Index!H$48 -> 0 | I68: =Index!I$48 -> 0 | J68: =Index!J$48 -> 0 | K68: =Index!K$48 -> 0.021269791 | L68: =Index!L$48 -> 0.019909655 | ... R68: =Index!R$48 -> 0.02
E69: =Index!E$135 -> Actual RPI/CPIH wedge - actual (including forecast) | F69: =Index!F$135 -> 0 | G69: =Index!G$135 -> % | H69: =Index!H$135 -> 0 | I69: =Index!I$135 -> 0 | J69: =Index!J$135 -> 0 | K69: =Index!K$135 -> -0.042539581 | L69: =Index!L$135 -> 0.0088943456 | ... R69: =Index!R$135 -> 0
E70: Actual Indexation percentage | J70: =SUM(J68:J69) -> 0 | K70: =SUM(K68:K69) -> -0.021269791 | L70: =SUM(L68:L69) -> 0.028804001 | M70: =SUM(M68:M69) -> 0.019682927 | N70: =SUM(N68:N69) -> 0.020041983 | O70: =SUM(O68:O69) -> 0.020751252 | P70: =SUM(P68:P69) -> 0.021 | Q70: =SUM(Q68:Q69) -> 0.021 | R70: =SUM(R68:R69) -> 0.02
B72: RCV balance based on actual wedge
E73: =E$85 -> Actual Nominal RCV balance BEG | F73: =F$85 -> 0 | G73: =G$85 -> £m | H73: =H$85 -> 0 | I73: =I$85 -> 0 | J73: =J$85 -> 0 | K73: =K$85 -> 0 | L73: =L$85 -> 0 | ... R73: =R$85 -> 0
E74: =E$70 -> Actual Indexation percentage | F74: =F$70 -> 0 | G74: =G$70 -> 0 | H74: =H$70 -> 0 | I74: =I$70 -> 0 | J74: =J$70 -> 0 | K74: =K$70 -> -0.021269791 | L74: =L$70 -> 0.028804001 | ... R74: =R$70 -> 0.02
E75: Actual RCV indexation | G75: £m | J75: =J73*J74 -> 0 | K75: =K73*K74 -> 0 | L75: =L73*L74 -> 0 | M75: =M73*M74 -> 0 | N75: =N73*N74 -> 0 | O75: =O73*O74 -> 0 | P75: =P73*P74 -> 0 | Q75: =Q73*Q74 -> 0 | R75: =R73*R74 -> 0
E77: =InpR!E$98 -> Run-off rate - CPI(H) + RPI wedge - active - DMMY | F77: =InpR!F$98 -> 0 | G77: =InpR!G$98 -> % | H77: =InpR!I$98 -> PR19 Financial model, 'F_OutputsMaster' sheet row 966, PR19FM2103POST | I77: =InpR!#REF! -> #REF! | J77: =InpR!J$98 -> 0 | K77: =InpR!K$98 -> 0 | L77: =InpR!L$98 -> 0 | M77: =InpR!M$98 -> 0 | N77: =InpR!N$98 -> 0 | O77: =InpR!O$98 -> 0 | P77: =InpR!P$98 -> 0 | Q77: =InpR!Q$98 -> 0 | R77: =InpR!R$98 -> 0
E78: =E$85 -> Actual Nominal RCV balance BEG | F78: =F$85 -> 0 | G78: =G$85 -> £m | H78: =H$85 -> 0 | I78: =I$85 -> 0 | J78: =J$85 -> 0 | K78: =K$85 -> 0 | L78: =L$85 -> 0 | ... R78: =R$85 -> 0
E79: =E$75 -> Actual RCV indexation | F79: =F$75 -> 0 | G79: =G$75 -> £m | H79: =H$75 -> 0 | I79: =I$75 -> 0 | J79: =J$75 -> 0 | K79: =K$75 -> 0 | L79: =L$75 -> 0 | ... R79: =R$75 -> 0
E80: RCV run-off company should have received | G80: £m | J80: =(J78+J79) * J77 -> 0 | K80: =(K78+K79) * K77 -> 0 | L80: =(L78+L79) * L77 -> 0 | M80: =(M78+M79) * M77 -> 0 | N80: =(N78+N79) * N77 -> 0 | O80: =(O78+O79) * O77 -> 0 | P80: =(P78+P79) * P77 -> 0 | Q80: =(Q78+Q79) * Q77 -> 0 | R80: =(R78+R79) * R77 -> 0
E82: =InpR!$E$91 -> RCV - CPI(H) + RPI wedge initial balance - nominal - DMMY | F82: =InpR!$F$91 -> 0 | G82: =InpR!$G$91 -> £m
E83: =Time!E$40 -> Acquisition / initial balance date flag | F83: =Time!F$40 -> 0 | G83: =Time!G$40 -> flag | H83: =Time!H$40 -> 1 | I83: =Time!I$40 -> 0 | J83: =Time!J$40 -> 0 | K83: =Time!K$40 -> 0 | L83: =Time!L$40 -> 1 | ... R83: =Time!R$40 -> 0
E85: Actual Nominal RCV balance BEG | G85: £m | J85: =I88 -> 0 | K85: =J88 -> 0 | L85: =K88 -> 0 | M85: =L88 -> 0 | N85: =M88 -> 0 | O85: =N88 -> 0 | P85: =O88 -> 0 | Q85: =P88 -> 0 | R85: =Q88 -> 0
D86: Plus: | E86: =E$75 -> Actual RCV indexation | F86: =F$75 -> 0 | G86: =G$75 -> £m | H86: =H$75 -> 0 | I86: =I$75 -> 0 | J86: =J$75 -> 0 | K86: =K$75 -> 0 | L86: =L$75 -> 0 | ... R86: =R$75 -> 0
D87: Less: | E87: =E$80 -> RCV run-off company should have received | F87: =F$80 -> 0 | G87: =G$80 -> £m | H87: =H$80 -> 0 | I87: =I$80 -> 0 | J87: =J$80 -> 0 | K87: =K$80 -> 0 | L87: =L$80 -> 0 | ... R87: =R$80 -> 0
E88: Actual Nominal RCV balance END | G88: £m | J88: =IF( J83 = 1, $F82, J85 + J86 - J87) -> 0 | K88: =IF( K83 = 1, $F82, K85 + K86 - K87) -> 0 | L88: =IF( L83 = 1, $F82, L85 + L86 - L87) -> 0 | M88: =IF( M83 = 1, $F82, M85 + M86 - M87) -> 0 | N88: =IF( N83 = 1, $F82, N85 + N86 - N87) -> 0 | O88: =IF( O83 = 1, $F82, O85 + O86 - O87) -> 0 | P88: =IF( P83 = 1, $F82, P85 + P86 - P87) -> 0 | Q88: =IF( Q83 = 1, $F82, Q85 + Q86 - Q87) -> 0 | R88: =IF( R83 = 1, $F82, R85 + R86 - R87) -> 0
E90: =E$85 -> Actual Nominal RCV balance BEG | F90: =F$85 -> 0 | G90: =G$85 -> £m | H90: =H$85 -> 0 | I90: =I$85 -> 0 | J90: =J$85 -> 0 | K90: =K$85 -> 0 | L90: =L$85 -> 0 | ... R90: =R$85 -> 0
E91: =E$86 -> Actual RCV indexation | F91: =F$86 -> 0 | G91: =G$86 -> £m | H91: =H$86 -> 0 | I91: =I$86 -> 0 | J91: =J$86 -> 0 | K91: =K$86 -> 0 | L91: =L$86 -> 0 | ... R91: =R$86 -> 0
E92: =E$88 -> Actual Nominal RCV balance END | F92: =F$88 -> 0 | G92: =G$88 -> £m | H92: =H$88 -> 0 | I92: =I$88 -> 0 | J92: =J$88 -> 0 | K92: =K$88 -> 0 | L92: =L$88 -> 0 | ... R92: =R$88 -> 0
E93: Actual average RCV balance | G93: £m | J93: =( (J90+J91) + J92) / 2 -> 0 | K93: =( (K90+K91) + K92) / 2 -> 0 | L93: =( (L90+L91) + L92) / 2 -> 0 | M93: =( (M90+M91) + M92) / 2 -> 0 | N93: =( (N90+N91) + N92) / 2 -> 0 | O93: =( (O90+O91) + O92) / 2 -> 0 | P93: =( (P90+P91) + P92) / 2 -> 0 | Q93: =( (Q90+Q91) + Q92) / 2 -> 0 | R93: =( (R90+R91) + R92) / 2 -> 0
B95: RCV returns based on actual wedge
E96: =InpR!E$105 -> WACC on RCV - CPI(H) + RPI wedge bf and additions - DMMY | F96: =InpR!F$105 -> 0 | G96: =InpR!G$105 -> % | H96: =InpR!I$105 -> PR19 Financial model, 'Dummy Control' sheet row 980 | I96: =InpR!#REF! -> #REF! | J96: =InpR!J$105 -> 0 | K96: =InpR!K$105 -> 0 | L96: =InpR!L$105 -> 0 | M96: =InpR!M$105 -> 0 | N96: =InpR!N$105 -> 0 | O96: =InpR!O$105 -> 0 | P96: =InpR!P$105 -> 0 | Q96: =InpR!Q$105 -> 0 | R96: =InpR!R$105 -> 0
E97: =Time!E$54 -> Forecast Period Flag | F97: =Time!F$54 -> 0 | G97: =Time!G$54 -> flag | H97: =Time!H$54 -> 5 | I97: =Time!I$54 -> 0 | J97: =Time!J$54 -> 0 | K97: =Time!K$54 -> 0 | L97: =Time!L$54 -> 0 | ... R97: =Time!R$54 -> 0
E98: =E$93 -> Actual average RCV balance | F98: =F$93 -> 0 | G98: =G$93 -> £m | H98: =H$93 -> 0 | I98: =I$93 -> 0 | J98: =J$93 -> 0 | K98: =K$93 -> 0 | L98: =L$93 -> 0 | ... R98: =R$93 -> 0
E99: Nominal return company should have received | G99: £m | J99: =J96*J97*J98 -> 0 | K99: =K96*K97*K98 -> 0 | L99: =L96*L97*L98 -> 0 | M99: =M96*M97*M98 -> 0 | N99: =N96*N97*N98 -> 0 | O99: =O96*O97*O98 -> 0 | P99: =P96*P97*P98 -> 0 | Q99: =Q96*Q97*Q98 -> 0 | R99: =R96*R97*R98 -> 0
E101: =Time!E$50 -> Last Forecast Period Flag | F101: =Time!F$50 -> 0 | G101: =Time!G$50 -> flag | H101: =Time!H$50 -> 1 | I101: =Time!I$50 -> 0 | J101: =Time!J$50 -> 0 | K101: =Time!K$50 -> 0 | L101: =Time!L$50 -> 0 | ... R101: =Time!R$50 -> 0
E102: =E$88 -> Actual Nominal RCV balance END | F102: =F$88 -> 0 | G102: =G$88 -> £m | H102: =H$88 -> 0 | I102: =I$88 -> 0 | J102: =J$88 -> 0 | K102: =K$88 -> 0 | L102: =L$88 -> 0 | ... R102: =R$88 -> 0
E103: Actual Nominal RCV residual balance | J103: =J102 * J101 -> 0 | K103: =K102 * K101 -> 0 | L103: =L102 * L101 -> 0 | M103: =M102 * M101 -> 0 | N103: =N102 * N101 -> 0 | O103: =O102 * O101 -> 0 | P103: =P102 * P101 -> 0 | Q103: =Q102 * Q101 -> 0 | R103: =R102 * R101 -> 0
B105: Revenue based on actual wedge
E106: =E$80 -> RCV run-off company should have received | F106: =F$80 -> 0 | G106: =G$80 -> £m | H106: =H$80 -> 0 | I106: =I$80 -> 0 | J106: =J$80 -> 0 | K106: =K$80 -> 0 | L106: =L$80 -> 0 | ... R106: =R$80 -> 0
E107: =E$99 -> Nominal return company should have received | F107: =F$99 -> 0 | G107: =G$99 -> £m | H107: =H$99 -> 0 | I107: =I$99 -> 0 | J107: =J$99 -> 0 | K107: =K$99 -> 0 | L107: =L$99 -> 0 | ... R107: =R$99 -> 0
E108: Total nominal revenue company should have received | G108: =G$99 -> £m | H108: =SUM(J108:R108) -> 0 | J108: =SUM(J106:J107) -> 0 | K108: =SUM(K106:K107) -> 0 | L108: =SUM(L106:L107) -> 0 | M108: =SUM(M106:M107) -> 0 | N108: =SUM(N106:N107) -> 0 | O108: =SUM(O106:O107) -> 0 | P108: =SUM(P106:P107) -> 0 | Q108: =SUM(Q106:Q107) -> 0 | R108: =SUM(R106:R107) -> 0
A110: DIFFERENCE
C112: This section compares the actual revenue the company received with the revenue Ofwat would have allowed if it had perfect foresight of the RPI CPIH wedge.
E114: =E$61 -> Actual nominal revenue | F114: =F$61 -> 0 | G114: =G$61 -> £m | H114: =H$61 -> 0 | I114: =I$61 -> 0 | J114: =J$61 -> 0 | K114: =K$61 -> 0 | L114: =L$61 -> 0 | ... R114: =R$61 -> 0
E115: =E$108 -> Total nominal revenue company should have received | F115: =F$108 -> 0 | G115: =G$108 -> £m | H115: =H$108 -> 0 | I115: =I$108 -> 0 | J115: =J$108 -> 0 | K115: =K$108 -> 0 | L115: =L$108 -> 0 | ... R115: =R$108 -> 0
E116: Difference in nominal revenue | G116: =G$99 -> £m | H116: =SUM(J116:R116) -> 0 | M116: =M115-M114 -> 0 | N116: =N115-N114 -> 0 | O116: =O115-O114 -> 0 | P116: =P115-P114 -> 0 | Q116: =Q115-Q114 -> 0
A118: TRUE UP
C120: This section works out the value of the true up to be applied.
C121: The CPIH + K mechanism in the licence is designed to adjust revenues for changes in CPIH from forecast.
C122: The true up mechanism therefore does not need to do this. Forecast CPIH, rather than actual CPIH should therefore be used in when applying the true up.
E124: =Index!E$48 -> CPI(H): Fin year average - percentage increase - final determination | F124: =Index!F$48 -> 0 | G124: =Index!G$48 -> % | H124: =Index!H$48 -> 0 | I124: =Index!I$48 -> 0 | J124: =Index!J$48 -> 0 | K124: =Index!K$48 -> 0.021269791 | L124: =Index!L$48 -> 0.019909655 | ... R124: =Index!R$48 -> 0.02
E125: =Index!E$71 -> Forecast RPI/CPIH wedge - final determination | F125: =Index!F$71 -> 0 | G125: =Index!G$71 -> % | H125: =Index!H$71 -> 0 | I125: =Index!I$71 -> 0 | J125: =Index!J$71 -> 0 | K125: =Index!K$71 -> -0.021269791 | L125: =Index!L$71 -> 0.011612485 | ... R125: =Index!R$71 -> 0.01
E126: True up Indexation percentage | J126: =SUM(J124:J125) -> 0 | K126: =SUM(K124:K125) -> 0 | L126: =SUM(L124:L125) -> 0.031522141 | M126: =SUM(M124:M125) -> 0.024258092 | N126: =SUM(N124:N125) -> 0.029587649 | O126: =SUM(O124:O125) -> 0.031503683 | P126: =SUM(P124:P125) -> 0.032 | Q126: =SUM(Q124:Q125) -> 0.032 | R126: =SUM(R124:R125) -> 0.03
E128: =E$140 -> True up Nominal RCV balance BEG | F128: =F$140 -> 0 | G128: =G$140 -> £m | H128: =H$140 -> 0 | I128: =I$140 -> 0 | J128: =J$140 -> 0 | K128: =K$140 -> 0 | L128: =L$140 -> 0 | ... R128: =R$140 -> 0
E129: =E$126 -> True up Indexation percentage | F129: =F$126 -> 0 | G129: =G$126 -> 0 | H129: =H$126 -> 0 | I129: =I$126 -> 0 | J129: =J$126 -> 0 | K129: =K$126 -> 0 | L129: =L$126 -> 0.031522141 | ... R129: =R$126 -> 0.03
E130: True up RCV indexation | G130: £m | J130: =J128*J129 -> 0 | K130: =K128*K129 -> 0 | L130: =L128*L129 -> 0 | M130: =M128*M129 -> 0 | N130: =N128*N129 -> 0 | O130: =O128*O129 -> 0 | P130: =P128*P129 -> 0 | Q130: =Q128*Q129 -> 0 | R130: =R128*R129 -> 0
E132: =InpR!E$98 -> Run-off rate - CPI(H) + RPI wedge - active - DMMY | F132: =InpR!F$98 -> 0 | G132: =InpR!G$98 -> % | H132: =InpR!I$98 -> PR19 Financial model, 'F_OutputsMaster' sheet row 966, PR19FM2103POST | I132: =InpR!#REF! -> #REF! | J132: =InpR!J$98 -> 0 | K132: =InpR!K$98 -> 0 | L132: =InpR!L$98 -> 0 | M132: =InpR!M$98 -> 0 | N132: =InpR!N$98 -> 0 | O132: =InpR!O$98 -> 0 | P132: =InpR!P$98 -> 0 | Q132: =InpR!Q$98 -> 0 | R132: =InpR!R$98 -> 0
E133: =E$140 -> True up Nominal RCV balance BEG | F133: =F$140 -> 0 | G133: =G$140 -> £m | H133: =H$140 -> 0 | I133: =I$140 -> 0 | J133: =J$140 -> 0 | K133: =K$140 -> 0 | L133: =L$140 -> 0 | ... R133: =R$140 -> 0
E134: =E$130 -> True up RCV indexation | F134: =F$130 -> 0 | G134: =G$130 -> £m | H134: =H$130 -> 0 | I134: =I$130 -> 0 | J134: =J$130 -> 0 | K134: =K$130 -> 0 | L134: =L$130 -> 0 | ... R134: =R$130 -> 0
...

Sheet Adjustments
A1: =RIGHT(CELL("filename", $A$1), LEN(CELL("filename", $A$1)) - SEARCH("]", CELL("filename", $A$1))) -> Adjustments
E2: =Time!E$23 -> Model Period END | F2: =Checks!$F$9 -> 0 | G2: Error chks | J2: =Time!J$23 -> 43190 | K2: =Time!K$23 -> 43555 | L2: =Time!L$23 -> 43921 | M2: =Time!M$23 -> 44286 | N2: =Time!N$23 -> 44651 | O2: =Time!O$23 -> 45016 | P2: =Time!P$23 -> 45382 | Q2: =Time!Q$23 -> 45747 | R2: =Time!R$23 -> 46112
E3: =Time!E$59 -> Pre Forecast vs Forecast | J3: =Time!J$59 -> Pre Fcst | K3: =Time!K$59 -> Pre Fcst | L3: =Time!L$59 -> Pre Fcst | M3: =Time!M$59 -> Forecast | N3: =Time!N$59 -> Forecast | O3: =Time!O$59 -> Forecast | P3: =Time!P$59 -> Forecast | Q3: =Time!Q$59 -> Forecast | R3: =Time!R$59 -> Post-Fcst
J4: =Time!J$86 -> 2018 | K4: =Time!K$86 -> 2019 | L4: =Time!L$86 -> 2020 | M4: =Time!M$86 -> 2021 | N4: =Time!N$86 -> 2022 | O4: =Time!O$86 -> 2023 | P4: =Time!P$86 -> 2024 | Q4: =Time!Q$86 -> 2025 | R4: =Time!R$86 -> 2026
E6: =Time!E$11 -> Model column counter | F6: Constant | G6: Unit | H6: Total | J6: =Time!J$11 -> 1 | K6: =Time!K$11 -> 2 | L6: =Time!L$11 -> 3 | M6: =Time!M$11 -> 4 | N6: =Time!N$11 -> 5 | O6: =Time!O$11 -> 6 | P6: =Time!P$11 -> 7 | Q6: =Time!Q$11 -> 8 | R6: =Time!R$11 -> 9
B7: Water Resources
E8: ='Calcs-WR'!E$178 -> RCV adjustment at end of period - real - WR | G8: ='Calcs-WR'!G$178 -> £m | H8: ='Calcs-WR'!H$178 -> 0 | J8: ='Calcs-WR'!J$178 -> 0 | K8: ='Calcs-WR'!K$178 -> 0 | L8: ='Calcs-WR'!L$178 -> 0 | M8: ='Calcs-WR'!M$178 -> 0 | N8: ='Calcs-WR'!N$178 -> 0 | O8: ='Calcs-WR'!O$178 -> 0 | P8: ='Calcs-WR'!P$178 -> 0 | Q8: ='Calcs-WR'!Q$178 -> 0 | R8: ='Calcs-WR'!R$178 -> 0
E9: ='Calcs-WR'!E$216 -> Revenue adjustment for RCV run-off - real - WR | G9: ='Calcs-WR'!G$216 -> £m | H9: ='Calcs-WR'!H$216 -> 0 | J9: ='Calcs-WR'!J$216 -> 0 | K9: ='Calcs-WR'!K$216 -> 0 | L9: ='Calcs-WR'!L$216 -> 0 | M9: ='Calcs-WR'!M$216 -> 0 | N9: ='Calcs-WR'!N$216 -> 0 | O9: ='Calcs-WR'!O$216 -> 0 | P9: ='Calcs-WR'!P$216 -> 0 | Q9: ='Calcs-WR'!Q$216 -> 0 | R9: ='Calcs-WR'!R$216 -> 0
E10: ='Calcs-WR'!E$221 -> Revenue adjustment for return - real -WR | G10: ='Calcs-WR'!G$221 -> £m | H10: ='Calcs-WR'!H$221 -> 0 | J10: ='Calcs-WR'!J$221 -> 0 | K10: ='Calcs-WR'!K$221 -> 0 | L10: ='Calcs-WR'!L$221 -> 0 | M10: ='Calcs-WR'!M$221 -> 0 | N10: ='Calcs-WR'!N$221 -> 0 | O10: ='Calcs-WR'!O$221 -> 0 | P10: ='Calcs-WR'!P$221 -> 0 | Q10: ='Calcs-WR'!Q$221 -> 0 | R10: ='Calcs-WR'!R$221 -> 0
B12: Water Network
E13: ='Calcs-WN'!E$178 -> RCV adjustment at end of period - real -WN | G13: ='Calcs-WN'!G$178 -> £m | H13: ='Calcs-WN'!H$178 -> 0 | J13: ='Calcs-WN'!J$178 -> 0 | K13: ='Calcs-WN'!K$178 -> 0 | L13: ='Calcs-WN'!L$178 -> 0 | M13: ='Calcs-WN'!M$178 -> 0 | N13: ='Calcs-WN'!N$178 -> 0 | O13: ='Calcs-WN'!O$178 -> 0 | P13: ='Calcs-WN'!P$178 -> 0 | Q13: ='Calcs-WN'!Q$178 -> 0 | R13: ='Calcs-WN'!R$178 -> 0
E14: ='Calcs-WN'!E$216 -> Revenue adjustment for RCV run-off - real - WN | G14: ='Calcs-WN'!G$216 -> £m | H14: ='Calcs-WN'!H$216 -> 0 | J14: ='Calcs-WN'!J$216 -> 0 | K14: ='Calcs-WN'!K$216 -> 0 | L14: ='Calcs-WN'!L$216 -> 0 | M14: ='Calcs-WN'!M$216 -> 0 | N14: ='Calcs-WN'!N$216 -> 0 | O14: ='Calcs-WN'!O$216 -> 0 | P14: ='Calcs-WN'!P$216 -> 0 | Q14: ='Calcs-WN'!Q$216 -> 0 | R14: ='Calcs-WN'!R$216 -> 0
E15: ='Calcs-WN'!E$221 -> Revenue adjustment for return - real - WN | G15: ='Calcs-WN'!G$221 -> £m | H15: ='Calcs-WN'!H$221 -> 0 | J15: ='Calcs-WN'!J$221 -> 0 | K15: ='Calcs-WN'!K$221 -> 0 | L15: ='Calcs-WN'!L$221 -> 0 | M15: ='Calcs-WN'!M$221 -> 0 | N15: ='Calcs-WN'!N$221 -> 0 | O15: ='Calcs-WN'!O$221 -> 0 | P15: ='Calcs-WN'!P$221 -> 0 | Q15: ='Calcs-WN'!Q$221 -> 0 | R15: ='Calcs-WN'!R$221 -> 0
B17: Wastewater Network
E18: ='Calcs-WWN'!E$178 -> RCV adjustment at end of period - real - WWN | G18: ='Calcs-WWN'!G$178 -> £m | H18: ='Calcs-WWN'!H$178 -> 0 | J18: ='Calcs-WWN'!J$178 -> 0 | K18: ='Calcs-WWN'!K$178 -> 0 | L18: ='Calcs-WWN'!L$178 -> 0 | M18: ='Calcs-WWN'!M$178 -> 0 | N18: ='Calcs-WWN'!N$178 -> 0 | O18: ='Calcs-WWN'!O$178 -> 0 | P18: ='Calcs-WWN'!P$178 -> 0 | Q18: ='Calcs-WWN'!Q$178 -> 0 | R18: ='Calcs-WWN'!R$178 -> 0
E19: ='Calcs-WWN'!E$216 -> Revenue adjustment for RCV run-off - real - WWN | G19: ='Calcs-WWN'!G$216 -> £m | H19: ='Calcs-WWN'!H$216 -> 0 | J19: ='Calcs-WWN'!J$216 -> 0 | K19: ='Calcs-WWN'!K$216 -> 0 | L19: ='Calcs-WWN'!L$216 -> 0 | M19: ='Calcs-WWN'!M$216 -> 0 | N19: ='Calcs-WWN'!N$216 -> 0 | O19: ='Calcs-WWN'!O$216 -> 0 | P19: ='Calcs-WWN'!P$216 -> 0 | Q19: ='Calcs-WWN'!Q$216 -> 0 | R19: ='Calcs-WWN'!R$216 -> 0
E20: ='Calcs-WWN'!E$221 -> Revenue adjustment for return - real - WWN | G20: ='Calcs-WWN'!G$221 -> £m | H20: ='Calcs-WWN'!H$221 -> 0 | J20: ='Calcs-WWN'!J$221 -> 0 | K20: ='Calcs-WWN'!K$221 -> 0 | L20: ='Calcs-WWN'!L$221 -> 0 | M20: ='Calcs-WWN'!M$221 -> 0 | N20: ='Calcs-WWN'!N$221 -> 0 | O20: ='Calcs-WWN'!O$221 -> 0 | P20: ='Calcs-WWN'!P$221 -> 0 | Q20: ='Calcs-WWN'!Q$221 -> 0 | R20: ='Calcs-WWN'!R$221 -> 0
B22: Bio Resources
E23: ='Calcs-BR'!E$178 -> RCV adjustment at end of period - real - BR | G23: ='Calcs-BR'!G$178 -> £m | H23: ='Calcs-BR'!H$178 -> 0 | J23: ='Calcs-BR'!J$178 -> 0 | K23: ='Calcs-BR'!K$178 -> 0 | L23: ='Calcs-BR'!L$178 -> 0 | M23: ='Calcs-BR'!M$178 -> 0 | N23: ='Calcs-BR'!N$178 -> 0 | O23: ='Calcs-BR'!O$178 -> 0 | P23: ='Calcs-BR'!P$178 -> 0 | Q23: ='Calcs-BR'!Q$178 -> 0 | R23: ='Calcs-BR'!R$178 -> 0
E24: ='Calcs-BR'!E$216 -> Revenue adjustment for RCV run-off - real - BR | G24: ='Calcs-BR'!G$216 -> £m | H24: ='Calcs-BR'!H$216 -> 0 | J24: ='Calcs-BR'!J$216 -> 0 | K24: ='Calcs-BR'!K$216 -> 0 | L24: ='Calcs-BR'!L$216 -> 0 | M24: ='Calcs-BR'!M$216 -> 0 | N24: ='Calcs-BR'!N$216 -> 0 | O24: ='Calcs-BR'!O$216 -> 0 | P24: ='Calcs-BR'!P$216 -> 0 | Q24: ='Calcs-BR'!Q$216 -> 0 | R24: ='Calcs-BR'!R$216 -> 0
E25: ='Calcs-BR'!E$221 -> Revenue adjustment for return - real - BR | G25: ='Calcs-BR'!G$221 -> £m | H25: ='Calcs-BR'!H$221 -> 0 | J25: ='Calcs-BR'!J$221 -> 0 | K25: ='Calcs-BR'!K$221 -> 0 | L25: ='Calcs-BR'!L$221 -> 0 | M25: ='Calcs-BR'!M$221 -> 0 | N25: ='Calcs-BR'!N$221 -> 0 | O25: ='Calcs-BR'!O$221 -> 0 | P25: ='Calcs-BR'!P$221 -> 0 | Q25: ='Calcs-BR'!Q$221 -> 0 | R25: ='Calcs-BR'!R$221 -> 0
B27: Dummy Control
E28: ='Calcs-DMMY'!E$178 -> RCV adjustment at end of period - real - DMMY | G28: ='Calcs-DMMY'!G$178 -> £m | H28: ='Calcs-DMMY'!H$178 -> 0 | J28: ='Calcs-DMMY'!J$178 -> 0 | K28: ='Calcs-DMMY'!K$178 -> 0 | L28: ='Calcs-DMMY'!L$178 -> 0 | M28: ='Calcs-DMMY'!M$178 -> 0 | N28: ='Calcs-DMMY'!N$178 -> 0 | O28: ='Calcs-DMMY'!O$178 -> 0 | P28: ='Calcs-DMMY'!P$178 -> 0 | Q28: ='Calcs-DMMY'!Q$178 -> 0 | R28: ='Calcs-DMMY'!R$178 -> 0
E29: ='Calcs-DMMY'!E$216 -> Revenue adjustment for RCV run-off - real - DMMY | G29: ='Calcs-DMMY'!G$216 -> £m | H29: ='Calcs-DMMY'!H$216 -> 0 | J29: ='Calcs-DMMY'!J$216 -> 0 | K29: ='Calcs-DMMY'!K$216 -> 0 | L29: ='Calcs-DMMY'!L$216 -> 0 | M29: ='Calcs-DMMY'!M$216 -> 0 | N29: ='Calcs-DMMY'!N$216 -> 0 | O29: ='Calcs-DMMY'!O$216 -> 0 | P29: ='Calcs-DMMY'!P$216 -> 0 | Q29: ='Calcs-DMMY'!Q$216 -> 0 | R29: ='Calcs-DMMY'!R$216 -> 0
E30: ='Calcs-DMMY'!E$221 -> Revenue adjustment for return - real - DMMY | G30: ='Calcs-DMMY'!G$221 -> £m | H30: ='Calcs-DMMY'!H$221 -> 0 | J30: ='Calcs-DMMY'!J$221 -> 0 | K30: ='Calcs-DMMY'!K$221 -> 0 | L30: ='Calcs-DMMY'!L$221 -> 0 | M30: ='Calcs-DMMY'!M$221 -> 0 | N30: ='Calcs-DMMY'!N$221 -> 0 | O30: ='Calcs-DMMY'!O$221 -> 0 | P30: ='Calcs-DMMY'!P$221 -> 0 | Q30: ='Calcs-DMMY'!Q$221 -> 0 | R30: ='Calcs-DMMY'!R$221 -> 0
A32: END

Sheet Checks
A1: =RIGHT(CELL("filename", $A$1), LEN(CELL("filename", $A$1)) - SEARCH("]", CELL("filename", $A$1))) -> Checks
E2: =Time!E$23 -> Model Period END | F2: =Checks!$F$9 -> 0 | G2: Error chks | J2: =Time!J$23 -> 43190 | K2: =Time!K$23 -> 43555 | L2: =Time!L$23 -> 43921 | M2: =Time!M$23 -> 44286 | N2: =Time!N$23 -> 44651 | O2: =Time!O$23 -> 45016 | P2: =Time!P$23 -> 45382 | Q2: =Time!Q$23 -> 45747 | R2: =Time!R$23 -> 46112
E3: =Time!E$59 -> Pre Forecast vs Forecast | J3: =Time!J$59 -> Pre Fcst | K3: =Time!K$59 -> Pre Fcst | L3: =Time!L$59 -> Pre Fcst | M3: =Time!M$59 -> Forecast | N3: =Time!N$59 -> Forecast | O3: =Time!O$59 -> Forecast | P3: =Time!P$59 -> Forecast | Q3: =Time!Q$59 -> Forecast | R3: =Time!R$59 -> Post-Fcst
J4: =Time!J$86 -> 2018 | K4: =Time!K$86 -> 2019 | L4: =Time!L$86 -> 2020 | M4: =Time!M$86 -> 2021 | N4: =Time!N$86 -> 2022 | O4: =Time!O$86 -> 2023 | P4: =Time!P$86 -> 2024 | Q4: =Time!Q$86 -> 2025 | R4: =Time!R$86 -> 2026
E5: =Time!E$11 -> Model column counter | F5: Constant | G5: Unit | H5: Total | J5: =Time!J$11 -> 1 | K5: =Time!K$11 -> 2 | L5: =Time!L$11 -> 3 | M5: =Time!M$11 -> 4 | N5: =Time!N$11 -> 5 | O5: =Time!O$11 -> 6 | P5: =Time!P$11 -> 7 | Q5: =Time!Q$11 -> 8 | R5: =Time!R$11 -> 9
A7: CHECK SUMMARY
E9: Total Checks | F9: =SUM(F11:F20) -> 0 | G9: check
E11: [do not delete this row] | F11: [range start]
E13: =Time!E$78 -> Modelling Period Check | F13: =Time!F$78 -> 0 | G13: =Time!G$78 -> check
E14: ='Calcs-WR'!E$165 & "-WR" -> True-up correctly calculates revenue adjustment-WR | F14: ='Calcs-WR'!F$165 -> 0 | G14: ='Calcs-WR'!G$165 -> check
E15: ='Calcs-WN'!E$165 & "-WN" -> True-up correctly calculates revenue adjustment-WN | F15: ='Calcs-WN'!F$165 -> 0 | G15: ='Calcs-WN'!G$165 -> check
E16: ='Calcs-WWN'!E$165 & "-WWN" -> True-up correctly calculates revenue adjustment-WWN | F16: ='Calcs-WWN'!F$165 -> 0 | G16: ='Calcs-WWN'!G$165 -> check
E17: ='Calcs-BR'!E$165 & "-BR" -> True-up correctly calculates revenue adjustment-BR | F17: ='Calcs-BR'!F$165 -> 0 | G17: ='Calcs-BR'!G$165 -> check
E18: ='Calcs-DMMY'!E$165 & "-DMMY" -> True-up correctly calculates revenue adjustment-DMMY | F18: ='Calcs-DMMY'!F$165 -> 0 | G18: ='Calcs-DMMY'!G$165 -> check
E20: [do not delete this row] | F20: [range ends]
A22: END
